Workbook
Name A: PARAMS!$A:$A
Name BQC: PARAMS!$A:$A
Name Extract: Synthèse!$B$3

Sheet Synthèse
B1: Prévisionnel de trésorerie
B3: Compte | C3: BP
B4: Etablissement
C6: =IF(PARAMS!H$1="","","<= " & TEXT(PARAMS!H$1,"jj/mm")) -> <= 19/04 | D6: =IF(PARAMS!I$1="", "",TEXT(DATE(YEAR(PARAMS!H$1),MONTH(PARAMS!H$1),DAY(PARAMS!H$1)+1),"jj/mm") & " - " & TEXT(PARAMS!I$1,"jj/mm")) -> 20/04 - 26/04 | E6: =IF(PARAMS!J$1="", "",TEXT(DATE(YEAR(PARAMS!I$1),MONTH(PARAMS!I$1),DAY(PARAMS!I$1)+1),"jj/mm") & " - " & TEXT(PARAMS!J$1,"jj/mm")) -> 27/04 - 03/05 | F6: =IF(PARAMS!K$1="", "",TEXT(DATE(YEAR(PARAMS!J$1),MONTH(PARAMS!J$1),DAY(PARAMS!J$1)+1),"jj/mm") & " - " & TEXT(PARAMS!K$1,"jj/mm")) -> 04/05 - 10/05 | G6: =IF(PARAMS!L$1="", "",TEXT(DATE(YEAR(PARAMS!K$1),MONTH(PARAMS!K$1),DAY(PARAMS!K$1)+1),"jj/mm") & " - " & TEXT(PARAMS!L$1,"jj/mm")) -> 11/05 - 17/05 | H6: =IF(PARAMS!M$1="", "",TEXT(DATE(YEAR(PARAMS!L$1),MONTH(PARAMS!L$1),DAY(PARAMS!L$1)+1),"jj/mm") & " - " & TEXT(PARAMS!M$1,"jj/mm")) -> 18/05 - 19/05
B7: Solde calculé/reporté | C7: =SUMPRODUCT( (($C$3="")+(PARAMS!A2:A99=$C$3)), PARAMS!F3:F100) -> 15000 | D7: =IF(PARAMS!I$1="", "",C9) -> 23335 | E7: =IF(PARAMS!J$1="", "",D9) -> 23335 | F7: =IF(PARAMS!K$1="", "",E9) -> 28959 | G7: =IF(PARAMS!L$1="", "",F9) -> 38050.38 | H7: =IF(PARAMS!M$1="", "",G9) -> 58711.38
B8: Cumul des lignes | C8: =IF(PARAMS!H$1="", "",SUM(C11:C650)) -> 8335 | D8: =IF(PARAMS!I$1="", "",SUM(D11:D650)) -> 0 | E8: =IF(PARAMS!J$1="", "",SUM(E11:E650)) -> 5624 | F8: =IF(PARAMS!K$1="", "",SUM(F11:F650)) -> 9091.38 | G8: =IF(PARAMS!L$1="", "",SUM(G11:G650)) -> 20661 | H8: =IF(PARAMS!M$1="", "",SUM(H11:H650)) -> 0
B9: Nouveau solde | C9: =IF(PARAMS!H$1="", "",C8+C7) -> 23335 | D9: =IF(PARAMS!I$1="", "",D8+D7) -> 23335 | E9: =IF(PARAMS!J$1="", "",E8+E7) -> 28959 | F9: =IF(PARAMS!K$1="", "",F8+F7) -> 38050.38 | G9: =IF(PARAMS!L$1="", "",G8+G7) -> 58711.38 | H9: =IF(PARAMS!M$1="", "",H8+H7) -> 58711.38
B11: =IF(PARAMS!$E2="","",HYPERLINK("#"&PARAMS!D2&"!A1",PARAMS!E2)) | C11: =IF(OR(PARAMS!H$1="",PARAMS!$D2=""),"",PARAMS!$C2*SUMPRODUCT((INDIRECT("'"&PARAMS!$D2&"'!C2:C65000")>PARAMS!G$1)*((INDIRECT("'"&PARAMS!$D2&"'!C2:C65000")<=PARAMS!H$1))*(OR($C$3="",INDIRECT("'"&PARAMS!$D2&"'!A2:A65000")=$C$3))*(OR($C$4="",INDIRECT("'"&PARAMS!$D2&"'!B2:B65000")=$C$4)),INDIRECT("'"&PARAMS!$D2&"'!D2:D65000"))) | D11: =IF(OR(PARAMS!I$1="",PARAMS!$D2=""),"",PARAMS!$C2*SUMPRODUCT((INDIRECT("'"&PARAMS!$D2&"'!C2:C65000")>PARAMS!H$1)*((INDIRECT("'"&PARAMS!$D2&"'!C2:C65000")<=PARAMS!I$1))*(OR($C$3="",INDIRECT("'"&PARAMS!$D2&"'!A2:A65000")=$C$3))*(OR($C$4="",INDIRECT("'"&PARAMS!$D2&"'!B2:B65000")=$C$4)),INDIRECT("'"&PARAMS!$D2&"'!D2:D65000"))) | E11: =IF(OR(PARAMS!J$1="",PARAMS!$D2=""),"",PARAMS!$C2*SUMPRODUCT((INDIRECT("'"&PARAMS!$D2&"'!C2:C65000")>PARAMS!I$1)*((INDIRECT("'"&PARAMS!$D2&"'!C2:C65000")<=PARAMS!J$1))*(OR($C$3="",INDIRECT("'"&PARAMS!$D2&"'!A2:A65000")=$C$3))*(OR($C$4="",INDIRECT("'"&PARAMS!$D2&"'!B2:B65000")=$C$4)),INDIRECT("'"&PARAMS!$D2&"'!D2:D65000"))) | F11: =IF(OR(PARAMS!K$1="",PARAMS!$D2=""),"",PARAMS!$C2*SUMPRODUCT((INDIRECT("'"&PARAMS!$D2&"'!C2:C65000")>PARAMS!J$1)*((INDIRECT("'"&PARAMS!$D2&"'!C2:C65000")<=PARAMS!K$1))*(OR($C$3="",INDIRECT("'"&PARAMS!$D2&"'!A2:A65000")=$C$3))*(OR($C$4="",INDIRECT("'"&PARAMS!$D2&"'!B2:B65000")=$C$4)),INDIRECT("'"&PARAMS!$D2&"'!D2:D65000"))) | G11: =IF(OR(PARAMS!L$1="",PARAMS!$D2=""),"",PARAMS!$C2*SUMPRODUCT((INDIRECT("'"&PARAMS!$D2&"'!C2:C65000")>PARAMS!K$1)*((INDIRECT("'"&PARAMS!$D2&"'!C2:C65000")<=PARAMS!L$1))*(OR($C$3="",INDIRECT("'"&PARAMS!$D2&"'!A2:A65000")=$C$3))*(OR($C$4="",INDIRECT("'"&PARAMS!$D2&"'!B2:B65000")=$C$4)),INDIRECT("'"&PARAMS!$D2&"'!D2:D65000"))) | H11: =IF(OR(PARAMS!M$1="",PARAMS!$D2=""),"",PARAMS!$C2*SUMPRODUCT((INDIRECT("'"&PARAMS!$D2&"'!C2:C65000")>PARAMS!L$1)*((INDIRECT("'"&PARAMS!$D2&"'!C2:C65000")<=PARAMS!M$1))*(OR($C$3="",INDIRECT("'"&PARAMS!$D2&"'!A2:A65000")=$C$3))*(OR($C$4="",INDIRECT("'"&PARAMS!$D2&"'!B2:B65000")=$C$4)),INDIRECT("'"&PARAMS!$D2&"'!D2:D65000")))
B12: =IF(PARAMS!$E3="","",HYPERLINK("#"&PARAMS!D3&"!A1",PARAMS!E3)) -> Commandes client | C12: =IF(ISBLANK($C$3),IF(OR(PARAMS!H$1="",PARAMS!$D3=""),"",PARAMS!$C3*SUMPRODUCT((INDIRECT("'"&PARAMS!$D3&"'!C2:C65000")>PARAMS!G$1)*((INDIRECT("'"&PARAMS!$D3&"'!C2:C65000")<=PARAMS!H$1))*(OR($C$3="",INDIRECT("'"&PARAMS!$D3&"'!A2:A65000")=$C$3))*(OR($C$4="",INDIRECT("'"&PARAMS!$D3&"'!B2:B65000")=$C$4)),INDIRECT("'"&PARAMS!$D3&"'!D2:D65000"))),IF(OR(PARAMS!H$1="",PARAMS!$D3=""),"",PARAMS!$C3*SUMPRODUCT((INDIRECT("'"&PARAMS!$D3&"'!C2:C65000")>PARAMS!G$1)*((INDIRECT("'"&PARAMS!$D3&"'!C2:C65000")<=PARAMS!H$1))*(INDIRECT("'"&PARAMS!$D3&"'!A2:A65000")=$C$3)*(OR($C$4="",INDIRECT("'"&PARAMS!$D3&"'!B2:B65000")=$C$4)),INDIRECT("'"&PARAMS!$D3&"'!D2:D65000")))) -> 0 | D12: =IF(ISBLANK($C$3),IF(OR(PARAMS!I$1="",PARAMS!$D3=""),"",PARAMS!$C3*SUMPRODUCT((INDIRECT("'"&PARAMS!$D3&"'!C2:C65000")>PARAMS!H$1)*((INDIRECT("'"&PARAMS!$D3&"'!C2:C65000")<=PARAMS!I$1))*(OR($C$3="",INDIRECT("'"&PARAMS!$D3&"'!A2:A65000")=$C$3))*(OR($C$4="",INDIRECT("'"&PARAMS!$D3&"'!B2:B65000")=$C$4)),INDIRECT("'"&PARAMS!$D3&"'!D2:D65000"))),IF(OR(PARAMS!I$1="",PARAMS!$D3=""),"",PARAMS!$C3*SUMPRODUCT((INDIRECT("'"&PARAMS!$D3&"'!C2:C65000")>PARAMS!H$1)*((INDIRECT("'"&PARAMS!$D3&"'!C2:C65000")<=PARAMS!I$1))*(INDIRECT("'"&PARAMS!$D3&"'!A2:A65000")=$C$3)*(OR($C$4="",INDIRECT("'"&PARAMS!$D3&"'!B2:B65000")=$C$4)),INDIRECT("'"&PARAMS!$D3&"'!D2:D65000")))) -> 0 | E12: =IF(ISBLANK($C$3),IF(OR(PARAMS!J$1="",PARAMS!$D3=""),"",PARAMS!$C3*SUMPRODUCT((INDIRECT("'"&PARAMS!$D3&"'!C2:C65000")>PARAMS!I$1)*((INDIRECT("'"&PARAMS!$D3&"'!C2:C65000")<=PARAMS!J$1))*(OR($C$3="",INDIRECT("'"&PARAMS!$D3&"'!A2:A65000")=$C$3))*(OR($C$4="",INDIRECT("'"&PARAMS!$D3&"'!B2:B65000")=$C$4)),INDIRECT("'"&PARAMS!$D3&"'!D2:D65000"))),IF(OR(PARAMS!J$1="",PARAMS!$D3=""),"",PARAMS!$C3*SUMPRODUCT((INDIRECT("'"&PARAMS!$D3&"'!C2:C65000")>PARAMS!I$1)*((INDIRECT("'"&PARAMS!$D3&"'!C2:C65000")<=PARAMS!J$1))*(INDIRECT("'"&PARAMS!$D3&"'!A2:A65000")=$C$3)*(OR($C$4="",INDIRECT("'"&PARAMS!$D3&"'!B2:B65000")=$C$4)),INDIRECT("'"&PARAMS!$D3&"'!D2:D65000")))) -> 0 | F12: =IF(ISBLANK($C$3),IF(OR(PARAMS!K$1="",PARAMS!$D3=""),"",PARAMS!$C3*SUMPRODUCT((INDIRECT("'"&PARAMS!$D3&"'!C2:C65000")>PARAMS!J$1)*((INDIRECT("'"&PARAMS!$D3&"'!C2:C65000")<=PARAMS!K$1))*(OR($C$3="",INDIRECT("'"&PARAMS!$D3&"'!A2:A65000")=$C$3))*(OR($C$4="",INDIRECT("'"&PARAMS!$D3&"'!B2:B65000")=$C$4)),INDIRECT("'"&PARAMS!$D3&"'!D2:D65000"))),IF(OR(PARAMS!K$1="",PARAMS!$D3=""),"",PARAMS!$C3*SUMPRODUCT((INDIRECT("'"&PARAMS!$D3&"'!C2:C65000")>PARAMS!J$1)*((INDIRECT("'"&PARAMS!$D3&"'!C2:C65000")<=PARAMS!K$1))*(INDIRECT("'"&PARAMS!$D3&"'!A2:A65000")=$C$3)*(OR($C$4="",INDIRECT("'"&PARAMS!$D3&"'!B2:B65000")=$C$4)),INDIRECT("'"&PARAMS!$D3&"'!D2:D65000")))) -> 0 | G12: =IF(ISBLANK($C$3),IF(OR(PARAMS!L$1="",PARAMS!$D3=""),"",PARAMS!$C3*SUMPRODUCT((INDIRECT("'"&PARAMS!$D3&"'!C2:C65000")>PARAMS!K$1)*((INDIRECT("'"&PARAMS!$D3&"'!C2:C65000")<=PARAMS!L$1))*(OR($C$3="",INDIRECT("'"&PARAMS!$D3&"'!A2:A65000")=$C$3))*(OR($C$4="",INDIRECT("'"&PARAMS!$D3&"'!B2:B65000")=$C$4)),INDIRECT("'"&PARAMS!$D3&"'!D2:D65000"))),IF(OR(PARAMS!L$1="",PARAMS!$D3=""),"",PARAMS!$C3*SUMPRODUCT((INDIRECT("'"&PARAMS!$D3&"'!C2:C65000")>PARAMS!K$1)*((INDIRECT("'"&PARAMS!$D3&"'!C2:C65000")<=PARAMS!L$1))*(INDIRECT("'"&PARAMS!$D3&"'!A2:A65000")=$C$3)*(OR($C$4="",INDIRECT("'"&PARAMS!$D3&"'!B2:B65000")=$C$4)),INDIRECT("'"&PARAMS!$D3&"'!D2:D65000")))) -> 0 | H12: =IF(ISBLANK($C$3),IF(OR(PARAMS!M$1="",PARAMS!$D3=""),"",PARAMS!$C3*SUMPRODUCT((INDIRECT("'"&PARAMS!$D3&"'!C2:C65000")>PARAMS!L$1)*((INDIRECT("'"&PARAMS!$D3&"'!C2:C65000")<=PARAMS!M$1))*(OR($C$3="",INDIRECT("'"&PARAMS!$D3&"'!A2:A65000")=$C$3))*(OR($C$4="",INDIRECT("'"&PARAMS!$D3&"'!B2:B65000")=$C$4)),INDIRECT("'"&PARAMS!$D3&"'!D2:D65000"))),IF(OR(PARAMS!M$1="",PARAMS!$D3=""),"",PARAMS!$C3*SUMPRODUCT((INDIRECT("'"&PARAMS!$D3&"'!C2:C65000")>PARAMS!L$1)*((INDIRECT("'"&PARAMS!$D3&"'!C2:C65000")<=PARAMS!M$1))*(INDIRECT("'"&PARAMS!$D3&"'!A2:A65000")=$C$3)*(OR($C$4="",INDIRECT("'"&PARAMS!$D3&"'!B2:B65000")=$C$4)),INDIRECT("'"&PARAMS!$D3&"'!D2:D65000")))) -> 0
B13: =IF(PARAMS!$E4="","",HYPERLINK("#"&PARAMS!D4&"!A1",PARAMS!E4)) -> Commandes filiales - FI | C13: =IF(ISBLANK($C$3),IF(OR(PARAMS!H$1="",PARAMS!$D4=""),"",PARAMS!$C4*SUMPRODUCT((INDIRECT("'"&PARAMS!$D4&"'!C2:C65000")>PARAMS!G$1)*((INDIRECT("'"&PARAMS!$D4&"'!C2:C65000")<=PARAMS!H$1))*(OR($C$3="",INDIRECT("'"&PARAMS!$D4&"'!A2:A65000")=$C$3))*(OR($C$4="",INDIRECT("'"&PARAMS!$D4&"'!B2:B65000")=$C$4)),INDIRECT("'"&PARAMS!$D4&"'!D2:D65000"))),IF(OR(PARAMS!H$1="",PARAMS!$D4=""),"",PARAMS!$C4*SUMPRODUCT((INDIRECT("'"&PARAMS!$D4&"'!C2:C65000")>PARAMS!G$1)*((INDIRECT("'"&PARAMS!$D4&"'!C2:C65000")<=PARAMS!H$1))*(INDIRECT("'"&PARAMS!$D4&"'!A2:A65000")=$C$3)*(OR($C$4="",INDIRECT("'"&PARAMS!$D4&"'!B2:B65000")=$C$4)),INDIRECT("'"&PARAMS!$D4&"'!D2:D65000")))) -> 0 | D13: =IF(ISBLANK($C$3),IF(OR(PARAMS!I$1="",PARAMS!$D4=""),"",PARAMS!$C4*SUMPRODUCT((INDIRECT("'"&PARAMS!$D4&"'!C2:C65000")>PARAMS!H$1)*((INDIRECT("'"&PARAMS!$D4&"'!C2:C65000")<=PARAMS!I$1))*(OR($C$3="",INDIRECT("'"&PARAMS!$D4&"'!A2:A65000")=$C$3))*(OR($C$4="",INDIRECT("'"&PARAMS!$D4&"'!B2:B65000")=$C$4)),INDIRECT("'"&PARAMS!$D4&"'!D2:D65000"))),IF(OR(PARAMS!I$1="",PARAMS!$D4=""),"",PARAMS!$C4*SUMPRODUCT((INDIRECT("'"&PARAMS!$D4&"'!C2:C65000")>PARAMS!H$1)*((INDIRECT("'"&PARAMS!$D4&"'!C2:C65000")<=PARAMS!I$1))*(INDIRECT("'"&PARAMS!$D4&"'!A2:A65000")=$C$3)*(OR($C$4="",INDIRECT("'"&PARAMS!$D4&"'!B2:B65000")=$C$4)),INDIRECT("'"&PARAMS!$D4&"'!D2:D65000")))) -> 0 | E13: =IF(ISBLANK($C$3),IF(OR(PARAMS!J$1="",PARAMS!$D4=""),"",PARAMS!$C4*SUMPRODUCT((INDIRECT("'"&PARAMS!$D4&"'!C2:C65000")>PARAMS!I$1)*((INDIRECT("'"&PARAMS!$D4&"'!C2:C65000")<=PARAMS!J$1))*(OR($C$3="",INDIRECT("'"&PARAMS!$D4&"'!A2:A65000")=$C$3))*(OR($C$4="",INDIRECT("'"&PARAMS!$D4&"'!B2:B65000")=$C$4)),INDIRECT("'"&PARAMS!$D4&"'!D2:D65000"))),IF(OR(PARAMS!J$1="",PARAMS!$D4=""),"",PARAMS!$C4*SUMPRODUCT((INDIRECT("'"&PARAMS!$D4&"'!C2:C65000")>PARAMS!I$1)*((INDIRECT("'"&PARAMS!$D4&"'!C2:C65000")<=PARAMS!J$1))*(INDIRECT("'"&PARAMS!$D4&"'!A2:A65000")=$C$3)*(OR($C$4="",INDIRECT("'"&PARAMS!$D4&"'!B2:B65000")=$C$4)),INDIRECT("'"&PARAMS!$D4&"'!D2:D65000")))) -> 0 | F13: =IF(ISBLANK($C$3),IF(OR(PARAMS!K$1="",PARAMS!$D4=""),"",PARAMS!$C4*SUMPRODUCT((INDIRECT("'"&PARAMS!$D4&"'!C2:C65000")>PARAMS!J$1)*((INDIRECT("'"&PARAMS!$D4&"'!C2:C65000")<=PARAMS!K$1))*(OR($C$3="",INDIRECT("'"&PARAMS!$D4&"'!A2:A65000")=$C$3))*(OR($C$4="",INDIRECT("'"&PARAMS!$D4&"'!B2:B65000")=$C$4)),INDIRECT("'"&PARAMS!$D4&"'!D2:D65000"))),IF(OR(PARAMS!K$1="",PARAMS!$D4=""),"",PARAMS!$C4*SUMPRODUCT((INDIRECT("'"&PARAMS!$D4&"'!C2:C65000")>PARAMS!J$1)*((INDIRECT("'"&PARAMS!$D4&"'!C2:C65000")<=PARAMS!K$1))*(INDIRECT("'"&PARAMS!$D4&"'!A2:A65000")=$C$3)*(OR($C$4="",INDIRECT("'"&PARAMS!$D4&"'!B2:B65000")=$C$4)),INDIRECT("'"&PARAMS!$D4&"'!D2:D65000")))) -> 0 | G13: =IF(ISBLANK($C$3),IF(OR(PARAMS!L$1="",PARAMS!$D4=""),"",PARAMS!$C4*SUMPRODUCT((INDIRECT("'"&PARAMS!$D4&"'!C2:C65000")>PARAMS!K$1)*((INDIRECT("'"&PARAMS!$D4&"'!C2:C65000")<=PARAMS!L$1))*(OR($C$3="",INDIRECT("'"&PARAMS!$D4&"'!A2:A65000")=$C$3))*(OR($C$4="",INDIRECT("'"&PARAMS!$D4&"'!B2:B65000")=$C$4)),INDIRECT("'"&PARAMS!$D4&"'!D2:D65000"))),IF(OR(PARAMS!L$1="",PARAMS!$D4=""),"",PARAMS!$C4*SUMPRODUCT((INDIRECT("'"&PARAMS!$D4&"'!C2:C65000")>PARAMS!K$1)*((INDIRECT("'"&PARAMS!$D4&"'!C2:C65000")<=PARAMS!L$1))*(INDIRECT("'"&PARAMS!$D4&"'!A2:A65000")=$C$3)*(OR($C$4="",INDIRECT("'"&PARAMS!$D4&"'!B2:B65000")=$C$4)),INDIRECT("'"&PARAMS!$D4&"'!D2:D65000")))) -> 0 | H13: =IF(ISBLANK($C$3),IF(OR(PARAMS!M$1="",PARAMS!$D4=""),"",PARAMS!$C4*SUMPRODUCT((INDIRECT("'"&PARAMS!$D4&"'!C2:C65000")>PARAMS!L$1)*((INDIRECT("'"&PARAMS!$D4&"'!C2:C65000")<=PARAMS!M$1))*(OR($C$3="",INDIRECT("'"&PARAMS!$D4&"'!A2:A65000")=$C$3))*(OR($C$4="",INDIRECT("'"&PARAMS!$D4&"'!B2:B65000")=$C$4)),INDIRECT("'"&PARAMS!$D4&"'!D2:D65000"))),IF(OR(PARAMS!M$1="",PARAMS!$D4=""),"",PARAMS!$C4*SUMPRODUCT((INDIRECT("'"&PARAMS!$D4&"'!C2:C65000")>PARAMS!L$1)*((INDIRECT("'"&PARAMS!$D4&"'!C2:C65000")<=PARAMS!M$1))*(INDIRECT("'"&PARAMS!$D4&"'!A2:A65000")=$C$3)*(OR($C$4="",INDIRECT("'"&PARAMS!$D4&"'!B2:B65000")=$C$4)),INDIRECT("'"&PARAMS!$D4&"'!D2:D65000")))) -> 0
B14: =IF(PARAMS!$E5="","",HYPERLINK("#"&PARAMS!D5&"!A1",PARAMS!E5)) -> Commandes filiales - FIMP | C14: =IF(ISBLANK($C$3),IF(OR(PARAMS!H$1="",PARAMS!$D5=""),"",PARAMS!$C5*SUMPRODUCT((INDIRECT("'"&PARAMS!$D5&"'!C2:C65000")>PARAMS!G$1)*((INDIRECT("'"&PARAMS!$D5&"'!C2:C65000")<=PARAMS!H$1))*(OR($C$3="",INDIRECT("'"&PARAMS!$D5&"'!A2:A65000")=$C$3))*(OR($C$4="",INDIRECT("'"&PARAMS!$D5&"'!B2:B65000")=$C$4)),INDIRECT("'"&PARAMS!$D5&"'!D2:D65000"))),IF(OR(PARAMS!H$1="",PARAMS!$D5=""),"",PARAMS!$C5*SUMPRODUCT((INDIRECT("'"&PARAMS!$D5&"'!C2:C65000")>PARAMS!G$1)*((INDIRECT("'"&PARAMS!$D5&"'!C2:C65000")<=PARAMS!H$1))*(INDIRECT("'"&PARAMS!$D5&"'!A2:A65000")=$C$3)*(OR($C$4="",INDIRECT("'"&PARAMS!$D5&"'!B2:B65000")=$C$4)),INDIRECT("'"&PARAMS!$D5&"'!D2:D65000")))) -> 0 | D14: =IF(ISBLANK($C$3),IF(OR(PARAMS!I$1="",PARAMS!$D5=""),"",PARAMS!$C5*SUMPRODUCT((INDIRECT("'"&PARAMS!$D5&"'!C2:C65000")>PARAMS!H$1)*((INDIRECT("'"&PARAMS!$D5&"'!C2:C65000")<=PARAMS!I$1))*(OR($C$3="",INDIRECT("'"&PARAMS!$D5&"'!A2:A65000")=$C$3))*(OR($C$4="",INDIRECT("'"&PARAMS!$D5&"'!B2:B65000")=$C$4)),INDIRECT("'"&PARAMS!$D5&"'!D2:D65000"))),IF(OR(PARAMS!I$1="",PARAMS!$D5=""),"",PARAMS!$C5*SUMPRODUCT((INDIRECT("'"&PARAMS!$D5&"'!C2:C65000")>PARAMS!H$1)*((INDIRECT("'"&PARAMS!$D5&"'!C2:C65000")<=PARAMS!I$1))*(INDIRECT("'"&PARAMS!$D5&"'!A2:A65000")=$C$3)*(OR($C$4="",INDIRECT("'"&PARAMS!$D5&"'!B2:B65000")=$C$4)),INDIRECT("'"&PARAMS!$D5&"'!D2:D65000")))) -> 0 | E14: =IF(ISBLANK($C$3),IF(OR(PARAMS!J$1="",PARAMS!$D5=""),"",PARAMS!$C5*SUMPRODUCT((INDIRECT("'"&PARAMS!$D5&"'!C2:C65000")>PARAMS!I$1)*((INDIRECT("'"&PARAMS!$D5&"'!C2:C65000")<=PARAMS!J$1))*(OR($C$3="",INDIRECT("'"&PARAMS!$D5&"'!A2:A65000")=$C$3))*(OR($C$4="",INDIRECT("'"&PARAMS!$D5&"'!B2:B65000")=$C$4)),INDIRECT("'"&PARAMS!$D5&"'!D2:D65000"))),IF(OR(PARAMS!J$1="",PARAMS!$D5=""),"",PARAMS!$C5*SUMPRODUCT((INDIRECT("'"&PARAMS!$D5&"'!C2:C65000")>PARAMS!I$1)*((INDIRECT("'"&PARAMS!$D5&"'!C2:C65000")<=PARAMS!J$1))*(INDIRECT("'"&PARAMS!$D5&"'!A2:A65000")=$C$3)*(OR($C$4="",INDIRECT("'"&PARAMS!$D5&"'!B2:B65000")=$C$4)),INDIRECT("'"&PARAMS!$D5&"'!D2:D65000")))) -> 0 | F14: =IF(ISBLANK($C$3),IF(OR(PARAMS!K$1="",PARAMS!$D5=""),"",PARAMS!$C5*SUMPRODUCT((INDIRECT("'"&PARAMS!$D5&"'!C2:C65000")>PARAMS!J$1)*((INDIRECT("'"&PARAMS!$D5&"'!C2:C65000")<=PARAMS!K$1))*(OR($C$3="",INDIRECT("'"&PARAMS!$D5&"'!A2:A65000")=$C$3))*(OR($C$4="",INDIRECT("'"&PARAMS!$D5&"'!B2:B65000")=$C$4)),INDIRECT("'"&PARAMS!$D5&"'!D2:D65000"))),IF(OR(PARAMS!K$1="",PARAMS!$D5=""),"",PARAMS!$C5*SUMPRODUCT((INDIRECT("'"&PARAMS!$D5&"'!C2:C65000")>PARAMS!J$1)*((INDIRECT("'"&PARAMS!$D5&"'!C2:C65000")<=PARAMS!K$1))*(INDIRECT("'"&PARAMS!$D5&"'!A2:A65000")=$C$3)*(OR($C$4="",INDIRECT("'"&PARAMS!$D5&"'!B2:B65000")=$C$4)),INDIRECT("'"&PARAMS!$D5&"'!D2:D65000")))) -> 0 | G14: =IF(ISBLANK($C$3),IF(OR(PARAMS!L$1="",PARAMS!$D5=""),"",PARAMS!$C5*SUMPRODUCT((INDIRECT("'"&PARAMS!$D5&"'!C2:C65000")>PARAMS!K$1)*((INDIRECT("'"&PARAMS!$D5&"'!C2:C65000")<=PARAMS!L$1))*(OR($C$3="",INDIRECT("'"&PARAMS!$D5&"'!A2:A65000")=$C$3))*(OR($C$4="",INDIRECT("'"&PARAMS!$D5&"'!B2:B65000")=$C$4)),INDIRECT("'"&PARAMS!$D5&"'!D2:D65000"))),IF(OR(PARAMS!L$1="",PARAMS!$D5=""),"",PARAMS!$C5*SUMPRODUCT((INDIRECT("'"&PARAMS!$D5&"'!C2:C65000")>PARAMS!K$1)*((INDIRECT("'"&PARAMS!$D5&"'!C2:C65000")<=PARAMS!L$1))*(INDIRECT("'"&PARAMS!$D5&"'!A2:A65000")=$C$3)*(OR($C$4="",INDIRECT("'"&PARAMS!$D5&"'!B2:B65000")=$C$4)),INDIRECT("'"&PARAMS!$D5&"'!D2:D65000")))) -> 0 | H14: =IF(ISBLANK($C$3),IF(OR(PARAMS!M$1="",PARAMS!$D5=""),"",PARAMS!$C5*SUMPRODUCT((INDIRECT("'"&PARAMS!$D5&"'!C2:C65000")>PARAMS!L$1)*((INDIRECT("'"&PARAMS!$D5&"'!C2:C65000")<=PARAMS!M$1))*(OR($C$3="",INDIRECT("'"&PARAMS!$D5&"'!A2:A65000")=$C$3))*(OR($C$4="",INDIRECT("'"&PARAMS!$D5&"'!B2:B65000")=$C$4)),INDIRECT("'"&PARAMS!$D5&"'!D2:D65000"))),IF(OR(PARAMS!M$1="",PARAMS!$D5=""),"",PARAMS!$C5*SUMPRODUCT((INDIRECT("'"&PARAMS!$D5&"'!C2:C65000")>PARAMS!L$1)*((INDIRECT("'"&PARAMS!$D5&"'!C2:C65000")<=PARAMS!M$1))*(INDIRECT("'"&PARAMS!$D5&"'!A2:A65000")=$C$3)*(OR($C$4="",INDIRECT("'"&PARAMS!$D5&"'!B2:B65000")=$C$4)),INDIRECT("'"&PARAMS!$D5&"'!D2:D65000")))) -> 0
B15: =IF(PARAMS!$E6="","",HYPERLINK("#"&PARAMS!D6&"!A1",PARAMS!E6)) -> BL client | C15: =IF(ISBLANK($C$3),IF(OR(PARAMS!H$1="",PARAMS!$D6=""),"",PARAMS!$C6*SUMPRODUCT((INDIRECT("'"&PARAMS!$D6&"'!C2:C65000")>PARAMS!G$1)*((INDIRECT("'"&PARAMS!$D6&"'!C2:C65000")<=PARAMS!H$1))*(OR($C$3="",INDIRECT("'"&PARAMS!$D6&"'!A2:A65000")=$C$3))*(OR($C$4="",INDIRECT("'"&PARAMS!$D6&"'!B2:B65000")=$C$4)),INDIRECT("'"&PARAMS!$D6&"'!D2:D65000"))),IF(OR(PARAMS!H$1="",PARAMS!$D6=""),"",PARAMS!$C6*SUMPRODUCT((INDIRECT("'"&PARAMS!$D6&"'!C2:C65000")>PARAMS!G$1)*((INDIRECT("'"&PARAMS!$D6&"'!C2:C65000")<=PARAMS!H$1))*(INDIRECT("'"&PARAMS!$D6&"'!A2:A65000")=$C$3)*(OR($C$4="",INDIRECT("'"&PARAMS!$D6&"'!B2:B65000")=$C$4)),INDIRECT("'"&PARAMS!$D6&"'!D2:D65000")))) -> 0 | D15: =IF(ISBLANK($C$3),IF(OR(PARAMS!I$1="",PARAMS!$D6=""),"",PARAMS!$C6*SUMPRODUCT((INDIRECT("'"&PARAMS!$D6&"'!C2:C65000")>PARAMS!H$1)*((INDIRECT("'"&PARAMS!$D6&"'!C2:C65000")<=PARAMS!I$1))*(OR($C$3="",INDIRECT("'"&PARAMS!$D6&"'!A2:A65000")=$C$3))*(OR($C$4="",INDIRECT("'"&PARAMS!$D6&"'!B2:B65000")=$C$4)),INDIRECT("'"&PARAMS!$D6&"'!D2:D65000"))),IF(OR(PARAMS!I$1="",PARAMS!$D6=""),"",PARAMS!$C6*SUMPRODUCT((INDIRECT("'"&PARAMS!$D6&"'!C2:C65000")>PARAMS!H$1)*((INDIRECT("'"&PARAMS!$D6&"'!C2:C65000")<=PARAMS!I$1))*(INDIRECT("'"&PARAMS!$D6&"'!A2:A65000")=$C$3)*(OR($C$4="",INDIRECT("'"&PARAMS!$D6&"'!B2:B65000")=$C$4)),INDIRECT("'"&PARAMS!$D6&"'!D2:D65000")))) -> 0 | E15: =IF(ISBLANK($C$3),IF(OR(PARAMS!J$1="",PARAMS!$D6=""),"",PARAMS!$C6*SUMPRODUCT((INDIRECT("'"&PARAMS!$D6&"'!C2:C65000")>PARAMS!I$1)*((INDIRECT("'"&PARAMS!$D6&"'!C2:C65000")<=PARAMS!J$1))*(OR($C$3="",INDIRECT("'"&PARAMS!$D6&"'!A2:A65000")=$C$3))*(OR($C$4="",INDIRECT("'"&PARAMS!$D6&"'!B2:B65000")=$C$4)),INDIRECT("'"&PARAMS!$D6&"'!D2:D65000"))),IF(OR(PARAMS!J$1="",PARAMS!$D6=""),"",PARAMS!$C6*SUMPRODUCT((INDIRECT("'"&PARAMS!$D6&"'!C2:C65000")>PARAMS!I$1)*((INDIRECT("'"&PARAMS!$D6&"'!C2:C65000")<=PARAMS!J$1))*(INDIRECT("'"&PARAMS!$D6&"'!A2:A65000")=$C$3)*(OR($C$4="",INDIRECT("'"&PARAMS!$D6&"'!B2:B65000")=$C$4)),INDIRECT("'"&PARAMS!$D6&"'!D2:D65000")))) -> 0 | F15: =IF(ISBLANK($C$3),IF(OR(PARAMS!K$1="",PARAMS!$D6=""),"",PARAMS!$C6*SUMPRODUCT((INDIRECT("'"&PARAMS!$D6&"'!C2:C65000")>PARAMS!J$1)*((INDIRECT("'"&PARAMS!$D6&"'!C2:C65000")<=PARAMS!K$1))*(OR($C$3="",INDIRECT("'"&PARAMS!$D6&"'!A2:A65000")=$C$3))*(OR($C$4="",INDIRECT("'"&PARAMS!$D6&"'!B2:B65000")=$C$4)),INDIRECT("'"&PARAMS!$D6&"'!D2:D65000"))),IF(OR(PARAMS!K$1="",PARAMS!$D6=""),"",PARAMS!$C6*SUMPRODUCT((INDIRECT("'"&PARAMS!$D6&"'!C2:C65000")>PARAMS!J$1)*((INDIRECT("'"&PARAMS!$D6&"'!C2:C65000")<=PARAMS!K$1))*(INDIRECT("'"&PARAMS!$D6&"'!A2:A65000")=$C$3)*(OR($C$4="",INDIRECT("'"&PARAMS!$D6&"'!B2:B65000")=$C$4)),INDIRECT("'"&PARAMS!$D6&"'!D2:D65000")))) -> 0 | G15: =IF(ISBLANK($C$3),IF(OR(PARAMS!L$1="",PARAMS!$D6=""),"",PARAMS!$C6*SUMPRODUCT((INDIRECT("'"&PARAMS!$D6&"'!C2:C65000")>PARAMS!K$1)*((INDIRECT("'"&PARAMS!$D6&"'!C2:C65000")<=PARAMS!L$1))*(OR($C$3="",INDIRECT("'"&PARAMS!$D6&"'!A2:A65000")=$C$3))*(OR($C$4="",INDIRECT("'"&PARAMS!$D6&"'!B2:B65000")=$C$4)),INDIRECT("'"&PARAMS!$D6&"'!D2:D65000"))),IF(OR(PARAMS!L$1="",PARAMS!$D6=""),"",PARAMS!$C6*SUMPRODUCT((INDIRECT("'"&PARAMS!$D6&"'!C2:C65000")>PARAMS!K$1)*((INDIRECT("'"&PARAMS!$D6&"'!C2:C65000")<=PARAMS!L$1))*(INDIRECT("'"&PARAMS!$D6&"'!A2:A65000")=$C$3)*(OR($C$4="",INDIRECT("'"&PARAMS!$D6&"'!B2:B65000")=$C$4)),INDIRECT("'"&PARAMS!$D6&"'!D2:D65000")))) -> 0 | H15: =IF(ISBLANK($C$3),IF(OR(PARAMS!M$1="",PARAMS!$D6=""),"",PARAMS!$C6*SUMPRODUCT((INDIRECT("'"&PARAMS!$D6&"'!C2:C65000")>PARAMS!L$1)*((INDIRECT("'"&PARAMS!$D6&"'!C2:C65000")<=PARAMS!M$1))*(OR($C$3="",INDIRECT("'"&PARAMS!$D6&"'!A2:A65000")=$C$3))*(OR($C$4="",INDIRECT("'"&PARAMS!$D6&"'!B2:B65000")=$C$4)),INDIRECT("'"&PARAMS!$D6&"'!D2:D65000"))),IF(OR(PARAMS!M$1="",PARAMS!$D6=""),"",PARAMS!$C6*SUMPRODUCT((INDIRECT("'"&PARAMS!$D6&"'!C2:C65000")>PARAMS!L$1)*((INDIRECT("'"&PARAMS!$D6&"'!C2:C65000")<=PARAMS!M$1))*(INDIRECT("'"&PARAMS!$D6&"'!A2:A65000")=$C$3)*(OR($C$4="",INDIRECT("'"&PARAMS!$D6&"'!B2:B65000")=$C$4)),INDIRECT("'"&PARAMS!$D6&"'!D2:D65000")))) -> 0
B16: =IF(PARAMS!$E7="","",HYPERLINK("#"&PARAMS!D7&"!A1",PARAMS!E7)) -> BL filiales -FI | C16: =IF(ISBLANK($C$3),IF(OR(PARAMS!H$1="",PARAMS!$D7=""),"",PARAMS!$C7*SUMPRODUCT((INDIRECT("'"&PARAMS!$D7&"'!C2:C65000")>PARAMS!G$1)*((INDIRECT("'"&PARAMS!$D7&"'!C2:C65000")<=PARAMS!H$1))*(OR($C$3="",INDIRECT("'"&PARAMS!$D7&"'!A2:A65000")=$C$3))*(OR($C$4="",INDIRECT("'"&PARAMS!$D7&"'!B2:B65000")=$C$4)),INDIRECT("'"&PARAMS!$D7&"'!D2:D65000"))),IF(OR(PARAMS!H$1="",PARAMS!$D7=""),"",PARAMS!$C7*SUMPRODUCT((INDIRECT("'"&PARAMS!$D7&"'!C2:C65000")>PARAMS!G$1)*((INDIRECT("'"&PARAMS!$D7&"'!C2:C65000")<=PARAMS!H$1))*(INDIRECT("'"&PARAMS!$D7&"'!A2:A65000")=$C$3)*(OR($C$4="",INDIRECT("'"&PARAMS!$D7&"'!B2:B65000")=$C$4)),INDIRECT("'"&PARAMS!$D7&"'!D2:D65000")))) -> 0 | D16: =IF(ISBLANK($C$3),IF(OR(PARAMS!I$1="",PARAMS!$D7=""),"",PARAMS!$C7*SUMPRODUCT((INDIRECT("'"&PARAMS!$D7&"'!C2:C65000")>PARAMS!H$1)*((INDIRECT("'"&PARAMS!$D7&"'!C2:C65000")<=PARAMS!I$1))*(OR($C$3="",INDIRECT("'"&PARAMS!$D7&"'!A2:A65000")=$C$3))*(OR($C$4="",INDIRECT("'"&PARAMS!$D7&"'!B2:B65000")=$C$4)),INDIRECT("'"&PARAMS!$D7&"'!D2:D65000"))),IF(OR(PARAMS!I$1="",PARAMS!$D7=""),"",PARAMS!$C7*SUMPRODUCT((INDIRECT("'"&PARAMS!$D7&"'!C2:C65000")>PARAMS!H$1)*((INDIRECT("'"&PARAMS!$D7&"'!C2:C65000")<=PARAMS!I$1))*(INDIRECT("'"&PARAMS!$D7&"'!A2:A65000")=$C$3)*(OR($C$4="",INDIRECT("'"&PARAMS!$D7&"'!B2:B65000")=$C$4)),INDIRECT("'"&PARAMS!$D7&"'!D2:D65000")))) -> 0 | E16: =IF(ISBLANK($C$3),IF(OR(PARAMS!J$1="",PARAMS!$D7=""),"",PARAMS!$C7*SUMPRODUCT((INDIRECT("'"&PARAMS!$D7&"'!C2:C65000")>PARAMS!I$1)*((INDIRECT("'"&PARAMS!$D7&"'!C2:C65000")<=PARAMS!J$1))*(OR($C$3="",INDIRECT("'"&PARAMS!$D7&"'!A2:A65000")=$C$3))*(OR($C$4="",INDIRECT("'"&PARAMS!$D7&"'!B2:B65000")=$C$4)),INDIRECT("'"&PARAMS!$D7&"'!D2:D65000"))),IF(OR(PARAMS!J$1="",PARAMS!$D7=""),"",PARAMS!$C7*SUMPRODUCT((INDIRECT("'"&PARAMS!$D7&"'!C2:C65000")>PARAMS!I$1)*((INDIRECT("'"&PARAMS!$D7&"'!C2:C65000")<=PARAMS!J$1))*(INDIRECT("'"&PARAMS!$D7&"'!A2:A65000")=$C$3)*(OR($C$4="",INDIRECT("'"&PARAMS!$D7&"'!B2:B65000")=$C$4)),INDIRECT("'"&PARAMS!$D7&"'!D2:D65000")))) -> 0 | F16: =IF(ISBLANK($C$3),IF(OR(PARAMS!K$1="",PARAMS!$D7=""),"",PARAMS!$C7*SUMPRODUCT((INDIRECT("'"&PARAMS!$D7&"'!C2:C65000")>PARAMS!J$1)*((INDIRECT("'"&PARAMS!$D7&"'!C2:C65000")<=PARAMS!K$1))*(OR($C$3="",INDIRECT("'"&PARAMS!$D7&"'!A2:A65000")=$C$3))*(OR($C$4="",INDIRECT("'"&PARAMS!$D7&"'!B2:B65000")=$C$4)),INDIRECT("'"&PARAMS!$D7&"'!D2:D65000"))),IF(OR(PARAMS!K$1="",PARAMS!$D7=""),"",PARAMS!$C7*SUMPRODUCT((INDIRECT("'"&PARAMS!$D7&"'!C2:C65000")>PARAMS!J$1)*((INDIRECT("'"&PARAMS!$D7&"'!C2:C65000")<=PARAMS!K$1))*(INDIRECT("'"&PARAMS!$D7&"'!A2:A65000")=$C$3)*(OR($C$4="",INDIRECT("'"&PARAMS!$D7&"'!B2:B65000")=$C$4)),INDIRECT("'"&PARAMS!$D7&"'!D2:D65000")))) -> 0 | G16: =IF(ISBLANK($C$3),IF(OR(PARAMS!L$1="",PARAMS!$D7=""),"",PARAMS!$C7*SUMPRODUCT((INDIRECT("'"&PARAMS!$D7&"'!C2:C65000")>PARAMS!K$1)*((INDIRECT("'"&PARAMS!$D7&"'!C2:C65000")<=PARAMS!L$1))*(OR($C$3="",INDIRECT("'"&PARAMS!$D7&"'!A2:A65000")=$C$3))*(OR($C$4="",INDIRECT("'"&PARAMS!$D7&"'!B2:B65000")=$C$4)),INDIRECT("'"&PARAMS!$D7&"'!D2:D65000"))),IF(OR(PARAMS!L$1="",PARAMS!$D7=""),"",PARAMS!$C7*SUMPRODUCT((INDIRECT("'"&PARAMS!$D7&"'!C2:C65000")>PARAMS!K$1)*((INDIRECT("'"&PARAMS!$D7&"'!C2:C65000")<=PARAMS!L$1))*(INDIRECT("'"&PARAMS!$D7&"'!A2:A65000")=$C$3)*(OR($C$4="",INDIRECT("'"&PARAMS!$D7&"'!B2:B65000")=$C$4)),INDIRECT("'"&PARAMS!$D7&"'!D2:D65000")))) -> 0 | H16: =IF(ISBLANK($C$3),IF(OR(PARAMS!M$1="",PARAMS!$D7=""),"",PARAMS!$C7*SUMPRODUCT((INDIRECT("'"&PARAMS!$D7&"'!C2:C65000")>PARAMS!L$1)*((INDIRECT("'"&PARAMS!$D7&"'!C2:C65000")<=PARAMS!M$1))*(OR($C$3="",INDIRECT("'"&PARAMS!$D7&"'!A2:A65000")=$C$3))*(OR($C$4="",INDIRECT("'"&PARAMS!$D7&"'!B2:B65000")=$C$4)),INDIRECT("'"&PARAMS!$D7&"'!D2:D65000"))),IF(OR(PARAMS!M$1="",PARAMS!$D7=""),"",PARAMS!$C7*SUMPRODUCT((INDIRECT("'"&PARAMS!$D7&"'!C2:C65000")>PARAMS!L$1)*((INDIRECT("'"&PARAMS!$D7&"'!C2:C65000")<=PARAMS!M$1))*(INDIRECT("'"&PARAMS!$D7&"'!A2:A65000")=$C$3)*(OR($C$4="",INDIRECT("'"&PARAMS!$D7&"'!B2:B65000")=$C$4)),INDIRECT("'"&PARAMS!$D7&"'!D2:D65000")))) -> 0
B17: =IF(PARAMS!$E8="","",HYPERLINK("#"&PARAMS!D8&"!A1",PARAMS!E8)) -> BL filiales -FIMP | C17: =IF(ISBLANK($C$3),IF(OR(PARAMS!H$1="",PARAMS!$D8=""),"",PARAMS!$C8*SUMPRODUCT((INDIRECT("'"&PARAMS!$D8&"'!C2:C65000")>PARAMS!G$1)*((INDIRECT("'"&PARAMS!$D8&"'!C2:C65000")<=PARAMS!H$1))*(OR($C$3="",INDIRECT("'"&PARAMS!$D8&"'!A2:A65000")=$C$3))*(OR($C$4="",INDIRECT("'"&PARAMS!$D8&"'!B2:B65000")=$C$4)),INDIRECT("'"&PARAMS!$D8&"'!D2:D65000"))),IF(OR(PARAMS!H$1="",PARAMS!$D8=""),"",PARAMS!$C8*SUMPRODUCT((INDIRECT("'"&PARAMS!$D8&"'!C2:C65000")>PARAMS!G$1)*((INDIRECT("'"&PARAMS!$D8&"'!C2:C65000")<=PARAMS!H$1))*(INDIRECT("'"&PARAMS!$D8&"'!A2:A65000")=$C$3)*(OR($C$4="",INDIRECT("'"&PARAMS!$D8&"'!B2:B65000")=$C$4)),INDIRECT("'"&PARAMS!$D8&"'!D2:D65000")))) -> 0 | D17: =IF(ISBLANK($C$3),IF(OR(PARAMS!I$1="",PARAMS!$D8=""),"",PARAMS!$C8*SUMPRODUCT((INDIRECT("'"&PARAMS!$D8&"'!C2:C65000")>PARAMS!H$1)*((INDIRECT("'"&PARAMS!$D8&"'!C2:C65000")<=PARAMS!I$1))*(OR($C$3="",INDIRECT("'"&PARAMS!$D8&"'!A2:A65000")=$C$3))*(OR($C$4="",INDIRECT("'"&PARAMS!$D8&"'!B2:B65000")=$C$4)),INDIRECT("'"&PARAMS!$D8&"'!D2:D65000"))),IF(OR(PARAMS!I$1="",PARAMS!$D8=""),"",PARAMS!$C8*SUMPRODUCT((INDIRECT("'"&PARAMS!$D8&"'!C2:C65000")>PARAMS!H$1)*((INDIRECT("'"&PARAMS!$D8&"'!C2:C65000")<=PARAMS!I$1))*(INDIRECT("'"&PARAMS!$D8&"'!A2:A65000")=$C$3)*(OR($C$4="",INDIRECT("'"&PARAMS!$D8&"'!B2:B65000")=$C$4)),INDIRECT("'"&PARAMS!$D8&"'!D2:D65000")))) -> 0 | E17: =IF(ISBLANK($C$3),IF(OR(PARAMS!J$1="",PARAMS!$D8=""),"",PARAMS!$C8*SUMPRODUCT((INDIRECT("'"&PARAMS!$D8&"'!C2:C65000")>PARAMS!I$1)*((INDIRECT("'"&PARAMS!$D8&"'!C2:C65000")<=PARAMS!J$1))*(OR($C$3="",INDIRECT("'"&PARAMS!$D8&"'!A2:A65000")=$C$3))*(OR($C$4="",INDIRECT("'"&PARAMS!$D8&"'!B2:B65000")=$C$4)),INDIRECT("'"&PARAMS!$D8&"'!D2:D65000"))),IF(OR(PARAMS!J$1="",PARAMS!$D8=""),"",PARAMS!$C8*SUMPRODUCT((INDIRECT("'"&PARAMS!$D8&"'!C2:C65000")>PARAMS!I$1)*((INDIRECT("'"&PARAMS!$D8&"'!C2:C65000")<=PARAMS!J$1))*(INDIRECT("'"&PARAMS!$D8&"'!A2:A65000")=$C$3)*(OR($C$4="",INDIRECT("'"&PARAMS!$D8&"'!B2:B65000")=$C$4)),INDIRECT("'"&PARAMS!$D8&"'!D2:D65000")))) -> 0 | F17: =IF(ISBLANK($C$3),IF(OR(PARAMS!K$1="",PARAMS!$D8=""),"",PARAMS!$C8*SUMPRODUCT((INDIRECT("'"&PARAMS!$D8&"'!C2:C65000")>PARAMS!J$1)*((INDIRECT("'"&PARAMS!$D8&"'!C2:C65000")<=PARAMS!K$1))*(OR($C$3="",INDIRECT("'"&PARAMS!$D8&"'!A2:A65000")=$C$3))*(OR($C$4="",INDIRECT("'"&PARAMS!$D8&"'!B2:B65000")=$C$4)),INDIRECT("'"&PARAMS!$D8&"'!D2:D65000"))),IF(OR(PARAMS!K$1="",PARAMS!$D8=""),"",PARAMS!$C8*SUMPRODUCT((INDIRECT("'"&PARAMS!$D8&"'!C2:C65000")>PARAMS!J$1)*((INDIRECT("'"&PARAMS!$D8&"'!C2:C65000")<=PARAMS!K$1))*(INDIRECT("'"&PARAMS!$D8&"'!A2:A65000")=$C$3)*(OR($C$4="",INDIRECT("'"&PARAMS!$D8&"'!B2:B65000")=$C$4)),INDIRECT("'"&PARAMS!$D8&"'!D2:D65000")))) -> 0 | G17: =IF(ISBLANK($C$3),IF(OR(PARAMS!L$1="",PARAMS!$D8=""),"",PARAMS!$C8*SUMPRODUCT((INDIRECT("'"&PARAMS!$D8&"'!C2:C65000")>PARAMS!K$1)*((INDIRECT("'"&PARAMS!$D8&"'!C2:C65000")<=PARAMS!L$1))*(OR($C$3="",INDIRECT("'"&PARAMS!$D8&"'!A2:A65000")=$C$3))*(OR($C$4="",INDIRECT("'"&PARAMS!$D8&"'!B2:B65000")=$C$4)),INDIRECT("'"&PARAMS!$D8&"'!D2:D65000"))),IF(OR(PARAMS!L$1="",PARAMS!$D8=""),"",PARAMS!$C8*SUMPRODUCT((INDIRECT("'"&PARAMS!$D8&"'!C2:C65000")>PARAMS!K$1)*((INDIRECT("'"&PARAMS!$D8&"'!C2:C65000")<=PARAMS!L$1))*(INDIRECT("'"&PARAMS!$D8&"'!A2:A65000")=$C$3)*(OR($C$4="",INDIRECT("'"&PARAMS!$D8&"'!B2:B65000")=$C$4)),INDIRECT("'"&PARAMS!$D8&"'!D2:D65000")))) -> 0 | H17: =IF(ISBLANK($C$3),IF(OR(PARAMS!M$1="",PARAMS!$D8=""),"",PARAMS!$C8*SUMPRODUCT((INDIRECT("'"&PARAMS!$D8&"'!C2:C65000")>PARAMS!L$1)*((INDIRECT("'"&PARAMS!$D8&"'!C2:C65000")<=PARAMS!M$1))*(OR($C$3="",INDIRECT("'"&PARAMS!$D8&"'!A2:A65000")=$C$3))*(OR($C$4="",INDIRECT("'"&PARAMS!$D8&"'!B2:B65000")=$C$4)),INDIRECT("'"&PARAMS!$D8&"'!D2:D65000"))),IF(OR(PARAMS!M$1="",PARAMS!$D8=""),"",PARAMS!$C8*SUMPRODUCT((INDIRECT("'"&PARAMS!$D8&"'!C2:C65000")>PARAMS!L$1)*((INDIRECT("'"&PARAMS!$D8&"'!C2:C65000")<=PARAMS!M$1))*(INDIRECT("'"&PARAMS!$D8&"'!A2:A65000")=$C$3)*(OR($C$4="",INDIRECT("'"&PARAMS!$D8&"'!B2:B65000")=$C$4)),INDIRECT("'"&PARAMS!$D8&"'!D2:D65000")))) -> 0
B18: =IF(PARAMS!$E9="","",HYPERLINK("#"&PARAMS!D9&"!A1",PARAMS!E9)) -> Factures client non comptabilisées | C18: =IF(ISBLANK($C$3),IF(OR(PARAMS!H$1="",PARAMS!$D9=""),"",PARAMS!$C9*SUMPRODUCT((INDIRECT("'"&PARAMS!$D9&"'!C2:C65000")>PARAMS!G$1)*((INDIRECT("'"&PARAMS!$D9&"'!C2:C65000")<=PARAMS!H$1))*(OR($C$3="",INDIRECT("'"&PARAMS!$D9&"'!A2:A65000")=$C$3))*(OR($C$4="",INDIRECT("'"&PARAMS!$D9&"'!B2:B65000")=$C$4)),INDIRECT("'"&PARAMS!$D9&"'!D2:D65000"))),IF(OR(PARAMS!H$1="",PARAMS!$D9=""),"",PARAMS!$C9*SUMPRODUCT((INDIRECT("'"&PARAMS!$D9&"'!C2:C65000")>PARAMS!G$1)*((INDIRECT("'"&PARAMS!$D9&"'!C2:C65000")<=PARAMS!H$1))*(INDIRECT("'"&PARAMS!$D9&"'!A2:A65000")=$C$3)*(OR($C$4="",INDIRECT("'"&PARAMS!$D9&"'!B2:B65000")=$C$4)),INDIRECT("'"&PARAMS!$D9&"'!D2:D65000")))) -> 0 | D18: =IF(ISBLANK($C$3),IF(OR(PARAMS!I$1="",PARAMS!$D9=""),"",PARAMS!$C9*SUMPRODUCT((INDIRECT("'"&PARAMS!$D9&"'!C2:C65000")>PARAMS!H$1)*((INDIRECT("'"&PARAMS!$D9&"'!C2:C65000")<=PARAMS!I$1))*(OR($C$3="",INDIRECT("'"&PARAMS!$D9&"'!A2:A65000")=$C$3))*(OR($C$4="",INDIRECT("'"&PARAMS!$D9&"'!B2:B65000")=$C$4)),INDIRECT("'"&PARAMS!$D9&"'!D2:D65000"))),IF(OR(PARAMS!I$1="",PARAMS!$D9=""),"",PARAMS!$C9*SUMPRODUCT((INDIRECT("'"&PARAMS!$D9&"'!C2:C65000")>PARAMS!H$1)*((INDIRECT("'"&PARAMS!$D9&"'!C2:C65000")<=PARAMS!I$1))*(INDIRECT("'"&PARAMS!$D9&"'!A2:A65000")=$C$3)*(OR($C$4="",INDIRECT("'"&PARAMS!$D9&"'!B2:B65000")=$C$4)),INDIRECT("'"&PARAMS!$D9&"'!D2:D65000")))) -> 0 | E18: =IF(ISBLANK($C$3),IF(OR(PARAMS!J$1="",PARAMS!$D9=""),"",PARAMS!$C9*SUMPRODUCT((INDIRECT("'"&PARAMS!$D9&"'!C2:C65000")>PARAMS!I$1)*((INDIRECT("'"&PARAMS!$D9&"'!C2:C65000")<=PARAMS!J$1))*(OR($C$3="",INDIRECT("'"&PARAMS!$D9&"'!A2:A65000")=$C$3))*(OR($C$4="",INDIRECT("'"&PARAMS!$D9&"'!B2:B65000")=$C$4)),INDIRECT("'"&PARAMS!$D9&"'!D2:D65000"))),IF(OR(PARAMS!J$1="",PARAMS!$D9=""),"",PARAMS!$C9*SUMPRODUCT((INDIRECT("'"&PARAMS!$D9&"'!C2:C65000")>PARAMS!I$1)*((INDIRECT("'"&PARAMS!$D9&"'!C2:C65000")<=PARAMS!J$1))*(INDIRECT("'"&PARAMS!$D9&"'!A2:A65000")=$C$3)*(OR($C$4="",INDIRECT("'"&PARAMS!$D9&"'!B2:B65000")=$C$4)),INDIRECT("'"&PARAMS!$D9&"'!D2:D65000")))) -> 0 | F18: =IF(ISBLANK($C$3),IF(OR(PARAMS!K$1="",PARAMS!$D9=""),"",PARAMS!$C9*SUMPRODUCT((INDIRECT("'"&PARAMS!$D9&"'!C2:C65000")>PARAMS!J$1)*((INDIRECT("'"&PARAMS!$D9&"'!C2:C65000")<=PARAMS!K$1))*(OR($C$3="",INDIRECT("'"&PARAMS!$D9&"'!A2:A65000")=$C$3))*(OR($C$4="",INDIRECT("'"&PARAMS!$D9&"'!B2:B65000")=$C$4)),INDIRECT("'"&PARAMS!$D9&"'!D2:D65000"))),IF(OR(PARAMS!K$1="",PARAMS!$D9=""),"",PARAMS!$C9*SUMPRODUCT((INDIRECT("'"&PARAMS!$D9&"'!C2:C65000")>PARAMS!J$1)*((INDIRECT("'"&PARAMS!$D9&"'!C2:C65000")<=PARAMS!K$1))*(INDIRECT("'"&PARAMS!$D9&"'!A2:A65000")=$C$3)*(OR($C$4="",INDIRECT("'"&PARAMS!$D9&"'!B2:B65000")=$C$4)),INDIRECT("'"&PARAMS!$D9&"'!D2:D65000")))) -> 0 | G18: =IF(ISBLANK($C$3),IF(OR(PARAMS!L$1="",PARAMS!$D9=""),"",PARAMS!$C9*SUMPRODUCT((INDIRECT("'"&PARAMS!$D9&"'!C2:C65000")>PARAMS!K$1)*((INDIRECT("'"&PARAMS!$D9&"'!C2:C65000")<=PARAMS!L$1))*(OR($C$3="",INDIRECT("'"&PARAMS!$D9&"'!A2:A65000")=$C$3))*(OR($C$4="",INDIRECT("'"&PARAMS!$D9&"'!B2:B65000")=$C$4)),INDIRECT("'"&PARAMS!$D9&"'!D2:D65000"))),IF(OR(PARAMS!L$1="",PARAMS!$D9=""),"",PARAMS!$C9*SUMPRODUCT((INDIRECT("'"&PARAMS!$D9&"'!C2:C65000")>PARAMS!K$1)*((INDIRECT("'"&PARAMS!$D9&"'!C2:C65000")<=PARAMS!L$1))*(INDIRECT("'"&PARAMS!$D9&"'!A2:A65000")=$C$3)*(OR($C$4="",INDIRECT("'"&PARAMS!$D9&"'!B2:B65000")=$C$4)),INDIRECT("'"&PARAMS!$D9&"'!D2:D65000")))) -> 0 | H18: =IF(ISBLANK($C$3),IF(OR(PARAMS!M$1="",PARAMS!$D9=""),"",PARAMS!$C9*SUMPRODUCT((INDIRECT("'"&PARAMS!$D9&"'!C2:C65000")>PARAMS!L$1)*((INDIRECT("'"&PARAMS!$D9&"'!C2:C65000")<=PARAMS!M$1))*(OR($C$3="",INDIRECT("'"&PARAMS!$D9&"'!A2:A65000")=$C$3))*(OR($C$4="",INDIRECT("'"&PARAMS!$D9&"'!B2:B65000")=$C$4)),INDIRECT("'"&PARAMS!$D9&"'!D2:D65000"))),IF(OR(PARAMS!M$1="",PARAMS!$D9=""),"",PARAMS!$C9*SUMPRODUCT((INDIRECT("'"&PARAMS!$D9&"'!C2:C65000")>PARAMS!L$1)*((INDIRECT("'"&PARAMS!$D9&"'!C2:C65000")<=PARAMS!M$1))*(INDIRECT("'"&PARAMS!$D9&"'!A2:A65000")=$C$3)*(OR($C$4="",INDIRECT("'"&PARAMS!$D9&"'!B2:B65000")=$C$4)),INDIRECT("'"&PARAMS!$D9&"'!D2:D65000")))) -> 0
B19: =IF(PARAMS!$E10="","",HYPERLINK("#"&PARAMS!D10&"!A1",PARAMS!E10)) -> Factures filiales non comptabilisées | C19: =IF(ISBLANK($C$3),IF(OR(PARAMS!H$1="",PARAMS!$D10=""),"",PARAMS!$C10*SUMPRODUCT((INDIRECT("'"&PARAMS!$D10&"'!C2:C65000")>PARAMS!G$1)*((INDIRECT("'"&PARAMS!$D10&"'!C2:C65000")<=PARAMS!H$1))*(OR($C$3="",INDIRECT("'"&PARAMS!$D10&"'!A2:A65000")=$C$3))*(OR($C$4="",INDIRECT("'"&PARAMS!$D10&"'!B2:B65000")=$C$4)),INDIRECT("'"&PARAMS!$D10&"'!D2:D65000"))),IF(OR(PARAMS!H$1="",PARAMS!$D10=""),"",PARAMS!$C10*SUMPRODUCT((INDIRECT("'"&PARAMS!$D10&"'!C2:C65000")>PARAMS!G$1)*((INDIRECT("'"&PARAMS!$D10&"'!C2:C65000")<=PARAMS!H$1))*(INDIRECT("'"&PARAMS!$D10&"'!A2:A65000")=$C$3)*(OR($C$4="",INDIRECT("'"&PARAMS!$D10&"'!B2:B65000")=$C$4)),INDIRECT("'"&PARAMS!$D10&"'!D2:D65000")))) -> 0 | D19: =IF(ISBLANK($C$3),IF(OR(PARAMS!I$1="",PARAMS!$D10=""),"",PARAMS!$C10*SUMPRODUCT((INDIRECT("'"&PARAMS!$D10&"'!C2:C65000")>PARAMS!H$1)*((INDIRECT("'"&PARAMS!$D10&"'!C2:C65000")<=PARAMS!I$1))*(OR($C$3="",INDIRECT("'"&PARAMS!$D10&"'!A2:A65000")=$C$3))*(OR($C$4="",INDIRECT("'"&PARAMS!$D10&"'!B2:B65000")=$C$4)),INDIRECT("'"&PARAMS!$D10&"'!D2:D65000"))),IF(OR(PARAMS!I$1="",PARAMS!$D10=""),"",PARAMS!$C10*SUMPRODUCT((INDIRECT("'"&PARAMS!$D10&"'!C2:C65000")>PARAMS!H$1)*((INDIRECT("'"&PARAMS!$D10&"'!C2:C65000")<=PARAMS!I$1))*(INDIRECT("'"&PARAMS!$D10&"'!A2:A65000")=$C$3)*(OR($C$4="",INDIRECT("'"&PARAMS!$D10&"'!B2:B65000")=$C$4)),INDIRECT("'"&PARAMS!$D10&"'!D2:D65000")))) -> 0 | E19: =IF(ISBLANK($C$3),IF(OR(PARAMS!J$1="",PARAMS!$D10=""),"",PARAMS!$C10*SUMPRODUCT((INDIRECT("'"&PARAMS!$D10&"'!C2:C65000")>PARAMS!I$1)*((INDIRECT("'"&PARAMS!$D10&"'!C2:C65000")<=PARAMS!J$1))*(OR($C$3="",INDIRECT("'"&PARAMS!$D10&"'!A2:A65000")=$C$3))*(OR($C$4="",INDIRECT("'"&PARAMS!$D10&"'!B2:B65000")=$C$4)),INDIRECT("'"&PARAMS!$D10&"'!D2:D65000"))),IF(OR(PARAMS!J$1="",PARAMS!$D10=""),"",PARAMS!$C10*SUMPRODUCT((INDIRECT("'"&PARAMS!$D10&"'!C2:C65000")>PARAMS!I$1)*((INDIRECT("'"&PARAMS!$D10&"'!C2:C65000")<=PARAMS!J$1))*(INDIRECT("'"&PARAMS!$D10&"'!A2:A65000")=$C$3)*(OR($C$4="",INDIRECT("'"&PARAMS!$D10&"'!B2:B65000")=$C$4)),INDIRECT("'"&PARAMS!$D10&"'!D2:D65000")))) -> 0 | F19: =IF(ISBLANK($C$3),IF(OR(PARAMS!K$1="",PARAMS!$D10=""),"",PARAMS!$C10*SUMPRODUCT((INDIRECT("'"&PARAMS!$D10&"'!C2:C65000")>PARAMS!J$1)*((INDIRECT("'"&PARAMS!$D10&"'!C2:C65000")<=PARAMS!K$1))*(OR($C$3="",INDIRECT("'"&PARAMS!$D10&"'!A2:A65000")=$C$3))*(OR($C$4="",INDIRECT("'"&PARAMS!$D10&"'!B2:B65000")=$C$4)),INDIRECT("'"&PARAMS!$D10&"'!D2:D65000"))),IF(OR(PARAMS!K$1="",PARAMS!$D10=""),"",PARAMS!$C10*SUMPRODUCT((INDIRECT("'"&PARAMS!$D10&"'!C2:C65000")>PARAMS!J$1)*((INDIRECT("'"&PARAMS!$D10&"'!C2:C65000")<=PARAMS!K$1))*(INDIRECT("'"&PARAMS!$D10&"'!A2:A65000")=$C$3)*(OR($C$4="",INDIRECT("'"&PARAMS!$D10&"'!B2:B65000")=$C$4)),INDIRECT("'"&PARAMS!$D10&"'!D2:D65000")))) -> 0 | G19: =IF(ISBLANK($C$3),IF(OR(PARAMS!L$1="",PARAMS!$D10=""),"",PARAMS!$C10*SUMPRODUCT((INDIRECT("'"&PARAMS!$D10&"'!C2:C65000")>PARAMS!K$1)*((INDIRECT("'"&PARAMS!$D10&"'!C2:C65000")<=PARAMS!L$1))*(OR($C$3="",INDIRECT("'"&PARAMS!$D10&"'!A2:A65000")=$C$3))*(OR($C$4="",INDIRECT("'"&PARAMS!$D10&"'!B2:B65000")=$C$4)),INDIRECT("'"&PARAMS!$D10&"'!D2:D65000"))),IF(OR(PARAMS!L$1="",PARAMS!$D10=""),"",PARAMS!$C10*SUMPRODUCT((INDIRECT("'"&PARAMS!$D10&"'!C2:C65000")>PARAMS!K$1)*((INDIRECT("'"&PARAMS!$D10&"'!C2:C65000")<=PARAMS!L$1))*(INDIRECT("'"&PARAMS!$D10&"'!A2:A65000")=$C$3)*(OR($C$4="",INDIRECT("'"&PARAMS!$D10&"'!B2:B65000")=$C$4)),INDIRECT("'"&PARAMS!$D10&"'!D2:D65000")))) -> 0 | H19: =IF(ISBLANK($C$3),IF(OR(PARAMS!M$1="",PARAMS!$D10=""),"",PARAMS!$C10*SUMPRODUCT((INDIRECT("'"&PARAMS!$D10&"'!C2:C65000")>PARAMS!L$1)*((INDIRECT("'"&PARAMS!$D10&"'!C2:C65000")<=PARAMS!M$1))*(OR($C$3="",INDIRECT("'"&PARAMS!$D10&"'!A2:A65000")=$C$3))*(OR($C$4="",INDIRECT("'"&PARAMS!$D10&"'!B2:B65000")=$C$4)),INDIRECT("'"&PARAMS!$D10&"'!D2:D65000"))),IF(OR(PARAMS!M$1="",PARAMS!$D10=""),"",PARAMS!$C10*SUMPRODUCT((INDIRECT("'"&PARAMS!$D10&"'!C2:C65000")>PARAMS!L$1)*((INDIRECT("'"&PARAMS!$D10&"'!C2:C65000")<=PARAMS!M$1))*(INDIRECT("'"&PARAMS!$D10&"'!A2:A65000")=$C$3)*(OR($C$4="",INDIRECT("'"&PARAMS!$D10&"'!B2:B65000")=$C$4)),INDIRECT("'"&PARAMS!$D10&"'!D2:D65000")))) -> 0
B20: =IF(PARAMS!$E11="","",HYPERLINK("#"&PARAMS!D11&"!A1",PARAMS!E11)) | C20: =IF(ISBLANK($C$3),IF(OR(PARAMS!H$1="",PARAMS!$D11=""),"",PARAMS!$C11*SUMPRODUCT((INDIRECT("'"&PARAMS!$D11&"'!C2:C65000")>PARAMS!G$1)*((INDIRECT("'"&PARAMS!$D11&"'!C2:C65000")<=PARAMS!H$1))*(OR($C$3="",INDIRECT("'"&PARAMS!$D11&"'!A2:A65000")=$C$3))*(OR($C$4="",INDIRECT("'"&PARAMS!$D11&"'!B2:B65000")=$C$4)),INDIRECT("'"&PARAMS!$D11&"'!D2:D65000"))),IF(OR(PARAMS!H$1="",PARAMS!$D11=""),"",PARAMS!$C11*SUMPRODUCT((INDIRECT("'"&PARAMS!$D11&"'!C2:C65000")>PARAMS!G$1)*((INDIRECT("'"&PARAMS!$D11&"'!C2:C65000")<=PARAMS!H$1))*(INDIRECT("'"&PARAMS!$D11&"'!A2:A65000")=$C$3)*(OR($C$4="",INDIRECT("'"&PARAMS!$D11&"'!B2:B65000")=$C$4)),INDIRECT("'"&PARAMS!$D11&"'!D2:D65000")))) | D20: =IF(ISBLANK($C$3),IF(OR(PARAMS!I$1="",PARAMS!$D11=""),"",PARAMS!$C11*SUMPRODUCT((INDIRECT("'"&PARAMS!$D11&"'!C2:C65000")>PARAMS!H$1)*((INDIRECT("'"&PARAMS!$D11&"'!C2:C65000")<=PARAMS!I$1))*(OR($C$3="",INDIRECT("'"&PARAMS!$D11&"'!A2:A65000")=$C$3))*(OR($C$4="",INDIRECT("'"&PARAMS!$D11&"'!B2:B65000")=$C$4)),INDIRECT("'"&PARAMS!$D11&"'!D2:D65000"))),IF(OR(PARAMS!I$1="",PARAMS!$D11=""),"",PARAMS!$C11*SUMPRODUCT((INDIRECT("'"&PARAMS!$D11&"'!C2:C65000")>PARAMS!H$1)*((INDIRECT("'"&PARAMS!$D11&"'!C2:C65000")<=PARAMS!I$1))*(INDIRECT("'"&PARAMS!$D11&"'!A2:A65000")=$C$3)*(OR($C$4="",INDIRECT("'"&PARAMS!$D11&"'!B2:B65000")=$C$4)),INDIRECT("'"&PARAMS!$D11&"'!D2:D65000")))) | E20: =IF(ISBLANK($C$3),IF(OR(PARAMS!J$1="",PARAMS!$D11=""),"",PARAMS!$C11*SUMPRODUCT((INDIRECT("'"&PARAMS!$D11&"'!C2:C65000")>PARAMS!I$1)*((INDIRECT("'"&PARAMS!$D11&"'!C2:C65000")<=PARAMS!J$1))*(OR($C$3="",INDIRECT("'"&PARAMS!$D11&"'!A2:A65000")=$C$3))*(OR($C$4="",INDIRECT("'"&PARAMS!$D11&"'!B2:B65000")=$C$4)),INDIRECT("'"&PARAMS!$D11&"'!D2:D65000"))),IF(OR(PARAMS!J$1="",PARAMS!$D11=""),"",PARAMS!$C11*SUMPRODUCT((INDIRECT("'"&PARAMS!$D11&"'!C2:C65000")>PARAMS!I$1)*((INDIRECT("'"&PARAMS!$D11&"'!C2:C65000")<=PARAMS!J$1))*(INDIRECT("'"&PARAMS!$D11&"'!A2:A65000")=$C$3)*(OR($C$4="",INDIRECT("'"&PARAMS!$D11&"'!B2:B65000")=$C$4)),INDIRECT("'"&PARAMS!$D11&"'!D2:D65000")))) | F20: =IF(ISBLANK($C$3),IF(OR(PARAMS!K$1="",PARAMS!$D11=""),"",PARAMS!$C11*SUMPRODUCT((INDIRECT("'"&PARAMS!$D11&"'!C2:C65000")>PARAMS!J$1)*((INDIRECT("'"&PARAMS!$D11&"'!C2:C65000")<=PARAMS!K$1))*(OR($C$3="",INDIRECT("'"&PARAMS!$D11&"'!A2:A65000")=$C$3))*(OR($C$4="",INDIRECT("'"&PARAMS!$D11&"'!B2:B65000")=$C$4)),INDIRECT("'"&PARAMS!$D11&"'!D2:D65000"))),IF(OR(PARAMS!K$1="",PARAMS!$D11=""),"",PARAMS!$C11*SUMPRODUCT((INDIRECT("'"&PARAMS!$D11&"'!C2:C65000")>PARAMS!J$1)*((INDIRECT("'"&PARAMS!$D11&"'!C2:C65000")<=PARAMS!K$1))*(INDIRECT("'"&PARAMS!$D11&"'!A2:A65000")=$C$3)*(OR($C$4="",INDIRECT("'"&PARAMS!$D11&"'!B2:B65000")=$C$4)),INDIRECT("'"&PARAMS!$D11&"'!D2:D65000")))) | G20: =IF(ISBLANK($C$3),IF(OR(PARAMS!L$1="",PARAMS!$D11=""),"",PARAMS!$C11*SUMPRODUCT((INDIRECT("'"&PARAMS!$D11&"'!C2:C65000")>PARAMS!K$1)*((INDIRECT("'"&PARAMS!$D11&"'!C2:C65000")<=PARAMS!L$1))*(OR($C$3="",INDIRECT("'"&PARAMS!$D11&"'!A2:A65000")=$C$3))*(OR($C$4="",INDIRECT("'"&PARAMS!$D11&"'!B2:B65000")=$C$4)),INDIRECT("'"&PARAMS!$D11&"'!D2:D65000"))),IF(OR(PARAMS!L$1="",PARAMS!$D11=""),"",PARAMS!$C11*SUMPRODUCT((INDIRECT("'"&PARAMS!$D11&"'!C2:C65000")>PARAMS!K$1)*((INDIRECT("'"&PARAMS!$D11&"'!C2:C65000")<=PARAMS!L$1))*(INDIRECT("'"&PARAMS!$D11&"'!A2:A65000")=$C$3)*(OR($C$4="",INDIRECT("'"&PARAMS!$D11&"'!B2:B65000")=$C$4)),INDIRECT("'"&PARAMS!$D11&"'!D2:D65000")))) | H20: =IF(ISBLANK($C$3),IF(OR(PARAMS!M$1="",PARAMS!$D11=""),"",PARAMS!$C11*SUMPRODUCT((INDIRECT("'"&PARAMS!$D11&"'!C2:C65000")>PARAMS!L$1)*((INDIRECT("'"&PARAMS!$D11&"'!C2:C65000")<=PARAMS!M$1))*(OR($C$3="",INDIRECT("'"&PARAMS!$D11&"'!A2:A65000")=$C$3))*(OR($C$4="",INDIRECT("'"&PARAMS!$D11&"'!B2:B65000")=$C$4)),INDIRECT("'"&PARAMS!$D11&"'!D2:D65000"))),IF(OR(PARAMS!M$1="",PARAMS!$D11=""),"",PARAMS!$C11*SUMPRODUCT((INDIRECT("'"&PARAMS!$D11&"'!C2:C65000")>PARAMS!L$1)*((INDIRECT("'"&PARAMS!$D11&"'!C2:C65000")<=PARAMS!M$1))*(INDIRECT("'"&PARAMS!$D11&"'!A2:A65000")=$C$3)*(OR($C$4="",INDIRECT("'"&PARAMS!$D11&"'!B2:B65000")=$C$4)),INDIRECT("'"&PARAMS!$D11&"'!D2:D65000"))))
B21: =IF(PARAMS!$E12="","",HYPERLINK("#"&PARAMS!D12&"!A1",PARAMS!E12)) -> Règlt. attendus | C21: =IF(ISBLANK($C$3),IF(OR(PARAMS!H$1="",PARAMS!$D12=""),"",PARAMS!$C12*SUMPRODUCT((INDIRECT("'"&PARAMS!$D12&"'!C2:C65000")>PARAMS!G$1)*((INDIRECT("'"&PARAMS!$D12&"'!C2:C65000")<=PARAMS!H$1))*(OR($C$3="",INDIRECT("'"&PARAMS!$D12&"'!A2:A65000")=$C$3))*(OR($C$4="",INDIRECT("'"&PARAMS!$D12&"'!B2:B65000")=$C$4)),INDIRECT("'"&PARAMS!$D12&"'!D2:D65000"))),IF(OR(PARAMS!H$1="",PARAMS!$D12=""),"",PARAMS!$C12*SUMPRODUCT((INDIRECT("'"&PARAMS!$D12&"'!C2:C65000")>PARAMS!G$1)*((INDIRECT("'"&PARAMS!$D12&"'!C2:C65000")<=PARAMS!H$1))*(INDIRECT("'"&PARAMS!$D12&"'!A2:A65000")=$C$3)*(OR($C$4="",INDIRECT("'"&PARAMS!$D12&"'!B2:B65000")=$C$4)),INDIRECT("'"&PARAMS!$D12&"'!D2:D65000")))) -> 0 | D21: =IF(ISBLANK($C$3),IF(OR(PARAMS!I$1="",PARAMS!$D12=""),"",PARAMS!$C12*SUMPRODUCT((INDIRECT("'"&PARAMS!$D12&"'!C2:C65000")>PARAMS!H$1)*((INDIRECT("'"&PARAMS!$D12&"'!C2:C65000")<=PARAMS!I$1))*(OR($C$3="",INDIRECT("'"&PARAMS!$D12&"'!A2:A65000")=$C$3))*(OR($C$4="",INDIRECT("'"&PARAMS!$D12&"'!B2:B65000")=$C$4)),INDIRECT("'"&PARAMS!$D12&"'!D2:D65000"))),IF(OR(PARAMS!I$1="",PARAMS!$D12=""),"",PARAMS!$C12*SUMPRODUCT((INDIRECT("'"&PARAMS!$D12&"'!C2:C65000")>PARAMS!H$1)*((INDIRECT("'"&PARAMS!$D12&"'!C2:C65000")<=PARAMS!I$1))*(INDIRECT("'"&PARAMS!$D12&"'!A2:A65000")=$C$3)*(OR($C$4="",INDIRECT("'"&PARAMS!$D12&"'!B2:B65000")=$C$4)),INDIRECT("'"&PARAMS!$D12&"'!D2:D65000")))) -> 0 | E21: =IF(ISBLANK($C$3),IF(OR(PARAMS!J$1="",PARAMS!$D12=""),"",PARAMS!$C12*SUMPRODUCT((INDIRECT("'"&PARAMS!$D12&"'!C2:C65000")>PARAMS!I$1)*((INDIRECT("'"&PARAMS!$D12&"'!C2:C65000")<=PARAMS!J$1))*(OR($C$3="",INDIRECT("'"&PARAMS!$D12&"'!A2:A65000")=$C$3))*(OR($C$4="",INDIRECT("'"&PARAMS!$D12&"'!B2:B65000")=$C$4)),INDIRECT("'"&PARAMS!$D12&"'!D2:D65000"))),IF(OR(PARAMS!J$1="",PARAMS!$D12=""),"",PARAMS!$C12*SUMPRODUCT((INDIRECT("'"&PARAMS!$D12&"'!C2:C65000")>PARAMS!I$1)*((INDIRECT("'"&PARAMS!$D12&"'!C2:C65000")<=PARAMS!J$1))*(INDIRECT("'"&PARAMS!$D12&"'!A2:A65000")=$C$3)*(OR($C$4="",INDIRECT("'"&PARAMS!$D12&"'!B2:B65000")=$C$4)),INDIRECT("'"&PARAMS!$D12&"'!D2:D65000")))) -> 0 | F21: =IF(ISBLANK($C$3),IF(OR(PARAMS!K$1="",PARAMS!$D12=""),"",PARAMS!$C12*SUMPRODUCT((INDIRECT("'"&PARAMS!$D12&"'!C2:C65000")>PARAMS!J$1)*((INDIRECT("'"&PARAMS!$D12&"'!C2:C65000")<=PARAMS!K$1))*(OR($C$3="",INDIRECT("'"&PARAMS!$D12&"'!A2:A65000")=$C$3))*(OR($C$4="",INDIRECT("'"&PARAMS!$D12&"'!B2:B65000")=$C$4)),INDIRECT("'"&PARAMS!$D12&"'!D2:D65000"))),IF(OR(PARAMS!K$1="",PARAMS!$D12=""),"",PARAMS!$C12*SUMPRODUCT((INDIRECT("'"&PARAMS!$D12&"'!C2:C65000")>PARAMS!J$1)*((INDIRECT("'"&PARAMS!$D12&"'!C2:C65000")<=PARAMS!K$1))*(INDIRECT("'"&PARAMS!$D12&"'!A2:A65000")=$C$3)*(OR($C$4="",INDIRECT("'"&PARAMS!$D12&"'!B2:B65000")=$C$4)),INDIRECT("'"&PARAMS!$D12&"'!D2:D65000")))) -> 0 | G21: =IF(ISBLANK($C$3),IF(OR(PARAMS!L$1="",PARAMS!$D12=""),"",PARAMS!$C12*SUMPRODUCT((INDIRECT("'"&PARAMS!$D12&"'!C2:C65000")>PARAMS!K$1)*((INDIRECT("'"&PARAMS!$D12&"'!C2:C65000")<=PARAMS!L$1))*(OR($C$3="",INDIRECT("'"&PARAMS!$D12&"'!A2:A65000")=$C$3))*(OR($C$4="",INDIRECT("'"&PARAMS!$D12&"'!B2:B65000")=$C$4)),INDIRECT("'"&PARAMS!$D12&"'!D2:D65000"))),IF(OR(PARAMS!L$1="",PARAMS!$D12=""),"",PARAMS!$C12*SUMPRODUCT((INDIRECT("'"&PARAMS!$D12&"'!C2:C65000")>PARAMS!K$1)*((INDIRECT("'"&PARAMS!$D12&"'!C2:C65000")<=PARAMS!L$1))*(INDIRECT("'"&PARAMS!$D12&"'!A2:A65000")=$C$3)*(OR($C$4="",INDIRECT("'"&PARAMS!$D12&"'!B2:B65000")=$C$4)),INDIRECT("'"&PARAMS!$D12&"'!D2:D65000")))) -> 0 | H21: =IF(ISBLANK($C$3),IF(OR(PARAMS!M$1="",PARAMS!$D12=""),"",PARAMS!$C12*SUMPRODUCT((INDIRECT("'"&PARAMS!$D12&"'!C2:C65000")>PARAMS!L$1)*((INDIRECT("'"&PARAMS!$D12&"'!C2:C65000")<=PARAMS!M$1))*(OR($C$3="",INDIRECT("'"&PARAMS!$D12&"'!A2:A65000")=$C$3))*(OR($C$4="",INDIRECT("'"&PARAMS!$D12&"'!B2:B65000")=$C$4)),INDIRECT("'"&PARAMS!$D12&"'!D2:D65000"))),IF(OR(PARAMS!M$1="",PARAMS!$D12=""),"",PARAMS!$C12*SUMPRODUCT((INDIRECT("'"&PARAMS!$D12&"'!C2:C65000")>PARAMS!L$1)*((INDIRECT("'"&PARAMS!$D12&"'!C2:C65000")<=PARAMS!M$1))*(INDIRECT("'"&PARAMS!$D12&"'!A2:A65000")=$C$3)*(OR($C$4="",INDIRECT("'"&PARAMS!$D12&"'!B2:B65000")=$C$4)),INDIRECT("'"&PARAMS!$D12&"'!D2:D65000")))) -> 0
B22: =IF(PARAMS!$E13="","",HYPERLINK("#"&PARAMS!D13&"!A1",PARAMS!E13)) -> Règlt. attendus par BO | C22: =IF(ISBLANK($C$3),IF(OR(PARAMS!H$1="",PARAMS!$D13=""),"",PARAMS!$C13*SUMPRODUCT((INDIRECT("'"&PARAMS!$D13&"'!C2:C65000")>PARAMS!G$1)*((INDIRECT("'"&PARAMS!$D13&"'!C2:C65000")<=PARAMS!H$1))*(OR($C$3="",INDIRECT("'"&PARAMS!$D13&"'!A2:A65000")=$C$3))*(OR($C$4="",INDIRECT("'"&PARAMS!$D13&"'!B2:B65000")=$C$4)),INDIRECT("'"&PARAMS!$D13&"'!D2:D65000"))),IF(OR(PARAMS!H$1="",PARAMS!$D13=""),"",PARAMS!$C13*SUMPRODUCT((INDIRECT("'"&PARAMS!$D13&"'!C2:C65000")>PARAMS!G$1)*((INDIRECT("'"&PARAMS!$D13&"'!C2:C65000")<=PARAMS!H$1))*(INDIRECT("'"&PARAMS!$D13&"'!A2:A65000")=$C$3)*(OR($C$4="",INDIRECT("'"&PARAMS!$D13&"'!B2:B65000")=$C$4)),INDIRECT("'"&PARAMS!$D13&"'!D2:D65000")))) -> 0 | D22: =IF(ISBLANK($C$3),IF(OR(PARAMS!I$1="",PARAMS!$D13=""),"",PARAMS!$C13*SUMPRODUCT((INDIRECT("'"&PARAMS!$D13&"'!C2:C65000")>PARAMS!H$1)*((INDIRECT("'"&PARAMS!$D13&"'!C2:C65000")<=PARAMS!I$1))*(OR($C$3="",INDIRECT("'"&PARAMS!$D13&"'!A2:A65000")=$C$3))*(OR($C$4="",INDIRECT("'"&PARAMS!$D13&"'!B2:B65000")=$C$4)),INDIRECT("'"&PARAMS!$D13&"'!D2:D65000"))),IF(OR(PARAMS!I$1="",PARAMS!$D13=""),"",PARAMS!$C13*SUMPRODUCT((INDIRECT("'"&PARAMS!$D13&"'!C2:C65000")>PARAMS!H$1)*((INDIRECT("'"&PARAMS!$D13&"'!C2:C65000")<=PARAMS!I$1))*(INDIRECT("'"&PARAMS!$D13&"'!A2:A65000")=$C$3)*(OR($C$4="",INDIRECT("'"&PARAMS!$D13&"'!B2:B65000")=$C$4)),INDIRECT("'"&PARAMS!$D13&"'!D2:D65000")))) -> 0 | E22: =IF(ISBLANK($C$3),IF(OR(PARAMS!J$1="",PARAMS!$D13=""),"",PARAMS!$C13*SUMPRODUCT((INDIRECT("'"&PARAMS!$D13&"'!C2:C65000")>PARAMS!I$1)*((INDIRECT("'"&PARAMS!$D13&"'!C2:C65000")<=PARAMS!J$1))*(OR($C$3="",INDIRECT("'"&PARAMS!$D13&"'!A2:A65000")=$C$3))*(OR($C$4="",INDIRECT("'"&PARAMS!$D13&"'!B2:B65000")=$C$4)),INDIRECT("'"&PARAMS!$D13&"'!D2:D65000"))),IF(OR(PARAMS!J$1="",PARAMS!$D13=""),"",PARAMS!$C13*SUMPRODUCT((INDIRECT("'"&PARAMS!$D13&"'!C2:C65000")>PARAMS!I$1)*((INDIRECT("'"&PARAMS!$D13&"'!C2:C65000")<=PARAMS!J$1))*(INDIRECT("'"&PARAMS!$D13&"'!A2:A65000")=$C$3)*(OR($C$4="",INDIRECT("'"&PARAMS!$D13&"'!B2:B65000")=$C$4)),INDIRECT("'"&PARAMS!$D13&"'!D2:D65000")))) -> 0 | F22: =IF(ISBLANK($C$3),IF(OR(PARAMS!K$1="",PARAMS!$D13=""),"",PARAMS!$C13*SUMPRODUCT((INDIRECT("'"&PARAMS!$D13&"'!C2:C65000")>PARAMS!J$1)*((INDIRECT("'"&PARAMS!$D13&"'!C2:C65000")<=PARAMS!K$1))*(OR($C$3="",INDIRECT("'"&PARAMS!$D13&"'!A2:A65000")=$C$3))*(OR($C$4="",INDIRECT("'"&PARAMS!$D13&"'!B2:B65000")=$C$4)),INDIRECT("'"&PARAMS!$D13&"'!D2:D65000"))),IF(OR(PARAMS!K$1="",PARAMS!$D13=""),"",PARAMS!$C13*SUMPRODUCT((INDIRECT("'"&PARAMS!$D13&"'!C2:C65000")>PARAMS!J$1)*((INDIRECT("'"&PARAMS!$D13&"'!C2:C65000")<=PARAMS!K$1))*(INDIRECT("'"&PARAMS!$D13&"'!A2:A65000")=$C$3)*(OR($C$4="",INDIRECT("'"&PARAMS!$D13&"'!B2:B65000")=$C$4)),INDIRECT("'"&PARAMS!$D13&"'!D2:D65000")))) -> 0 | G22: =IF(ISBLANK($C$3),IF(OR(PARAMS!L$1="",PARAMS!$D13=""),"",PARAMS!$C13*SUMPRODUCT((INDIRECT("'"&PARAMS!$D13&"'!C2:C65000")>PARAMS!K$1)*((INDIRECT("'"&PARAMS!$D13&"'!C2:C65000")<=PARAMS!L$1))*(OR($C$3="",INDIRECT("'"&PARAMS!$D13&"'!A2:A65000")=$C$3))*(OR($C$4="",INDIRECT("'"&PARAMS!$D13&"'!B2:B65000")=$C$4)),INDIRECT("'"&PARAMS!$D13&"'!D2:D65000"))),IF(OR(PARAMS!L$1="",PARAMS!$D13=""),"",PARAMS!$C13*SUMPRODUCT((INDIRECT("'"&PARAMS!$D13&"'!C2:C65000")>PARAMS!K$1)*((INDIRECT("'"&PARAMS!$D13&"'!C2:C65000")<=PARAMS!L$1))*(INDIRECT("'"&PARAMS!$D13&"'!A2:A65000")=$C$3)*(OR($C$4="",INDIRECT("'"&PARAMS!$D13&"'!B2:B65000")=$C$4)),INDIRECT("'"&PARAMS!$D13&"'!D2:D65000")))) -> 0 | H22: =IF(ISBLANK($C$3),IF(OR(PARAMS!M$1="",PARAMS!$D13=""),"",PARAMS!$C13*SUMPRODUCT((INDIRECT("'"&PARAMS!$D13&"'!C2:C65000")>PARAMS!L$1)*((INDIRECT("'"&PARAMS!$D13&"'!C2:C65000")<=PARAMS!M$1))*(OR($C$3="",INDIRECT("'"&PARAMS!$D13&"'!A2:A65000")=$C$3))*(OR($C$4="",INDIRECT("'"&PARAMS!$D13&"'!B2:B65000")=$C$4)),INDIRECT("'"&PARAMS!$D13&"'!D2:D65000"))),IF(OR(PARAMS!M$1="",PARAMS!$D13=""),"",PARAMS!$C13*SUMPRODUCT((INDIRECT("'"&PARAMS!$D13&"'!C2:C65000")>PARAMS!L$1)*((INDIRECT("'"&PARAMS!$D13&"'!C2:C65000")<=PARAMS!M$1))*(INDIRECT("'"&PARAMS!$D13&"'!A2:A65000")=$C$3)*(OR($C$4="",INDIRECT("'"&PARAMS!$D13&"'!B2:B65000")=$C$4)),INDIRECT("'"&PARAMS!$D13&"'!D2:D65000")))) -> 0
B23: =IF(PARAMS!$E14="","",HYPERLINK("#"&PARAMS!D14&"!A1",PARAMS!E14)) -> Règlt. attendus par Traite NA | C23: =IF(ISBLANK($C$3),IF(OR(PARAMS!H$1="",PARAMS!$D14=""),"",PARAMS!$C14*SUMPRODUCT((INDIRECT("'"&PARAMS!$D14&"'!C2:C65000")>PARAMS!G$1)*((INDIRECT("'"&PARAMS!$D14&"'!C2:C65000")<=PARAMS!H$1))*(OR($C$3="",INDIRECT("'"&PARAMS!$D14&"'!A2:A65000")=$C$3))*(OR($C$4="",INDIRECT("'"&PARAMS!$D14&"'!B2:B65000")=$C$4)),INDIRECT("'"&PARAMS!$D14&"'!D2:D65000"))),IF(OR(PARAMS!H$1="",PARAMS!$D14=""),"",PARAMS!$C14*SUMPRODUCT((INDIRECT("'"&PARAMS!$D14&"'!C2:C65000")>PARAMS!G$1)*((INDIRECT("'"&PARAMS!$D14&"'!C2:C65000")<=PARAMS!H$1))*(INDIRECT("'"&PARAMS!$D14&"'!A2:A65000")=$C$3)*(OR($C$4="",INDIRECT("'"&PARAMS!$D14&"'!B2:B65000")=$C$4)),INDIRECT("'"&PARAMS!$D14&"'!D2:D65000")))) -> 0 | D23: =IF(ISBLANK($C$3),IF(OR(PARAMS!I$1="",PARAMS!$D14=""),"",PARAMS!$C14*SUMPRODUCT((INDIRECT("'"&PARAMS!$D14&"'!C2:C65000")>PARAMS!H$1)*((INDIRECT("'"&PARAMS!$D14&"'!C2:C65000")<=PARAMS!I$1))*(OR($C$3="",INDIRECT("'"&PARAMS!$D14&"'!A2:A65000")=$C$3))*(OR($C$4="",INDIRECT("'"&PARAMS!$D14&"'!B2:B65000")=$C$4)),INDIRECT("'"&PARAMS!$D14&"'!D2:D65000"))),IF(OR(PARAMS!I$1="",PARAMS!$D14=""),"",PARAMS!$C14*SUMPRODUCT((INDIRECT("'"&PARAMS!$D14&"'!C2:C65000")>PARAMS!H$1)*((INDIRECT("'"&PARAMS!$D14&"'!C2:C65000")<=PARAMS!I$1))*(INDIRECT("'"&PARAMS!$D14&"'!A2:A65000")=$C$3)*(OR($C$4="",INDIRECT("'"&PARAMS!$D14&"'!B2:B65000")=$C$4)),INDIRECT("'"&PARAMS!$D14&"'!D2:D65000")))) -> 0 | E23: =IF(ISBLANK($C$3),IF(OR(PARAMS!J$1="",PARAMS!$D14=""),"",PARAMS!$C14*SUMPRODUCT((INDIRECT("'"&PARAMS!$D14&"'!C2:C65000")>PARAMS!I$1)*((INDIRECT("'"&PARAMS!$D14&"'!C2:C65000")<=PARAMS!J$1))*(OR($C$3="",INDIRECT("'"&PARAMS!$D14&"'!A2:A65000")=$C$3))*(OR($C$4="",INDIRECT("'"&PARAMS!$D14&"'!B2:B65000")=$C$4)),INDIRECT("'"&PARAMS!$D14&"'!D2:D65000"))),IF(OR(PARAMS!J$1="",PARAMS!$D14=""),"",PARAMS!$C14*SUMPRODUCT((INDIRECT("'"&PARAMS!$D14&"'!C2:C65000")>PARAMS!I$1)*((INDIRECT("'"&PARAMS!$D14&"'!C2:C65000")<=PARAMS!J$1))*(INDIRECT("'"&PARAMS!$D14&"'!A2:A65000")=$C$3)*(OR($C$4="",INDIRECT("'"&PARAMS!$D14&"'!B2:B65000")=$C$4)),INDIRECT("'"&PARAMS!$D14&"'!D2:D65000")))) -> 0 | F23: =IF(ISBLANK($C$3),IF(OR(PARAMS!K$1="",PARAMS!$D14=""),"",PARAMS!$C14*SUMPRODUCT((INDIRECT("'"&PARAMS!$D14&"'!C2:C65000")>PARAMS!J$1)*((INDIRECT("'"&PARAMS!$D14&"'!C2:C65000")<=PARAMS!K$1))*(OR($C$3="",INDIRECT("'"&PARAMS!$D14&"'!A2:A65000")=$C$3))*(OR($C$4="",INDIRECT("'"&PARAMS!$D14&"'!B2:B65000")=$C$4)),INDIRECT("'"&PARAMS!$D14&"'!D2:D65000"))),IF(OR(PARAMS!K$1="",PARAMS!$D14=""),"",PARAMS!$C14*SUMPRODUCT((INDIRECT("'"&PARAMS!$D14&"'!C2:C65000")>PARAMS!J$1)*((INDIRECT("'"&PARAMS!$D14&"'!C2:C65000")<=PARAMS!K$1))*(INDIRECT("'"&PARAMS!$D14&"'!A2:A65000")=$C$3)*(OR($C$4="",INDIRECT("'"&PARAMS!$D14&"'!B2:B65000")=$C$4)),INDIRECT("'"&PARAMS!$D14&"'!D2:D65000")))) -> 0 | G23: =IF(ISBLANK($C$3),IF(OR(PARAMS!L$1="",PARAMS!$D14=""),"",PARAMS!$C14*SUMPRODUCT((INDIRECT("'"&PARAMS!$D14&"'!C2:C65000")>PARAMS!K$1)*((INDIRECT("'"&PARAMS!$D14&"'!C2:C65000")<=PARAMS!L$1))*(OR($C$3="",INDIRECT("'"&PARAMS!$D14&"'!A2:A65000")=$C$3))*(OR($C$4="",INDIRECT("'"&PARAMS!$D14&"'!B2:B65000")=$C$4)),INDIRECT("'"&PARAMS!$D14&"'!D2:D65000"))),IF(OR(PARAMS!L$1="",PARAMS!$D14=""),"",PARAMS!$C14*SUMPRODUCT((INDIRECT("'"&PARAMS!$D14&"'!C2:C65000")>PARAMS!K$1)*((INDIRECT("'"&PARAMS!$D14&"'!C2:C65000")<=PARAMS!L$1))*(INDIRECT("'"&PARAMS!$D14&"'!A2:A65000")=$C$3)*(OR($C$4="",INDIRECT("'"&PARAMS!$D14&"'!B2:B65000")=$C$4)),INDIRECT("'"&PARAMS!$D14&"'!D2:D65000")))) -> 0 | H23: =IF(ISBLANK($C$3),IF(OR(PARAMS!M$1="",PARAMS!$D14=""),"",PARAMS!$C14*SUMPRODUCT((INDIRECT("'"&PARAMS!$D14&"'!C2:C65000")>PARAMS!L$1)*((INDIRECT("'"&PARAMS!$D14&"'!C2:C65000")<=PARAMS!M$1))*(OR($C$3="",INDIRECT("'"&PARAMS!$D14&"'!A2:A65000")=$C$3))*(OR($C$4="",INDIRECT("'"&PARAMS!$D14&"'!B2:B65000")=$C$4)),INDIRECT("'"&PARAMS!$D14&"'!D2:D65000"))),IF(OR(PARAMS!M$1="",PARAMS!$D14=""),"",PARAMS!$C14*SUMPRODUCT((INDIRECT("'"&PARAMS!$D14&"'!C2:C65000")>PARAMS!L$1)*((INDIRECT("'"&PARAMS!$D14&"'!C2:C65000")<=PARAMS!M$1))*(INDIRECT("'"&PARAMS!$D14&"'!A2:A65000")=$C$3)*(OR($C$4="",INDIRECT("'"&PARAMS!$D14&"'!B2:B65000")=$C$4)),INDIRECT("'"&PARAMS!$D14&"'!D2:D65000")))) -> 0
... B79: =IF(PARAMS!$E70="","",HYPERLINK("#"&PARAMS!D70&"!A1",PARAMS!E70)) -> CESSION | C79: =IF(ISBLANK($C$3),IF(OR(PARAMS!H$1="",PARAMS!$D70=""),"",PARAMS!$C70*SUMPRODUCT((INDIRECT("'"&PARAMS!$D70&"'!C2:C65000")>PARAMS!G$1)*((INDIRECT("'"&PARAMS!$D70&"'!C2:C65000")<=PARAMS!H$1))*(OR($C$3="",INDIRECT("'"&PARAMS!$D70&"'!A2:A65000")=$C$3))*(OR($C$4="",INDIRECT("'"&PARAMS!$D70&"'!B2:B65000")=$C$4)),INDIRECT("'"&PARAMS!$D70&"'!D2:D65000"))),IF(OR(PARAMS!H$1="",PARAMS!$D70=""),"",PARAMS!$C70*SUMPRODUCT((INDIRECT("'"&PARAMS!$D70&"'!C2:C65000")>PARAMS!G$1)*((INDIRECT("'"&PARAMS!$D70&"'!C2:C65000")<=PARAMS!H$1))*(INDIRECT("'"&PARAMS!$D70&"'!A2:A65000")=$C$3)*(OR($C$4="",INDIRECT("'"&PARAMS!$D70&"'!B2:B65000")=$C$4)),INDIRECT("'"&PARAMS!$D70&"'!D2:D65000")))) -> 0 | D79: =IF(ISBLANK($C$3),IF(OR(PARAMS!I$1="",PARAMS!$D70=""),"",PARAMS!$C70*SUMPRODUCT((INDIRECT("'"&PARAMS!$D70&"'!C2:C65000")>PARAMS!H$1)*((INDIRECT("'"&PARAMS!$D70&"'!C2:C65000")<=PARAMS!I$1))*(OR($C$3="",INDIRECT("'"&PARAMS!$D70&"'!A2:A65000")=$C$3))*(OR($C$4="",INDIRECT("'"&PARAMS!$D70&"'!B2:B65000")=$C$4)),INDIRECT("'"&PARAMS!$D70&"'!D2:D65000"))),IF(OR(PARAMS!I$1="",PARAMS!$D70=""),"",PARAMS!$C70*SUMPRODUCT((INDIRECT("'"&PARAMS!$D70&"'!C2:C65000")>PARAMS!H$1)*((INDIRECT("'"&PARAMS!$D70&"'!C2:C65000")<=PARAMS!I$1))*(INDIRECT("'"&PARAMS!$D70&"'!A2:A65000")=$C$3)*(OR($C$4="",INDIRECT("'"&PARAMS!$D70&"'!B2:B65000")=$C$4)),INDIRECT("'"&PARAMS!$D70&"'!D2:D65000")))) -> 0 | E79: =IF(ISBLANK($C$3),IF(OR(PARAMS!J$1="",PARAMS!$D70=""),"",PARAMS!$C70*SUMPRODUCT((INDIRECT("'"&PARAMS!$D70&"'!C2:C65000")>PARAMS!I$1)*((INDIRECT("'"&PARAMS!$D70&"'!C2:C65000")<=PARAMS!J$1))*(OR($C$3="",INDIRECT("'"&PARAMS!$D70&"'!A2:A65000")=$C$3))*(OR($C$4="",INDIRECT("'"&PARAMS!$D70&"'!B2:B65000")=$C$4)),INDIRECT("'"&PARAMS!$D70&"'!D2:D65000"))),IF(OR(PARAMS!J$1="",PARAMS!$D70=""),"",PARAMS!$C70*SUMPRODUCT((INDIRECT("'"&PARAMS!$D70&"'!C2:C65000")>PARAMS!I$1)*((INDIRECT("'"&PARAMS!$D70&"'!C2:C65000")<=PARAMS!J$1))*(INDIRECT("'"&PARAMS!$D70&"'!A2:A65000")=$C$3)*(OR($C$4="",INDIRECT("'"&PARAMS!$D70&"'!B2:B65000")=$C$4)),INDIRECT("'"&PARAMS!$D70&"'!D2:D65000")))) -> 0 | F79: =IF(ISBLANK($C$3),IF(OR(PARAMS!K$1="",PARAMS!$D70=""),"",PARAMS!$C70*SUMPRODUCT((INDIRECT("'"&PARAMS!$D70&"'!C2:C65000")>PARAMS!J$1)*((INDIRECT("'"&PARAMS!$D70&"'!C2:C65000")<=PARAMS!K$1))*(OR($C$3="",INDIRECT("'"&PARAMS!$D70&"'!A2:A65000")=$C$3))*(OR($C$4="",INDIRECT("'"&PARAMS!$D70&"'!B2:B65000")=$C$4)),INDIRECT("'"&PARAMS!$D70&"'!D2:D65000"))),IF(OR(PARAMS!K$1="",PARAMS!$D70=""),"",PARAMS!$C70*SUMPRODUCT((INDIRECT("'"&PARAMS!$D70&"'!C2:C65000")>PARAMS!J$1)*((INDIRECT("'"&PARAMS!$D70&"'!C2:C65000")<=PARAMS!K$1))*(INDIRECT("'"&PARAMS!$D70&"'!A2:A65000")=$C$3)*(OR($C$4="",INDIRECT("'"&PARAMS!$D70&"'!B2:B65000")=$C$4)),INDIRECT("'"&PARAMS!$D70&"'!D2:D65000")))) -> 0 | G79: =IF(ISBLANK($C$3),IF(OR(PARAMS!L$1="",PARAMS!$D70=""),"",PARAMS!$C70*SUMPRODUCT((INDIRECT("'"&PARAMS!$D70&"'!C2:C65000")>PARAMS!K$1)*((INDIRECT("'"&PARAMS!$D70&"'!C2:C65000")<=PARAMS!L$1))*(OR($C$3="",INDIRECT("'"&PARAMS!$D70&"'!A2:A65000")=$C$3))*(OR($C$4="",INDIRECT("'"&PARAMS!$D70&"'!B2:B65000")=$C$4)),INDIRECT("'"&PARAMS!$D70&"'!D2:D65000"))),IF(OR(PARAMS!L$1="",PARAMS!$D70=""),"",PARAMS!$C70*SUMPRODUCT((INDIRECT("'"&PARAMS!$D70&"'!C2:C65000")>PARAMS!K$1)*((INDIRECT("'"&PARAMS!$D70&"'!C2:C65000")<=PARAMS!L$1))*(INDIRECT("'"&PARAMS!$D70&"'!A2:A65000")=$C$3)*(OR($C$4="",INDIRECT("'"&PARAMS!$D70&"'!B2:B65000")=$C$4)),INDIRECT("'"&PARAMS!$D70&"'!D2:D65000")))) -> 0 | H79: =IF(ISBLANK($C$3),IF(OR(PARAMS!M$1="",PARAMS!$D70=""),"",PARAMS!$C70*SUMPRODUCT((INDIRECT("'"&PARAMS!$D70&"'!C2:C65000")>PARAMS!L$1)*((INDIRECT("'"&PARAMS!$D70&"'!C2:C65000")<=PARAMS!M$1))*(OR($C$3="",INDIRECT("'"&PARAMS!$D70&"'!A2:A65000")=$C$3))*(OR($C$4="",INDIRECT("'"&PARAMS!$D70&"'!B2:B65000")=$C$4)),INDIRECT("'"&PARAMS!$D70&"'!D2:D65000"))),IF(OR(PARAMS!M$1="",PARAMS!$D70=""),"",PARAMS!$C70*SUMPRODUCT((INDIRECT("'"&PARAMS!$D70&"'!C2:C65000")>PARAMS!L$1)*((INDIRECT("'"&PARAMS!$D70&"'!C2:C65000")<=PARAMS!M$1))*(INDIRECT("'"&PARAMS!$D70&"'!A2:A65000")=$C$3)*(OR($C$4="",INDIRECT("'"&PARAMS!$D70&"'!B2:B65000")=$C$4)),INDIRECT("'"&PARAMS!$D70&"'!D2:D65000")))) -> 0
C80: =IF(ISBLANK($C$3),IF(OR(PARAMS!H$1="",PARAMS!$D71=""),"",PARAMS!$C71*SUMPRODUCT((INDIRECT("'"&PARAMS!$D71&"'!C2:C65000")>PARAMS!G$1)*((INDIRECT("'"&PARAMS!$D71&"'!C2:C65000")<=PARAMS!H$1))*(OR($C$3="",INDIRECT("'"&PARAMS!$D71&"'!A2:A65000")=$C$3))*(OR($C$4="",INDIRECT("'"&PARAMS!$D71&"'!B2:B65000")=$C$4)),INDIRECT("'"&PARAMS!$D71&"'!D2:D65000"))),IF(OR(PARAMS!H$1="",PARAMS!$D71=""),"",PARAMS!$C71*SUMPRODUCT((INDIRECT("'"&PARAMS!$D71&"'!C2:C65000")>PARAMS!G$1)*((INDIRECT("'"&PARAMS!$D71&"'!C2:C65000")<=PARAMS!H$1))*(INDIRECT("'"&PARAMS!$D71&"'!A2:A65000")=$C$3)*(OR($C$4="",INDIRECT("'"&PARAMS!$D71&"'!B2:B65000")=$C$4)),INDIRECT("'"&PARAMS!$D71&"'!D2:D65000")))) | D80: =IF(ISBLANK($C$3),IF(OR(PARAMS!I$1="",PARAMS!$D71=""),"",PARAMS!$C71*SUMPRODUCT((INDIRECT("'"&PARAMS!$D71&"'!C2:C65000")>PARAMS!H$1)*((INDIRECT("'"&PARAMS!$D71&"'!C2:C65000")<=PARAMS!I$1))*(OR($C$3="",INDIRECT("'"&PARAMS!$D71&"'!A2:A65000")=$C$3))*(OR($C$4="",INDIRECT("'"&PARAMS!$D71&"'!B2:B65000")=$C$4)),INDIRECT("'"&PARAMS!$D71&"'!D2:D65000"))),IF(OR(PARAMS!I$1="",PARAMS!$D71=""),"",PARAMS!$C71*SUMPRODUCT((INDIRECT("'"&PARAMS!$D71&"'!C2:C65000")>PARAMS!H$1)*((INDIRECT("'"&PARAMS!$D71&"'!C2:C65000")<=PARAMS!I$1))*(INDIRECT("'"&PARAMS!$D71&"'!A2:A65000")=$C$3)*(OR($C$4="",INDIRECT("'"&PARAMS!$D71&"'!B2:B65000")=$C$4)),INDIRECT("'"&PARAMS!$D71&"'!D2:D65000")))) | E80: =IF(ISBLANK($C$3),IF(OR(PARAMS!J$1="",PARAMS!$D71=""),"",PARAMS!$C71*SUMPRODUCT((INDIRECT("'"&PARAMS!$D71&"'!C2:C65000")>PARAMS!I$1)*((INDIRECT("'"&PARAMS!$D71&"'!C2:C65000")<=PARAMS!J$1))*(OR($C$3="",INDIRECT("'"&PARAMS!$D71&"'!A2:A65000")=$C$3))*(OR($C$4="",INDIRECT("'"&PARAMS!$D71&"'!B2:B65000")=$C$4)),INDIRECT("'"&PARAMS!$D71&"'!D2:D65000"))),IF(OR(PARAMS!J$1="",PARAMS!$D71=""),"",PARAMS!$C71*SUMPRODUCT((INDIRECT("'"&PARAMS!$D71&"'!C2:C65000")>PARAMS!I$1)*((INDIRECT("'"&PARAMS!$D71&"'!C2:C65000")<=PARAMS!J$1))*(INDIRECT("'"&PARAMS!$D71&"'!A2:A65000")=$C$3)*(OR($C$4="",INDIRECT("'"&PARAMS!$D71&"'!B2:B65000")=$C$4)),INDIRECT("'"&PARAMS!$D71&"'!D2:D65000")))) | F80: =IF(ISBLANK($C$3),IF(OR(PARAMS!K$1="",PARAMS!$D71=""),"",PARAMS!$C71*SUMPRODUCT((INDIRECT("'"&PARAMS!$D71&"'!C2:C65000")>PARAMS!J$1)*((INDIRECT("'"&PARAMS!$D71&"'!C2:C65000")<=PARAMS!K$1))*(OR($C$3="",INDIRECT("'"&PARAMS!$D71&"'!A2:A65000")=$C$3))*(OR($C$4="",INDIRECT("'"&PARAMS!$D71&"'!B2:B65000")=$C$4)),INDIRECT("'"&PARAMS!$D71&"'!D2:D65000"))),IF(OR(PARAMS!K$1="",PARAMS!$D71=""),"",PARAMS!$C71*SUMPRODUCT((INDIRECT("'"&PARAMS!$D71&"'!C2:C65000")>PARAMS!J$1)*((INDIRECT("'"&PARAMS!$D71&"'!C2:C65000")<=PARAMS!K$1))*(INDIRECT("'"&PARAMS!$D71&"'!A2:A65000")=$C$3)*(OR($C$4="",INDIRECT("'"&PARAMS!$D71&"'!B2:B65000")=$C$4)),INDIRECT("'"&PARAMS!$D71&"'!D2:D65000")))) | G80: =IF(ISBLANK($C$3),IF(OR(PARAMS!L$1="",PARAMS!$D71=""),"",PARAMS!$C71*SUMPRODUCT((INDIRECT("'"&PARAMS!$D71&"'!C2:C65000")>PARAMS!K$1)*((INDIRECT("'"&PARAMS!$D71&"'!C2:C65000")<=PARAMS!L$1))*(OR($C$3="",INDIRECT("'"&PARAMS!$D71&"'!A2:A65000")=$C$3))*(OR($C$4="",INDIRECT("'"&PARAMS!$D71&"'!B2:B65000")=$C$4)),INDIRECT("'"&PARAMS!$D71&"'!D2:D65000"))),IF(OR(PARAMS!L$1="",PARAMS!$D71=""),"",PARAMS!$C71*SUMPRODUCT((INDIRECT("'"&PARAMS!$D71&"'!C2:C65000")>PARAMS!K$1)*((INDIRECT("'"&PARAMS!$D71&"'!C2:C65000")<=PARAMS!L$1))*(INDIRECT("'"&PARAMS!$D71&"'!A2:A65000")=$C$3)*(OR($C$4="",INDIRECT("'"&PARAMS!$D71&"'!B2:B65000")=$C$4)),INDIRECT("'"&PARAMS!$D71&"'!D2:D65000")))) | H80: =IF(ISBLANK($C$3),IF(OR(PARAMS!M$1="",PARAMS!$D71=""),"",PARAMS!$C71*SUMPRODUCT((INDIRECT("'"&PARAMS!$D71&"'!C2:C65000")>PARAMS!L$1)*((INDIRECT("'"&PARAMS!$D71&"'!C2:C65000")<=PARAMS!M$1))*(OR($C$3="",INDIRECT("'"&PARAMS!$D71&"'!A2:A65000")=$C$3))*(OR($C$4="",INDIRECT("'"&PARAMS!$D71&"'!B2:B65000")=$C$4)),INDIRECT("'"&PARAMS!$D71&"'!D2:D65000"))),IF(OR(PARAMS!M$1="",PARAMS!$D71=""),"",PARAMS!$C71*SUMPRODUCT((INDIRECT("'"&PARAMS!$D71&"'!C2:C65000")>PARAMS!L$1)*((INDIRECT("'"&PARAMS!$D71&"'!C2:C65000")<=PARAMS!M$1))*(INDIRECT("'"&PARAMS!$D71&"'!A2:A65000")=$C$3)*(OR($C$4="",INDIRECT("'"&PARAMS!$D71&"'!B2:B65000")=$C$4)),INDIRECT("'"&PARAMS!$D71&"'!D2:D65000"))))
C81: =IF(ISBLANK($C$3),IF(OR(PARAMS!H$1="",PARAMS!$D72=""),"",PARAMS!$C72*SUMPRODUCT((INDIRECT("'"&PARAMS!$D72&"'!C2:C65000")>PARAMS!G$1)*((INDIRECT("'"&PARAMS!$D72&"'!C2:C65000")<=PARAMS!H$1))*(OR($C$3="",INDIRECT("'"&PARAMS!$D72&"'!A2:A65000")=$C$3))*(OR($C$4="",INDIRECT("'"&PARAMS!$D72&"'!B2:B65000")=$C$4)),INDIRECT("'"&PARAMS!$D72&"'!D2:D65000"))),IF(OR(PARAMS!H$1="",PARAMS!$D72=""),"",PARAMS!$C72*SUMPRODUCT((INDIRECT("'"&PARAMS!$D72&"'!C2:C65000")>PARAMS!G$1)*((INDIRECT("'"&PARAMS!$D72&"'!C2:C65000")<=PARAMS!H$1))*(INDIRECT("'"&PARAMS!$D72&"'!A2:A65000")=$C$3)*(OR($C$4="",INDIRECT("'"&PARAMS!$D72&"'!B2:B65000")=$C$4)),INDIRECT("'"&PARAMS!$D72&"'!D2:D65000")))) | D81: =IF(ISBLANK($C$3),IF(OR(PARAMS!I$1="",PARAMS!$D72=""),"",PARAMS!$C72*SUMPRODUCT((INDIRECT("'"&PARAMS!$D72&"'!C2:C65000")>PARAMS!H$1)*((INDIRECT("'"&PARAMS!$D72&"'!C2:C65000")<=PARAMS!I$1))*(OR($C$3="",INDIRECT("'"&PARAMS!$D72&"'!A2:A65000")=$C$3))*(OR($C$4="",INDIRECT("'"&PARAMS!$D72&"'!B2:B65000")=$C$4)),INDIRECT("'"&PARAMS!$D72&"'!D2:D65000"))),IF(OR(PARAMS!I$1="",PARAMS!$D72=""),"",PARAMS!$C72*SUMPRODUCT((INDIRECT("'"&PARAMS!$D72&"'!C2:C65000")>PARAMS!H$1)*((INDIRECT("'"&PARAMS!$D72&"'!C2:C65000")<=PARAMS!I$1))*(INDIRECT("'"&PARAMS!$D72&"'!A2:A65000")=$C$3)*(OR($C$4="",INDIRECT("'"&PARAMS!$D72&"'!B2:B65000")=$C$4)),INDIRECT("'"&PARAMS!$D72&"'!D2:D65000")))) | E81: =IF(ISBLANK($C$3),IF(OR(PARAMS!J$1="",PARAMS!$D72=""),"",PARAMS!$C72*SUMPRODUCT((INDIRECT("'"&PARAMS!$D72&"'!C2:C65000")>PARAMS!I$1)*((INDIRECT("'"&PARAMS!$D72&"'!C2:C65000")<=PARAMS!J$1))*(OR($C$3="",INDIRECT("'"&PARAMS!$D72&"'!A2:A65000")=$C$3))*(OR($C$4="",INDIRECT("'"&PARAMS!$D72&"'!B2:B65000")=$C$4)),INDIRECT("'"&PARAMS!$D72&"'!D2:D65000"))),IF(OR(PARAMS!J$1="",PARAMS!$D72=""),"",PARAMS!$C72*SUMPRODUCT((INDIRECT("'"&PARAMS!$D72&"'!C2:C65000")>PARAMS!I$1)*((INDIRECT("'"&PARAMS!$D72&"'!C2:C65000")<=PARAMS!J$1))*(INDIRECT("'"&PARAMS!$D72&"'!A2:A65000")=$C$3)*(OR($C$4="",INDIRECT("'"&PARAMS!$D72&"'!B2:B65000")=$C$4)),INDIRECT("'"&PARAMS!$D72&"'!D2:D65000")))) | F81: =IF(ISBLANK($C$3),IF(OR(PARAMS!K$1="",PARAMS!$D72=""),"",PARAMS!$C72*SUMPRODUCT((INDIRECT("'"&PARAMS!$D72&"'!C2:C65000")>PARAMS!J$1)*((INDIRECT("'"&PARAMS!$D72&"'!C2:C65000")<=PARAMS!K$1))*(OR($C$3="",INDIRECT("'"&PARAMS!$D72&"'!A2:A65000")=$C$3))*(OR($C$4="",INDIRECT("'"&PARAMS!$D72&"'!B2:B65000")=$C$4)),INDIRECT("'"&PARAMS!$D72&"'!D2:D65000"))),IF(OR(PARAMS!K$1="",PARAMS!$D72=""),"",PARAMS!$C72*SUMPRODUCT((INDIRECT("'"&PARAMS!$D72&"'!C2:C65000")>PARAMS!J$1)*((INDIRECT("'"&PARAMS!$D72&"'!C2:C65000")<=PARAMS!K$1))*(INDIRECT("'"&PARAMS!$D72&"'!A2:A65000")=$C$3)*(OR($C$4="",INDIRECT("'"&PARAMS!$D72&"'!B2:B65000")=$C$4)),INDIRECT("'"&PARAMS!$D72&"'!D2:D65000")))) | G81: =IF(ISBLANK($C$3),IF(OR(PARAMS!L$1="",PARAMS!$D72=""),"",PARAMS!$C72*SUMPRODUCT((INDIRECT("'"&PARAMS!$D72&"'!C2:C65000")>PARAMS!K$1)*((INDIRECT("'"&PARAMS!$D72&"'!C2:C65000")<=PARAMS!L$1))*(OR($C$3="",INDIRECT("'"&PARAMS!$D72&"'!A2:A65000")=$C$3))*(OR($C$4="",INDIRECT("'"&PARAMS!$D72&"'!B2:B65000")=$C$4)),INDIRECT("'"&PARAMS!$D72&"'!D2:D65000"))),IF(OR(PARAMS!L$1="",PARAMS!$D72=""),"",PARAMS!$C72*SUMPRODUCT((INDIRECT("'"&PARAMS!$D72&"'!C2:C65000")>PARAMS!K$1)*((INDIRECT("'"&PARAMS!$D72&"'!C2:C65000")<=PARAMS!L$1))*(INDIRECT("'"&PARAMS!$D72&"'!A2:A65000")=$C$3)*(OR($C$4="",INDIRECT("'"&PARAMS!$D72&"'!B2:B65000")=$C$4)),INDIRECT("'"&PARAMS!$D72&"'!D2:D65000")))) | H81: =IF(ISBLANK($C$3),IF(OR(PARAMS!M$1="",PARAMS!$D72=""),"",PARAMS!$C72*SUMPRODUCT((INDIRECT("'"&PARAMS!$D72&"'!C2:C65000")>PARAMS!L$1)*((INDIRECT("'"&PARAMS!$D72&"'!C2:C65000")<=PARAMS!M$1))*(OR($C$3="",INDIRECT("'"&PARAMS!$D72&"'!A2:A65000")=$C$3))*(OR($C$4="",INDIRECT("'"&PARAMS!$D72&"'!B2:B65000")=$C$4)),INDIRECT("'"&PARAMS!$D72&"'!D2:D65000"))),IF(OR(PARAMS!M$1="",PARAMS!$D72=""),"",PARAMS!$C72*SUMPRODUCT((INDIRECT("'"&PARAMS!$D72&"'!C2:C65000")>PARAMS!L$1)*((INDIRECT("'"&PARAMS!$D72&"'!C2:C65000")<=PARAMS!M$1))*(INDIRECT("'"&PARAMS!$D72&"'!A2:A65000")=$C$3)*(OR($C$4="",INDIRECT("'"&PARAMS!$D72&"'!B2:B65000")=$C$4)),INDIRECT("'"&PARAMS!$D72&"'!D2:D65000"))))
C82: =IF(ISBLANK($C$3),IF(OR(PARAMS!H$1="",PARAMS!$D73=""),"",PARAMS!$C73*SUMPRODUCT((INDIRECT("'"&PARAMS!$D73&"'!C2:C65000")>PARAMS!G$1)*((INDIRECT("'"&PARAMS!$D73&"'!C2:C65000")<=PARAMS!H$1))*(OR($C$3="",INDIRECT("'"&PARAMS!$D73&"'!A2:A65000")=$C$3))*(OR($C$4="",INDIRECT("'"&PARAMS!$D73&"'!B2:B65000")=$C$4)),INDIRECT("'"&PARAMS!$D73&"'!D2:D65000"))),IF(OR(PARAMS!H$1="",PARAMS!$D73=""),"",PARAMS!$C73*SUMPRODUCT((INDIRECT("'"&PARAMS!$D73&"'!C2:C65000")>PARAMS!G$1)*((INDIRECT("'"&PARAMS!$D73&"'!C2:C65000")<=PARAMS!H$1))*(INDIRECT("'"&PARAMS!$D73&"'!A2:A65000")=$C$3)*(OR($C$4="",INDIRECT("'"&PARAMS!$D73&"'!B2:B65000")=$C$4)),INDIRECT("'"&PARAMS!$D73&"'!D2:D65000")))) | D82: =IF(ISBLANK($C$3),IF(OR(PARAMS!I$1="",PARAMS!$D73=""),"",PARAMS!$C73*SUMPRODUCT((INDIRECT("'"&PARAMS!$D73&"'!C2:C65000")>PARAMS!H$1)*((INDIRECT("'"&PARAMS!$D73&"'!C2:C65000")<=PARAMS!I$1))*(OR($C$3="",INDIRECT("'"&PARAMS!$D73&"'!A2:A65000")=$C$3))*(OR($C$4="",INDIRECT("'"&PARAMS!$D73&"'!B2:B65000")=$C$4)),INDIRECT("'"&PARAMS!$D73&"'!D2:D65000"))),IF(OR(PARAMS!I$1="",PARAMS!$D73=""),"",PARAMS!$C73*SUMPRODUCT((INDIRECT("'"&PARAMS!$D73&"'!C2:C65000")>PARAMS!H$1)*((INDIRECT("'"&PARAMS!$D73&"'!C2:C65000")<=PARAMS!I$1))*(INDIRECT("'"&PARAMS!$D73&"'!A2:A65000")=$C$3)*(OR($C$4="",INDIRECT("'"&PARAMS!$D73&"'!B2:B65000")=$C$4)),INDIRECT("'"&PARAMS!$D73&"'!D2:D65000")))) | E82: =IF(ISBLANK($C$3),IF(OR(PARAMS!J$1="",PARAMS!$D73=""),"",PARAMS!$C73*SUMPRODUCT((INDIRECT("'"&PARAMS!$D73&"'!C2:C65000")>PARAMS!I$1)*((INDIRECT("'"&PARAMS!$D73&"'!C2:C65000")<=PARAMS!J$1))*(OR($C$3="",INDIRECT("'"&PARAMS!$D73&"'!A2:A65000")=$C$3))*(OR($C$4="",INDIRECT("'"&PARAMS!$D73&"'!B2:B65000")=$C$4)),INDIRECT("'"&PARAMS!$D73&"'!D2:D65000"))),IF(OR(PARAMS!J$1="",PARAMS!$D73=""),"",PARAMS!$C73*SUMPRODUCT((INDIRECT("'"&PARAMS!$D73&"'!C2:C65000")>PARAMS!I$1)*((INDIRECT("'"&PARAMS!$D73&"'!C2:C65000")<=PARAMS!J$1))*(INDIRECT("'"&PARAMS!$D73&"'!A2:A65000")=$C$3)*(OR($C$4="",INDIRECT("'"&PARAMS!$D73&"'!B2:B65000")=$C$4)),INDIRECT("'"&PARAMS!$D73&"'!D2:D65000")))) | F82: =IF(ISBLANK($C$3),IF(OR(PARAMS!K$1="",PARAMS!$D73=""),"",PARAMS!$C73*SUMPRODUCT((INDIRECT("'"&PARAMS!$D73&"'!C2:C65000")>PARAMS!J$1)*((INDIRECT("'"&PARAMS!$D73&"'!C2:C65000")<=PARAMS!K$1))*(OR($C$3="",INDIRECT("'"&PARAMS!$D73&"'!A2:A65000")=$C$3))*(OR($C$4="",INDIRECT("'"&PARAMS!$D73&"'!B2:B65000")=$C$4)),INDIRECT("'"&PARAMS!$D73&"'!D2:D65000"))),IF(OR(PARAMS!K$1="",PARAMS!$D73=""),"",PARAMS!$C73*SUMPRODUCT((INDIRECT("'"&PARAMS!$D73&"'!C2:C65000")>PARAMS!J$1)*((INDIRECT("'"&PARAMS!$D73&"'!C2:C65000")<=PARAMS!K$1))*(INDIRECT("'"&PARAMS!$D73&"'!A2:A65000")=$C$3)*(OR($C$4="",INDIRECT("'"&PARAMS!$D73&"'!B2:B65000")=$C$4)),INDIRECT("'"&PARAMS!$D73&"'!D2:D65000")))) | G82: =IF(ISBLANK($C$3),IF(OR(PARAMS!L$1="",PARAMS!$D73=""),"",PARAMS!$C73*SUMPRODUCT((INDIRECT("'"&PARAMS!$D73&"'!C2:C65000")>PARAMS!K$1)*((INDIRECT("'"&PARAMS!$D73&"'!C2:C65000")<=PARAMS!L$1))*(OR($C$3="",INDIRECT("'"&PARAMS!$D73&"'!A2:A65000")=$C$3))*(OR($C$4="",INDIRECT("'"&PARAMS!$D73&"'!B2:B65000")=$C$4)),INDIRECT("'"&PARAMS!$D73&"'!D2:D65000"))),IF(OR(PARAMS!L$1="",PARAMS!$D73=""),"",PARAMS!$C73*SUMPRODUCT((INDIRECT("'"&PARAMS!$D73&"'!C2:C65000")>PARAMS!K$1)*((INDIRECT("'"&PARAMS!$D73&"'!C2:C65000")<=PARAMS!L$1))*(INDIRECT("'"&PARAMS!$D73&"'!A2:A65000")=$C$3)*(OR($C$4="",INDIRECT("'"&PARAMS!$D73&"'!B2:B65000")=$C$4)),INDIRECT("'"&PARAMS!$D73&"'!D2:D65000")))) | H82: =IF(ISBLANK($C$3),IF(OR(PARAMS!M$1="",PARAMS!$D73=""),"",PARAMS!$C73*SUMPRODUCT((INDIRECT("'"&PARAMS!$D73&"'!C2:C65000")>PARAMS!L$1)*((INDIRECT("'"&PARAMS!$D73&"'!C2:C65000")<=PARAMS!M$1))*(OR($C$3="",INDIRECT("'"&PARAMS!$D73&"'!A2:A65000")=$C$3))*(OR($C$4="",INDIRECT("'"&PARAMS!$D73&"'!B2:B65000")=$C$4)),INDIRECT("'"&PARAMS!$D73&"'!D2:D65000"))),IF(OR(PARAMS!M$1="",PARAMS!$D73=""),"",PARAMS!$C73*SUMPRODUCT((INDIRECT("'"&PARAMS!$D73&"'!C2:C65000")>PARAMS!L$1)*((INDIRECT("'"&PARAMS!$D73&"'!C2:C65000")<=PARAMS!M$1))*(INDIRECT("'"&PARAMS!$D73&"'!A2:A65000")=$C$3)*(OR($C$4="",INDIRECT("'"&PARAMS!$D73&"'!B2:B65000")=$C$4)),INDIRECT("'"&PARAMS!$D73&"'!D2:D65000"))))
C83: =IF(ISBLANK($C$3),IF(OR(PARAMS!H$1="",PARAMS!$D74=""),"",PARAMS!$C74*SUMPRODUCT((INDIRECT("'"&PARAMS!$D74&"'!C2:C65000")>PARAMS!G$1)*((INDIRECT("'"&PARAMS!$D74&"'!C2:C65000")<=PARAMS!H$1))*(OR($C$3="",INDIRECT("'"&PARAMS!$D74&"'!A2:A65000")=$C$3))*(OR($C$4="",INDIRECT("'"&PARAMS!$D74&"'!B2:B65000")=$C$4)),INDIRECT("'"&PARAMS!$D74&"'!D2:D65000"))),IF(OR(PARAMS!H$1="",PARAMS!$D74=""),"",PARAMS!$C74*SUMPRODUCT((INDIRECT("'"&PARAMS!$D74&"'!C2:C65000")>PARAMS!G$1)*((INDIRECT("'"&PARAMS!$D74&"'!C2:C65000")<=PARAMS!H$1))*(INDIRECT("'"&PARAMS!$D74&"'!A2:A65000")=$C$3)*(OR($C$4="",INDIRECT("'"&PARAMS!$D74&"'!B2:B65000")=$C$4)),INDIRECT("'"&PARAMS!$D74&"'!D2:D65000")))) | D83: =IF(ISBLANK($C$3),IF(OR(PARAMS!I$1="",PARAMS!$D74=""),"",PARAMS!$C74*SUMPRODUCT((INDIRECT("'"&PARAMS!$D74&"'!C2:C65000")>PARAMS!H$1)*((INDIRECT("'"&PARAMS!$D74&"'!C2:C65000")<=PARAMS!I$1))*(OR($C$3="",INDIRECT("'"&PARAMS!$D74&"'!A2:A65000")=$C$3))*(OR($C$4="",INDIRECT("'"&PARAMS!$D74&"'!B2:B65000")=$C$4)),INDIRECT("'"&PARAMS!$D74&"'!D2:D65000"))),IF(OR(PARAMS!I$1="",PARAMS!$D74=""),"",PARAMS!$C74*SUMPRODUCT((INDIRECT("'"&PARAMS!$D74&"'!C2:C65000")>PARAMS!H$1)*((INDIRECT("'"&PARAMS!$D74&"'!C2:C65000")<=PARAMS!I$1))*(INDIRECT("'"&PARAMS!$D74&"'!A2:A65000")=$C$3)*(OR($C$4="",INDIRECT("'"&PARAMS!$D74&"'!B2:B65000")=$C$4)),INDIRECT("'"&PARAMS!$D74&"'!D2:D65000")))) | E83: =IF(ISBLANK($C$3),IF(OR(PARAMS!J$1="",PARAMS!$D74=""),"",PARAMS!$C74*SUMPRODUCT((INDIRECT("'"&PARAMS!$D74&"'!C2:C65000")>PARAMS!I$1)*((INDIRECT("'"&PARAMS!$D74&"'!C2:C65000")<=PARAMS!J$1))*(OR($C$3="",INDIRECT("'"&PARAMS!$D74&"'!A2:A65000")=$C$3))*(OR($C$4="",INDIRECT("'"&PARAMS!$D74&"'!B2:B65000")=$C$4)),INDIRECT("'"&PARAMS!$D74&"'!D2:D65000"))),IF(OR(PARAMS!J$1="",PARAMS!$D74=""),"",PARAMS!$C74*SUMPRODUCT((INDIRECT("'"&PARAMS!$D74&"'!C2:C65000")>PARAMS!I$1)*((INDIRECT("'"&PARAMS!$D74&"'!C2:C65000")<=PARAMS!J$1))*(INDIRECT("'"&PARAMS!$D74&"'!A2:A65000")=$C$3)*(OR($C$4="",INDIRECT("'"&PARAMS!$D74&"'!B2:B65000")=$C$4)),INDIRECT("'"&PARAMS!$D74&"'!D2:D65000")))) | F83: =IF(ISBLANK($C$3),IF(OR(PARAMS!K$1="",PARAMS!$D74=""),"",PARAMS!$C74*SUMPRODUCT((INDIRECT("'"&PARAMS!$D74&"'!C2:C65000")>PARAMS!J$1)*((INDIRECT("'"&PARAMS!$D74&"'!C2:C65000")<=PARAMS!K$1))*(OR($C$3="",INDIRECT("'"&PARAMS!$D74&"'!A2:A65000")=$C$3))*(OR($C$4="",INDIRECT("'"&PARAMS!$D74&"'!B2:B65000")=$C$4)),INDIRECT("'"&PARAMS!$D74&"'!D2:D65000"))),IF(OR(PARAMS!K$1="",PARAMS!$D74=""),"",PARAMS!$C74*SUMPRODUCT((INDIRECT("'"&PARAMS!$D74&"'!C2:C65000")>PARAMS!J$1)*((INDIRECT("'"&PARAMS!$D74&"'!C2:C65000")<=PARAMS!K$1))*(INDIRECT("'"&PARAMS!$D74&"'!A2:A65000")=$C$3)*(OR($C$4="",INDIRECT("'"&PARAMS!$D74&"'!B2:B65000")=$C$4)),INDIRECT("'"&PARAMS!$D74&"'!D2:D65000")))) | G83: =IF(ISBLANK($C$3),IF(OR(PARAMS!L$1="",PARAMS!$D74=""),"",PARAMS!$C74*SUMPRODUCT((INDIRECT("'"&PARAMS!$D74&"'!C2:C65000")>PARAMS!K$1)*((INDIRECT("'"&PARAMS!$D74&"'!C2:C65000")<=PARAMS!L$1))*(OR($C$3="",INDIRECT("'"&PARAMS!$D74&"'!A2:A65000")=$C$3))*(OR($C$4="",INDIRECT("'"&PARAMS!$D74&"'!B2:B65000")=$C$4)),INDIRECT("'"&PARAMS!$D74&"'!D2:D65000"))),IF(OR(PARAMS!L$1="",PARAMS!$D74=""),"",PARAMS!$C74*SUMPRODUCT((INDIRECT("'"&PARAMS!$D74&"'!C2:C65000")>PARAMS!K$1)*((INDIRECT("'"&PARAMS!$D74&"'!C2:C65000")<=PARAMS!L$1))*(INDIRECT("'"&PARAMS!$D74&"'!A2:A65000")=$C$3)*(OR($C$4="",INDIRECT("'"&PARAMS!$D74&"'!B2:B65000")=$C$4)),INDIRECT("'"&PARAMS!$D74&"'!D2:D65000")))) | H83: =IF(ISBLANK($C$3),IF(OR(PARAMS!M$1="",PARAMS!$D74=""),"",PARAMS!$C74*SUMPRODUCT((INDIRECT("'"&PARAMS!$D74&"'!C2:C65000")>PARAMS!L$1)*((INDIRECT("'"&PARAMS!$D74&"'!C2:C65000")<=PARAMS!M$1))*(OR($C$3="",INDIRECT("'"&PARAMS!$D74&"'!A2:A65000")=$C$3))*(OR($C$4="",INDIRECT("'"&PARAMS!$D74&"'!B2:B65000")=$C$4)),INDIRECT("'"&PARAMS!$D74&"'!D2:D65000"))),IF(OR(PARAMS!M$1="",PARAMS!$D74=""),"",PARAMS!$C74*SUMPRODUCT((INDIRECT("'"&PARAMS!$D74&"'!C2:C65000")>PARAMS!L$1)*((INDIRECT("'"&PARAMS!$D74&"'!C2:C65000")<=PARAMS!M$1))*(INDIRECT("'"&PARAMS!$D74&"'!A2:A65000")=$C$3)*(OR($C$4="",INDIRECT("'"&PARAMS!$D74&"'!B2:B65000")=$C$4)),INDIRECT("'"&PARAMS!$D74&"'!D2:D65000"))))
C84: =IF(ISBLANK($C$3),IF(OR(PARAMS!H$1="",PARAMS!$D75=""),"",PARAMS!$C75*SUMPRODUCT((INDIRECT("'"&PARAMS!$D75&"'!C2:C65000")>PARAMS!G$1)*((INDIRECT("'"&PARAMS!$D75&"'!C2:C65000")<=PARAMS!H$1))*(OR($C$3="",INDIRECT("'"&PARAMS!$D75&"'!A2:A65000")=$C$3))*(OR($C$4="",INDIRECT("'"&PARAMS!$D75&"'!B2:B65000")=$C$4)),INDIRECT("'"&PARAMS!$D75&"'!D2:D65000"))),IF(OR(PARAMS!H$1="",PARAMS!$D75=""),"",PARAMS!$C75*SUMPRODUCT((INDIRECT("'"&PARAMS!$D75&"'!C2:C65000")>PARAMS!G$1)*((INDIRECT("'"&PARAMS!$D75&"'!C2:C65000")<=PARAMS!H$1))*(INDIRECT("'"&PARAMS!$D75&"'!A2:A65000")=$C$3)*(OR($C$4="",INDIRECT("'"&PARAMS!$D75&"'!B2:B65000")=$C$4)),INDIRECT("'"&PARAMS!$D75&"'!D2:D65000")))) | D84: =IF(ISBLANK($C$3),IF(OR(PARAMS!I$1="",PARAMS!$D75=""),"",PARAMS!$C75*SUMPRODUCT((INDIRECT("'"&PARAMS!$D75&"'!C2:C65000")>PARAMS!H$1)*((INDIRECT("'"&PARAMS!$D75&"'!C2:C65000")<=PARAMS!I$1))*(OR($C$3="",INDIRECT("'"&PARAMS!$D75&"'!A2:A65000")=$C$3))*(OR($C$4="",INDIRECT("'"&PARAMS!$D75&"'!B2:B65000")=$C$4)),INDIRECT("'"&PARAMS!$D75&"'!D2:D65000"))),IF(OR(PARAMS!I$1="",PARAMS!$D75=""),"",PARAMS!$C75*SUMPRODUCT((INDIRECT("'"&PARAMS!$D75&"'!C2:C65000")>PARAMS!H$1)*((INDIRECT("'"&PARAMS!$D75&"'!C2:C65000")<=PARAMS!I$1))*(INDIRECT("'"&PARAMS!$D75&"'!A2:A65000")=$C$3)*(OR($C$4="",INDIRECT("'"&PARAMS!$D75&"'!B2:B65000")=$C$4)),INDIRECT("'"&PARAMS!$D75&"'!D2:D65000")))) | E84: =IF(ISBLANK($C$3),IF(OR(PARAMS!J$1="",PARAMS!$D75=""),"",PARAMS!$C75*SUMPRODUCT((INDIRECT("'"&PARAMS!$D75&"'!C2:C65000")>PARAMS!I$1)*((INDIRECT("'"&PARAMS!$D75&"'!C2:C65000")<=PARAMS!J$1))*(OR($C$3="",INDIRECT("'"&PARAMS!$D75&"'!A2:A65000")=$C$3))*(OR($C$4="",INDIRECT("'"&PARAMS!$D75&"'!B2:B65000")=$C$4)),INDIRECT("'"&PARAMS!$D75&"'!D2:D65000"))),IF(OR(PARAMS!J$1="",PARAMS!$D75=""),"",PARAMS!$C75*SUMPRODUCT((INDIRECT("'"&PARAMS!$D75&"'!C2:C65000")>PARAMS!I$1)*((INDIRECT("'"&PARAMS!$D75&"'!C2:C65000")<=PARAMS!J$1))*(INDIRECT("'"&PARAMS!$D75&"'!A2:A65000")=$C$3)*(OR($C$4="",INDIRECT("'"&PARAMS!$D75&"'!B2:B65000")=$C$4)),INDIRECT("'"&PARAMS!$D75&"'!D2:D65000")))) | F84: =IF(ISBLANK($C$3),IF(OR(PARAMS!K$1="",PARAMS!$D75=""),"",PARAMS!$C75*SUMPRODUCT((INDIRECT("'"&PARAMS!$D75&"'!C2:C65000")>PARAMS!J$1)*((INDIRECT("'"&PARAMS!$D75&"'!C2:C65000")<=PARAMS!K$1))*(OR($C$3="",INDIRECT("'"&PARAMS!$D75&"'!A2:A65000")=$C$3))*(OR($C$4="",INDIRECT("'"&PARAMS!$D75&"'!B2:B65000")=$C$4)),INDIRECT("'"&PARAMS!$D75&"'!D2:D65000"))),IF(OR(PARAMS!K$1="",PARAMS!$D75=""),"",PARAMS!$C75*SUMPRODUCT((INDIRECT("'"&PARAMS!$D75&"'!C2:C65000")>PARAMS!J$1)*((INDIRECT("'"&PARAMS!$D75&"'!C2:C65000")<=PARAMS!K$1))*(INDIRECT("'"&PARAMS!$D75&"'!A2:A65000")=$C$3)*(OR($C$4="",INDIRECT("'"&PARAMS!$D75&"'!B2:B65000")=$C$4)),INDIRECT("'"&PARAMS!$D75&"'!D2:D65000")))) | G84: =IF(ISBLANK($C$3),IF(OR(PARAMS!L$1="",PARAMS!$D75=""),"",PARAMS!$C75*SUMPRODUCT((INDIRECT("'"&PARAMS!$D75&"'!C2:C65000")>PARAMS!K$1)*((INDIRECT("'"&PARAMS!$D75&"'!C2:C65000")<=PARAMS!L$1))*(OR($C$3="",INDIRECT("'"&PARAMS!$D75&"'!A2:A65000")=$C$3))*(OR($C$4="",INDIRECT("'"&PARAMS!$D75&"'!B2:B65000")=$C$4)),INDIRECT("'"&PARAMS!$D75&"'!D2:D65000"))),IF(OR(PARAMS!L$1="",PARAMS!$D75=""),"",PARAMS!$C75*SUMPRODUCT((INDIRECT("'"&PARAMS!$D75&"'!C2:C65000")>PARAMS!K$1)*((INDIRECT("'"&PARAMS!$D75&"'!C2:C65000")<=PARAMS!L$1))*(INDIRECT("'"&PARAMS!$D75&"'!A2:A65000")=$C$3)*(OR($C$4="",INDIRECT("'"&PARAMS!$D75&"'!B2:B65000")=$C$4)),INDIRECT("'"&PARAMS!$D75&"'!D2:D65000")))) | H84: =IF(ISBLANK($C$3),IF(OR(PARAMS!M$1="",PARAMS!$D75=""),"",PARAMS!$C75*SUMPRODUCT((INDIRECT("'"&PARAMS!$D75&"'!C2:C65000")>PARAMS!L$1)*((INDIRECT("'"&PARAMS!$D75&"'!C2:C65000")<=PARAMS!M$1))*(OR($C$3="",INDIRECT("'"&PARAMS!$D75&"'!A2:A65000")=$C$3))*(OR($C$4="",INDIRECT("'"&PARAMS!$D75&"'!B2:B65000")=$C$4)),INDIRECT("'"&PARAMS!$D75&"'!D2:D65000"))),IF(OR(PARAMS!M$1="",PARAMS!$D75=""),"",PARAMS!$C75*SUMPRODUCT((INDIRECT("'"&PARAMS!$D75&"'!C2:C65000")>PARAMS!L$1)*((INDIRECT("'"&PARAMS!$D75&"'!C2:C65000")<=PARAMS!M$1))*(INDIRECT("'"&PARAMS!$D75&"'!A2:A65000")=$C$3)*(OR($C$4="",INDIRECT("'"&PARAMS!$D75&"'!B2:B65000")=$C$4)),INDIRECT("'"&PARAMS!$D75&"'!D2:D65000"))))
C85: =IF(ISBLANK($C$3),IF(OR(PARAMS!H$1="",PARAMS!$D76=""),"",PARAMS!$C76*SUMPRODUCT((INDIRECT("'"&PARAMS!$D76&"'!C2:C65000")>PARAMS!G$1)*((INDIRECT("'"&PARAMS!$D76&"'!C2:C65000")<=PARAMS!H$1))*(OR($C$3="",INDIRECT("'"&PARAMS!$D76&"'!A2:A65000")=$C$3))*(OR($C$4="",INDIRECT("'"&PARAMS!$D76&"'!B2:B65000")=$C$4)),INDIRECT("'"&PARAMS!$D76&"'!D2:D65000"))),IF(OR(PARAMS!H$1="",PARAMS!$D76=""),"",PARAMS!$C76*SUMPRODUCT((INDIRECT("'"&PARAMS!$D76&"'!C2:C65000")>PARAMS!G$1)*((INDIRECT("'"&PARAMS!$D76&"'!C2:C65000")<=PARAMS!H$1))*(INDIRECT("'"&PARAMS!$D76&"'!A2:A65000")=$C$3)*(OR($C$4="",INDIRECT("'"&PARAMS!$D76&"'!B2:B65000")=$C$4)),INDIRECT("'"&PARAMS!$D76&"'!D2:D65000")))) | D85: =IF(ISBLANK($C$3),IF(OR(PARAMS!I$1="",PARAMS!$D76=""),"",PARAMS!$C76*SUMPRODUCT((INDIRECT("'"&PARAMS!$D76&"'!C2:C65000")>PARAMS!H$1)*((INDIRECT("'"&PARAMS!$D76&"'!C2:C65000")<=PARAMS!I$1))*(OR($C$3="",INDIRECT("'"&PARAMS!$D76&"'!A2:A65000")=$C$3))*(OR($C$4="",INDIRECT("'"&PARAMS!$D76&"'!B2:B65000")=$C$4)),INDIRECT("'"&PARAMS!$D76&"'!D2:D65000"))),IF(OR(PARAMS!I$1="",PARAMS!$D76=""),"",PARAMS!$C76*SUMPRODUCT((INDIRECT("'"&PARAMS!$D76&"'!C2:C65000")>PARAMS!H$1)*((INDIRECT("'"&PARAMS!$D76&"'!C2:C65000")<=PARAMS!I$1))*(INDIRECT("'"&PARAMS!$D76&"'!A2:A65000")=$C$3)*(OR($C$4="",INDIRECT("'"&PARAMS!$D76&"'!B2:B65000")=$C$4)),INDIRECT("'"&PARAMS!$D76&"'!D2:D65000")))) | E85: =IF(ISBLANK($C$3),IF(OR(PARAMS!J$1="",PARAMS!$D76=""),"",PARAMS!$C76*SUMPRODUCT((INDIRECT("'"&PARAMS!$D76&"'!C2:C65000")>PARAMS!I$1)*((INDIRECT("'"&PARAMS!$D76&"'!C2:C65000")<=PARAMS!J$1))*(OR($C$3="",INDIRECT("'"&PARAMS!$D76&"'!A2:A65000")=$C$3))*(OR($C$4="",INDIRECT("'"&PARAMS!$D76&"'!B2:B65000")=$C$4)),INDIRECT("'"&PARAMS!$D76&"'!D2:D65000"))),IF(OR(PARAMS!J$1="",PARAMS!$D76=""),"",PARAMS!$C76*SUMPRODUCT((INDIRECT("'"&PARAMS!$D76&"'!C2:C65000")>PARAMS!I$1)*((INDIRECT("'"&PARAMS!$D76&"'!C2:C65000")<=PARAMS!J$1))*(INDIRECT("'"&PARAMS!$D76&"'!A2:A65000")=$C$3)*(OR($C$4="",INDIRECT("'"&PARAMS!$D76&"'!B2:B65000")=$C$4)),INDIRECT("'"&PARAMS!$D76&"'!D2:D65000")))) | F85: =IF(ISBLANK($C$3),IF(OR(PARAMS!K$1="",PARAMS!$D76=""),"",PARAMS!$C76*SUMPRODUCT((INDIRECT("'"&PARAMS!$D76&"'!C2:C65000")>PARAMS!J$1)*((INDIRECT("'"&PARAMS!$D76&"'!C2:C65000")<=PARAMS!K$1))*(OR($C$3="",INDIRECT("'"&PARAMS!$D76&"'!A2:A65000")=$C$3))*(OR($C$4="",INDIRECT("'"&PARAMS!$D76&"'!B2:B65000")=$C$4)),INDIRECT("'"&PARAMS!$D76&"'!D2:D65000"))),IF(OR(PARAMS!K$1="",PARAMS!$D76=""),"",PARAMS!$C76*SUMPRODUCT((INDIRECT("'"&PARAMS!$D76&"'!C2:C65000")>PARAMS!J$1)*((INDIRECT("'"&PARAMS!$D76&"'!C2:C65000")<=PARAMS!K$1))*(INDIRECT("'"&PARAMS!$D76&"'!A2:A65000")=$C$3)*(OR($C$4="",INDIRECT("'"&PARAMS!$D76&"'!B2:B65000")=$C$4)),INDIRECT("'"&PARAMS!$D76&"'!D2:D65000")))) | G85: =IF(ISBLANK($C$3),IF(OR(PARAMS!L$1="",PARAMS!$D76=""),"",PARAMS!$C76*SUMPRODUCT((INDIRECT("'"&PARAMS!$D76&"'!C2:C65000")>PARAMS!K$1)*((INDIRECT("'"&PARAMS!$D76&"'!C2:C65000")<=PARAMS!L$1))*(OR($C$3="",INDIRECT("'"&PARAMS!$D76&"'!A2:A65000")=$C$3))*(OR($C$4="",INDIRECT("'"&PARAMS!$D76&"'!B2:B65000")=$C$4)),INDIRECT("'"&PARAMS!$D76&"'!D2:D65000"))),IF(OR(PARAMS!L$1="",PARAMS!$D76=""),"",PARAMS!$C76*SUMPRODUCT((INDIRECT("'"&PARAMS!$D76&"'!C2:C65000")>PARAMS!K$1)*((INDIRECT("'"&PARAMS!$D76&"'!C2:C65000")<=PARAMS!L$1))*(INDIRECT("'"&PARAMS!$D76&"'!A2:A65000")=$C$3)*(OR($C$4="",INDIRECT("'"&PARAMS!$D76&"'!B2:B65000")=$C$4)),INDIRECT("'"&PARAMS!$D76&"'!D2:D65000")))) | H85: =IF(ISBLANK($C$3),IF(OR(PARAMS!M$1="",PARAMS!$D76=""),"",PARAMS!$C76*SUMPRODUCT((INDIRECT("'"&PARAMS!$D76&"'!C2:C65000")>PARAMS!L$1)*((INDIRECT("'"&PARAMS!$D76&"'!C2:C65000")<=PARAMS!M$1))*(OR($C$3="",INDIRECT("'"&PARAMS!$D76&"'!A2:A65000")=$C$3))*(OR($C$4="",INDIRECT("'"&PARAMS!$D76&"'!B2:B65000")=$C$4)),INDIRECT("'"&PARAMS!$D76&"'!D2:D65000"))),IF(OR(PARAMS!M$1="",PARAMS!$D76=""),"",PARAMS!$C76*SUMPRODUCT((INDIRECT("'"&PARAMS!$D76&"'!C2:C65000")>PARAMS!L$1)*((INDIRECT("'"&PARAMS!$D76&"'!C2:C65000")<=PARAMS!M$1))*(INDIRECT("'"&PARAMS!$D76&"'!A2:A65000")=$C$3)*(OR($C$4="",INDIRECT("'"&PARAMS!$D76&"'!B2:B65000")=$C$4)),INDIRECT("'"&PARAMS!$D76&"'!D2:D65000"))))
C86: =IF(ISBLANK($C$3),IF(OR(PARAMS!H$1="",PARAMS!$D77=""),"",PARAMS!$C77*SUMPRODUCT((INDIRECT("'"&PARAMS!$D77&"'!C2:C65000")>PARAMS!G$1)*((INDIRECT("'"&PARAMS!$D77&"'!C2:C65000")<=PARAMS!H$1))*(OR($C$3="",INDIRECT("'"&PARAMS!$D77&"'!A2:A65000")=$C$3))*(OR($C$4="",INDIRECT("'"&PARAMS!$D77&"'!B2:B65000")=$C$4)),INDIRECT("'"&PARAMS!$D77&"'!D2:D65000"))),IF(OR(PARAMS!H$1="",PARAMS!$D77=""),"",PARAMS!$C77*SUMPRODUCT((INDIRECT("'"&PARAMS!$D77&"'!C2:C65000")>PARAMS!G$1)*((INDIRECT("'"&PARAMS!$D77&"'!C2:C65000")<=PARAMS!H$1))*(INDIRECT("'"&PARAMS!$D77&"'!A2:A65000")=$C$3)*(OR($C$4="",INDIRECT("'"&PARAMS!$D77&"'!B2:B65000")=$C$4)),INDIRECT("'"&PARAMS!$D77&"'!D2:D65000")))) | D86: =IF(ISBLANK($C$3),IF(OR(PARAMS!I$1="",PARAMS!$D77=""),"",PARAMS!$C77*SUMPRODUCT((INDIRECT("'"&PARAMS!$D77&"'!C2:C65000")>PARAMS!H$1)*((INDIRECT("'"&PARAMS!$D77&"'!C2:C65000")<=PARAMS!I$1))*(OR($C$3="",INDIRECT("'"&PARAMS!$D77&"'!A2:A65000")=$C$3))*(OR($C$4="",INDIRECT("'"&PARAMS!$D77&"'!B2:B65000")=$C$4)),INDIRECT("'"&PARAMS!$D77&"'!D2:D65000"))),IF(OR(PARAMS!I$1="",PARAMS!$D77=""),"",PARAMS!$C77*SUMPRODUCT((INDIRECT("'"&PARAMS!$D77&"'!C2:C65000")>PARAMS!H$1)*((INDIRECT("'"&PARAMS!$D77&"'!C2:C65000")<=PARAMS!I$1))*(INDIRECT("'"&PARAMS!$D77&"'!A2:A65000")=$C$3)*(OR($C$4="",INDIRECT("'"&PARAMS!$D77&"'!B2:B65000")=$C$4)),INDIRECT("'"&PARAMS!$D77&"'!D2:D65000")))) | E86: =IF(ISBLANK($C$3),IF(OR(PARAMS!J$1="",PARAMS!$D77=""),"",PARAMS!$C77*SUMPRODUCT((INDIRECT("'"&PARAMS!$D77&"'!C2:C65000")>PARAMS!I$1)*((INDIRECT("'"&PARAMS!$D77&"'!C2:C65000")<=PARAMS!J$1))*(OR($C$3="",INDIRECT("'"&PARAMS!$D77&"'!A2:A65000")=$C$3))*(OR($C$4="",INDIRECT("'"&PARAMS!$D77&"'!B2:B65000")=$C$4)),INDIRECT("'"&PARAMS!$D77&"'!D2:D65000"))),IF(OR(PARAMS!J$1="",PARAMS!$D77=""),"",PARAMS!$C77*SUMPRODUCT((INDIRECT("'"&PARAMS!$D77&"'!C2:C65000")>PARAMS!I$1)*((INDIRECT("'"&PARAMS!$D77&"'!C2:C65000")<=PARAMS!J$1))*(INDIRECT("'"&PARAMS!$D77&"'!A2:A65000")=$C$3)*(OR($C$4="",INDIRECT("'"&PARAMS!$D77&"'!B2:B65000")=$C$4)),INDIRECT("'"&PARAMS!$D77&"'!D2:D65000")))) | F86: =IF(ISBLANK($C$3),IF(OR(PARAMS!K$1="",PARAMS!$D77=""),"",PARAMS!$C77*SUMPRODUCT((INDIRECT("'"&PARAMS!$D77&"'!C2:C65000")>PARAMS!J$1)*((INDIRECT("'"&PARAMS!$D77&"'!C2:C65000")<=PARAMS!K$1))*(OR($C$3="",INDIRECT("'"&PARAMS!$D77&"'!A2:A65000")=$C$3))*(OR($C$4="",INDIRECT("'"&PARAMS!$D77&"'!B2:B65000")=$C$4)),INDIRECT("'"&PARAMS!$D77&"'!D2:D65000"))),IF(OR(PARAMS!K$1="",PARAMS!$D77=""),"",PARAMS!$C77*SUMPRODUCT((INDIRECT("'"&PARAMS!$D77&"'!C2:C65000")>PARAMS!J$1)*((INDIRECT("'"&PARAMS!$D77&"'!C2:C65000")<=PARAMS!K$1))*(INDIRECT("'"&PARAMS!$D77&"'!A2:A65000")=$C$3)*(OR($C$4="",INDIRECT("'"&PARAMS!$D77&"'!B2:B65000")=$C$4)),INDIRECT("'"&PARAMS!$D77&"'!D2:D65000")))) | G86: =IF(ISBLANK($C$3),IF(OR(PARAMS!L$1="",PARAMS!$D77=""),"",PARAMS!$C77*SUMPRODUCT((INDIRECT("'"&PARAMS!$D77&"'!C2:C65000")>PARAMS!K$1)*((INDIRECT("'"&PARAMS!$D77&"'!C2:C65000")<=PARAMS!L$1))*(OR($C$3="",INDIRECT("'"&PARAMS!$D77&"'!A2:A65000")=$C$3))*(OR($C$4="",INDIRECT("'"&PARAMS!$D77&"'!B2:B65000")=$C$4)),INDIRECT("'"&PARAMS!$D77&"'!D2:D65000"))),IF(OR(PARAMS!L$1="",PARAMS!$D77=""),"",PARAMS!$C77*SUMPRODUCT((INDIRECT("'"&PARAMS!$D77&"'!C2:C65000")>PARAMS!K$1)*((INDIRECT("'"&PARAMS!$D77&"'!C2:C65000")<=PARAMS!L$1))*(INDIRECT("'"&PARAMS!$D77&"'!A2:A65000")=$C$3)*(OR($C$4="",INDIRECT("'"&PARAMS!$D77&"'!B2:B65000")=$C$4)),INDIRECT("'"&PARAMS!$D77&"'!D2:D65000")))) | H86: =IF(ISBLANK($C$3),IF(OR(PARAMS!M$1="",PARAMS!$D77=""),"",PARAMS!$C77*SUMPRODUCT((INDIRECT("'"&PARAMS!$D77&"'!C2:C65000")>PARAMS!L$1)*((INDIRECT("'"&PARAMS!$D77&"'!C2:C65000")<=PARAMS!M$1))*(OR($C$3="",INDIRECT("'"&PARAMS!$D77&"'!A2:A65000")=$C$3))*(OR($C$4="",INDIRECT("'"&PARAMS!$D77&"'!B2:B65000")=$C$4)),INDIRECT("'"&PARAMS!$D77&"'!D2:D65000"))),IF(OR(PARAMS!M$1="",PARAMS!$D77=""),"",PARAMS!$C77*SUMPRODUCT((INDIRECT("'"&PARAMS!$D77&"'!C2:C65000")>PARAMS!L$1)*((INDIRECT("'"&PARAMS!$D77&"'!C2:C65000")<=PARAMS!M$1))*(INDIRECT("'"&PARAMS!$D77&"'!A2:A65000")=$C$3)*(OR($C$4="",INDIRECT("'"&PARAMS!$D77&"'!B2:B65000")=$C$4)),INDIRECT("'"&PARAMS!$D77&"'!D2:D65000"))))
C87: =IF(ISBLANK($C$3),IF(OR(PARAMS!H$1="",PARAMS!$D78=""),"",PARAMS!$C78*SUMPRODUCT((INDIRECT("'"&PARAMS!$D78&"'!C2:C65000")>PARAMS!G$1)*((INDIRECT("'"&PARAMS!$D78&"'!C2:C65000")<=PARAMS!H$1))*(OR($C$3="",INDIRECT("'"&PARAMS!$D78&"'!A2:A65000")=$C$3))*(OR($C$4="",INDIRECT("'"&PARAMS!$D78&"'!B2:B65000")=$C$4)),INDIRECT("'"&PARAMS!$D78&"'!D2:D65000"))),IF(OR(PARAMS!H$1="",PARAMS!$D78=""),"",PARAMS!$C78*SUMPRODUCT((INDIRECT("'"&PARAMS!$D78&"'!C2:C65000")>PARAMS!G$1)*((INDIRECT("'"&PARAMS!$D78&"'!C2:C65000")<=PARAMS!H$1))*(INDIRECT("'"&PARAMS!$D78&"'!A2:A65000")=$C$3)*(OR($C$4="",INDIRECT("'"&PARAMS!$D78&"'!B2:B65000")=$C$4)),INDIRECT("'"&PARAMS!$D78&"'!D2:D65000")))) | D87: =IF(ISBLANK($C$3),IF(OR(PARAMS!I$1="",PARAMS!$D78=""),"",PARAMS!$C78*SUMPRODUCT((INDIRECT("'"&PARAMS!$D78&"'!C2:C65000")>PARAMS!H$1)*((INDIRECT("'"&PARAMS!$D78&"'!C2:C65000")<=PARAMS!I$1))*(OR($C$3="",INDIRECT("'"&PARAMS!$D78&"'!A2:A65000")=$C$3))*(OR($C$4="",INDIRECT("'"&PARAMS!$D78&"'!B2:B65000")=$C$4)),INDIRECT("'"&PARAMS!$D78&"'!D2:D65000"))),IF(OR(PARAMS!I$1="",PARAMS!$D78=""),"",PARAMS!$C78*SUMPRODUCT((INDIRECT("'"&PARAMS!$D78&"'!C2:C65000")>PARAMS!H$1)*((INDIRECT("'"&PARAMS!$D78&"'!C2:C65000")<=PARAMS!I$1))*(INDIRECT("'"&PARAMS!$D78&"'!A2:A65000")=$C$3)*(OR($C$4="",INDIRECT("'"&PARAMS!$D78&"'!B2:B65000")=$C$4)),INDIRECT("'"&PARAMS!$D78&"'!D2:D65000")))) | E87: =IF(ISBLANK($C$3),IF(OR(PARAMS!J$1="",PARAMS!$D78=""),"",PARAMS!$C78*SUMPRODUCT((INDIRECT("'"&PARAMS!$D78&"'!C2:C65000")>PARAMS!I$1)*((INDIRECT("'"&PARAMS!$D78&"'!C2:C65000")<=PARAMS!J$1))*(OR($C$3="",INDIRECT("'"&PARAMS!$D78&"'!A2:A65000")=$C$3))*(OR($C$4="",INDIRECT("'"&PARAMS!$D78&"'!B2:B65000")=$C$4)),INDIRECT("'"&PARAMS!$D78&"'!D2:D65000"))),IF(OR(PARAMS!J$1="",PARAMS!$D78=""),"",PARAMS!$C78*SUMPRODUCT((INDIRECT("'"&PARAMS!$D78&"'!C2:C65000")>PARAMS!I$1)*((INDIRECT("'"&PARAMS!$D78&"'!C2:C65000")<=PARAMS!J$1))*(INDIRECT("'"&PARAMS!$D78&"'!A2:A65000")=$C$3)*(OR($C$4="",INDIRECT("'"&PARAMS!$D78&"'!B2:B65000")=$C$4)),INDIRECT("'"&PARAMS!$D78&"'!D2:D65000")))) | F87: =IF(ISBLANK($C$3),IF(OR(PARAMS!K$1="",PARAMS!$D78=""),"",PARAMS!$C78*SUMPRODUCT((INDIRECT("'"&PARAMS!$D78&"'!C2:C65000")>PARAMS!J$1)*((INDIRECT("'"&PARAMS!$D78&"'!C2:C65000")<=PARAMS!K$1))*(OR($C$3="",INDIRECT("'"&PARAMS!$D78&"'!A2:A65000")=$C$3))*(OR($C$4="",INDIRECT("'"&PARAMS!$D78&"'!B2:B65000")=$C$4)),INDIRECT("'"&PARAMS!$D78&"'!D2:D65000"))),IF(OR(PARAMS!K$1="",PARAMS!$D78=""),"",PARAMS!$C78*SUMPRODUCT((INDIRECT("'"&PARAMS!$D78&"'!C2:C65000")>PARAMS!J$1)*((INDIRECT("'"&PARAMS!$D78&"'!C2:C65000")<=PARAMS!K$1))*(INDIRECT("'"&PARAMS!$D78&"'!A2:A65000")=$C$3)*(OR($C$4="",INDIRECT("'"&PARAMS!$D78&"'!B2:B65000")=$C$4)),INDIRECT("'"&PARAMS!$D78&"'!D2:D65000")))) | G87: =IF(ISBLANK($C$3),IF(OR(PARAMS!L$1="",PARAMS!$D78=""),"",PARAMS!$C78*SUMPRODUCT((INDIRECT("'"&PARAMS!$D78&"'!C2:C65000")>PARAMS!K$1)*((INDIRECT("'"&PARAMS!$D78&"'!C2:C65000")<=PARAMS!L$1))*(OR($C$3="",INDIRECT("'"&PARAMS!$D78&"'!A2:A65000")=$C$3))*(OR($C$4="",INDIRECT("'"&PARAMS!$D78&"'!B2:B65000")=$C$4)),INDIRECT("'"&PARAMS!$D78&"'!D2:D65000"))),IF(OR(PARAMS!L$1="",PARAMS!$D78=""),"",PARAMS!$C78*SUMPRODUCT((INDIRECT("'"&PARAMS!$D78&"'!C2:C65000")>PARAMS!K$1)*((INDIRECT("'"&PARAMS!$D78&"'!C2:C65000")<=PARAMS!L$1))*(INDIRECT("'"&PARAMS!$D78&"'!A2:A65000")=$C$3)*(OR($C$4="",INDIRECT("'"&PARAMS!$D78&"'!B2:B65000")=$C$4)),INDIRECT("'"&PARAMS!$D78&"'!D2:D65000")))) | H87: =IF(ISBLANK($C$3),IF(OR(PARAMS!M$1="",PARAMS!$D78=""),"",PARAMS!$C78*SUMPRODUCT((INDIRECT("'"&PARAMS!$D78&"'!C2:C65000")>PARAMS!L$1)*((INDIRECT("'"&PARAMS!$D78&"'!C2:C65000")<=PARAMS!M$1))*(OR($C$3="",INDIRECT("'"&PARAMS!$D78&"'!A2:A65000")=$C$3))*(OR($C$4="",INDIRECT("'"&PARAMS!$D78&"'!B2:B65000")=$C$4)),INDIRECT("'"&PARAMS!$D78&"'!D2:D65000"))),IF(OR(PARAMS!M$1="",PARAMS!$D78=""),"",PARAMS!$C78*SUMPRODUCT((INDIRECT("'"&PARAMS!$D78&"'!C2:C65000")>PARAMS!L$1)*((INDIRECT("'"&PARAMS!$D78&"'!C2:C65000")<=PARAMS!M$1))*(INDIRECT("'"&PARAMS!$D78&"'!A2:A65000")=$C$3)*(OR($C$4="",INDIRECT("'"&PARAMS!$D78&"'!B2:B65000")=$C$4)),INDIRECT("'"&PARAMS!$D78&"'!D2:D65000"))))
C88: =IF(ISBLANK($C$3),IF(OR(PARAMS!H$1="",PARAMS!$D79=""),"",PARAMS!$C79*SUMPRODUCT((INDIRECT("'"&PARAMS!$D79&"'!C2:C65000")>PARAMS!G$1)*((INDIRECT("'"&PARAMS!$D79&"'!C2:C65000")<=PARAMS!H$1))*(OR($C$3="",INDIRECT("'"&PARAMS!$D79&"'!A2:A65000")=$C$3))*(OR($C$4="",INDIRECT("'"&PARAMS!$D79&"'!B2:B65000")=$C$4)),INDIRECT("'"&PARAMS!$D79&"'!D2:D65000"))),IF(OR(PARAMS!H$1="",PARAMS!$D79=""),"",PARAMS!$C79*SUMPRODUCT((INDIRECT("'"&PARAMS!$D79&"'!C2:C65000")>PARAMS!G$1)*((INDIRECT("'"&PARAMS!$D79&"'!C2:C65000")<=PARAMS!H$1))*(INDIRECT("'"&PARAMS!$D79&"'!A2:A65000")=$C$3)*(OR($C$4="",INDIRECT("'"&PARAMS!$D79&"'!B2:B65000")=$C$4)),INDIRECT("'"&PARAMS!$D79&"'!D2:D65000")))) | D88: =IF(ISBLANK($C$3),IF(OR(PARAMS!I$1="",PARAMS!$D79=""),"",PARAMS!$C79*SUMPRODUCT((INDIRECT("'"&PARAMS!$D79&"'!C2:C65000")>PARAMS!H$1)*((INDIRECT("'"&PARAMS!$D79&"'!C2:C65000")<=PARAMS!I$1))*(OR($C$3="",INDIRECT("'"&PARAMS!$D79&"'!A2:A65000")=$C$3))*(OR($C$4="",INDIRECT("'"&PARAMS!$D79&"'!B2:B65000")=$C$4)),INDIRECT("'"&PARAMS!$D79&"'!D2:D65000"))),IF(OR(PARAMS!I$1="",PARAMS!$D79=""),"",PARAMS!$C79*SUMPRODUCT((INDIRECT("'"&PARAMS!$D79&"'!C2:C65000")>PARAMS!H$1)*((INDIRECT("'"&PARAMS!$D79&"'!C2:C65000")<=PARAMS!I$1))*(INDIRECT("'"&PARAMS!$D79&"'!A2:A65000")=$C$3)*(OR($C$4="",INDIRECT("'"&PARAMS!$D79&"'!B2:B65000")=$C$4)),INDIRECT("'"&PARAMS!$D79&"'!D2:D65000")))) | E88: =IF(ISBLANK($C$3),IF(OR(PARAMS!J$1="",PARAMS!$D79=""),"",PARAMS!$C79*SUMPRODUCT((INDIRECT("'"&PARAMS!$D79&"'!C2:C65000")>PARAMS!I$1)*((INDIRECT("'"&PARAMS!$D79&"'!C2:C65000")<=PARAMS!J$1))*(OR($C$3="",INDIRECT("'"&PARAMS!$D79&"'!A2:A65000")=$C$3))*(OR($C$4="",INDIRECT("'"&PARAMS!$D79&"'!B2:B65000")=$C$4)),INDIRECT("'"&PARAMS!$D79&"'!D2:D65000"))),IF(OR(PARAMS!J$1="",PARAMS!$D79=""),"",PARAMS!$C79*SUMPRODUCT((INDIRECT("'"&PARAMS!$D79&"'!C2:C65000")>PARAMS!I$1)*((INDIRECT("'"&PARAMS!$D79&"'!C2:C65000")<=PARAMS!J$1))*(INDIRECT("'"&PARAMS!$D79&"'!A2:A65000")=$C$3)*(OR($C$4="",INDIRECT("'"&PARAMS!$D79&"'!B2:B65000")=$C$4)),INDIRECT("'"&PARAMS!$D79&"'!D2:D65000")))) | F88: =IF(ISBLANK($C$3),IF(OR(PARAMS!K$1="",PARAMS!$D79=""),"",PARAMS!$C79*SUMPRODUCT((INDIRECT("'"&PARAMS!$D79&"'!C2:C65000")>PARAMS!J$1)*((INDIRECT("'"&PARAMS!$D79&"'!C2:C65000")<=PARAMS!K$1))*(OR($C$3="",INDIRECT("'"&PARAMS!$D79&"'!A2:A65000")=$C$3))*(OR($C$4="",INDIRECT("'"&PARAMS!$D79&"'!B2:B65000")=$C$4)),INDIRECT("'"&PARAMS!$D79&"'!D2:D65000"))),IF(OR(PARAMS!K$1="",PARAMS!$D79=""),"",PARAMS!$C79*SUMPRODUCT((INDIRECT("'"&PARAMS!$D79&"'!C2:C65000")>PARAMS!J$1)*((INDIRECT("'"&PARAMS!$D79&"'!C2:C65000")<=PARAMS!K$1))*(INDIRECT("'"&PARAMS!$D79&"'!A2:A65000")=$C$3)*(OR($C$4="",INDIRECT("'"&PARAMS!$D79&"'!B2:B65000")=$C$4)),INDIRECT("'"&PARAMS!$D79&"'!D2:D65000")))) | G88: =IF(ISBLANK($C$3),IF(OR(PARAMS!L$1="",PARAMS!$D79=""),"",PARAMS!$C79*SUMPRODUCT((INDIRECT("'"&PARAMS!$D79&"'!C2:C65000")>PARAMS!K$1)*((INDIRECT("'"&PARAMS!$D79&"'!C2:C65000")<=PARAMS!L$1))*(OR($C$3="",INDIRECT("'"&PARAMS!$D79&"'!A2:A65000")=$C$3))*(OR($C$4="",INDIRECT("'"&PARAMS!$D79&"'!B2:B65000")=$C$4)),INDIRECT("'"&PARAMS!$D79&"'!D2:D65000"))),IF(OR(PARAMS!L$1="",PARAMS!$D79=""),"",PARAMS!$C79*SUMPRODUCT((INDIRECT("'"&PARAMS!$D79&"'!C2:C65000")>PARAMS!K$1)*((INDIRECT("'"&PARAMS!$D79&"'!C2:C65000")<=PARAMS!L$1))*(INDIRECT("'"&PARAMS!$D79&"'!A2:A65000")=$C$3)*(OR($C$4="",INDIRECT("'"&PARAMS!$D79&"'!B2:B65000")=$C$4)),INDIRECT("'"&PARAMS!$D79&"'!D2:D65000")))) | H88: =IF(ISBLANK($C$3),IF(OR(PARAMS!M$1="",PARAMS!$D79=""),"",PARAMS!$C79*SUMPRODUCT((INDIRECT("'"&PARAMS!$D79&"'!C2:C65000")>PARAMS!L$1)*((INDIRECT("'"&PARAMS!$D79&"'!C2:C65000")<=PARAMS!M$1))*(OR($C$3="",INDIRECT("'"&PARAMS!$D79&"'!A2:A65000")=$C$3))*(OR($C$4="",INDIRECT("'"&PARAMS!$D79&"'!B2:B65000")=$C$4)),INDIRECT("'"&PARAMS!$D79&"'!D2:D65000"))),IF(OR(PARAMS!M$1="",PARAMS!$D79=""),"",PARAMS!$C79*SUMPRODUCT((INDIRECT("'"&PARAMS!$D79&"'!C2:C65000")>PARAMS!L$1)*((INDIRECT("'"&PARAMS!$D79&"'!C2:C65000")<=PARAMS!M$1))*(INDIRECT("'"&PARAMS!$D79&"'!A2:A65000")=$C$3)*(OR($C$4="",INDIRECT("'"&PARAMS!$D79&"'!B2:B65000")=$C$4)),INDIRECT("'"&PARAMS!$D79&"'!D2:D65000"))))
C89: =IF(ISBLANK($C$3),IF(OR(PARAMS!H$1="",PARAMS!$D80=""),"",PARAMS!$C80*SUMPRODUCT((INDIRECT("'"&PARAMS!$D80&"'!C2:C65000")>PARAMS!G$1)*((INDIRECT("'"&PARAMS!$D80&"'!C2:C65000")<=PARAMS!H$1))*(OR($C$3="",INDIRECT("'"&PARAMS!$D80&"'!A2:A65000")=$C$3))*(OR($C$4="",INDIRECT("'"&PARAMS!$D80&"'!B2:B65000")=$C$4)),INDIRECT("'"&PARAMS!$D80&"'!D2:D65000"))),IF(OR(PARAMS!H$1="",PARAMS!$D80=""),"",PARAMS!$C80*SUMPRODUCT((INDIRECT("'"&PARAMS!$D80&"'!C2:C65000")>PARAMS!G$1)*((INDIRECT("'"&PARAMS!$D80&"'!C2:C65000")<=PARAMS!H$1))*(INDIRECT("'"&PARAMS!$D80&"'!A2:A65000")=$C$3)*(OR($C$4="",INDIRECT("'"&PARAMS!$D80&"'!B2:B65000")=$C$4)),INDIRECT("'"&PARAMS!$D80&"'!D2:D65000")))) | D89: =IF(ISBLANK($C$3),IF(OR(PARAMS!I$1="",PARAMS!$D80=""),"",PARAMS!$C80*SUMPRODUCT((INDIRECT("'"&PARAMS!$D80&"'!C2:C65000")>PARAMS!H$1)*((INDIRECT("'"&PARAMS!$D80&"'!C2:C65000")<=PARAMS!I$1))*(OR($C$3="",INDIRECT("'"&PARAMS!$D80&"'!A2:A65000")=$C$3))*(OR($C$4="",INDIRECT("'"&PARAMS!$D80&"'!B2:B65000")=$C$4)),INDIRECT("'"&PARAMS!$D80&"'!D2:D65000"))),IF(OR(PARAMS!I$1="",PARAMS!$D80=""),"",PARAMS!$C80*SUMPRODUCT((INDIRECT("'"&PARAMS!$D80&"'!C2:C65000")>PARAMS!H$1)*((INDIRECT("'"&PARAMS!$D80&"'!C2:C65000")<=PARAMS!I$1))*(INDIRECT("'"&PARAMS!$D80&"'!A2:A65000")=$C$3)*(OR($C$4="",INDIRECT("'"&PARAMS!$D80&"'!B2:B65000")=$C$4)),INDIRECT("'"&PARAMS!$D80&"'!D2:D65000")))) | E89: =IF(ISBLANK($C$3),IF(OR(PARAMS!J$1="",PARAMS!$D80=""),"",PARAMS!$C80*SUMPRODUCT((INDIRECT("'"&PARAMS!$D80&"'!C2:C65000")>PARAMS!I$1)*((INDIRECT("'"&PARAMS!$D80&"'!C2:C65000")<=PARAMS!J$1))*(OR($C$3="",INDIRECT("'"&PARAMS!$D80&"'!A2:A65000")=$C$3))*(OR($C$4="",INDIRECT("'"&PARAMS!$D80&"'!B2:B65000")=$C$4)),INDIRECT("'"&PARAMS!$D80&"'!D2:D65000"))),IF(OR(PARAMS!J$1="",PARAMS!$D80=""),"",PARAMS!$C80*SUMPRODUCT((INDIRECT("'"&PARAMS!$D80&"'!C2:C65000")>PARAMS!I$1)*((INDIRECT("'"&PARAMS!$D80&"'!C2:C65000")<=PARAMS!J$1))*(INDIRECT("'"&PARAMS!$D80&"'!A2:A65000")=$C$3)*(OR($C$4="",INDIRECT("'"&PARAMS!$D80&"'!B2:B65000")=$C$4)),INDIRECT("'"&PARAMS!$D80&"'!D2:D65000")))) | F89: =IF(ISBLANK($C$3),IF(OR(PARAMS!K$1="",PARAMS!$D80=""),"",PARAMS!$C80*SUMPRODUCT((INDIRECT("'"&PARAMS!$D80&"'!C2:C65000")>PARAMS!J$1)*((INDIRECT("'"&PARAMS!$D80&"'!C2:C65000")<=PARAMS!K$1))*(OR($C$3="",INDIRECT("'"&PARAMS!$D80&"'!A2:A65000")=$C$3))*(OR($C$4="",INDIRECT("'"&PARAMS!$D80&"'!B2:B65000")=$C$4)),INDIRECT("'"&PARAMS!$D80&"'!D2:D65000"))),IF(OR(PARAMS!K$1="",PARAMS!$D80=""),"",PARAMS!$C80*SUMPRODUCT((INDIRECT("'"&PARAMS!$D80&"'!C2:C65000")>PARAMS!J$1)*((INDIRECT("'"&PARAMS!$D80&"'!C2:C65000")<=PARAMS!K$1))*(INDIRECT("'"&PARAMS!$D80&"'!A2:A65000")=$C$3)*(OR($C$4="",INDIRECT("'"&PARAMS!$D80&"'!B2:B65000")=$C$4)),INDIRECT("'"&PARAMS!$D80&"'!D2:D65000")))) | G89: =IF(ISBLANK($C$3),IF(OR(PARAMS!L$1="",PARAMS!$D80=""),"",PARAMS!$C80*SUMPRODUCT((INDIRECT("'"&PARAMS!$D80&"'!C2:C65000")>PARAMS!K$1)*((INDIRECT("'"&PARAMS!$D80&"'!C2:C65000")<=PARAMS!L$1))*(OR($C$3="",INDIRECT("'"&PARAMS!$D80&"'!A2:A65000")=$C$3))*(OR($C$4="",INDIRECT("'"&PARAMS!$D80&"'!B2:B65000")=$C$4)),INDIRECT("'"&PARAMS!$D80&"'!D2:D65000"))),IF(OR(PARAMS!L$1="",PARAMS!$D80=""),"",PARAMS!$C80*SUMPRODUCT((INDIRECT("'"&PARAMS!$D80&"'!C2:C65000")>PARAMS!K$1)*((INDIRECT("'"&PARAMS!$D80&"'!C2:C65000")<=PARAMS!L$1))*(INDIRECT("'"&PARAMS!$D80&"'!A2:A65000")=$C$3)*(OR($C$4="",INDIRECT("'"&PARAMS!$D80&"'!B2:B65000")=$C$4)),INDIRECT("'"&PARAMS!$D80&"'!D2:D65000")))) | H89: =IF(ISBLANK($C$3),IF(OR(PARAMS!M$1="",PARAMS!$D80=""),"",PARAMS!$C80*SUMPRODUCT((INDIRECT("'"&PARAMS!$D80&"'!C2:C65000")>PARAMS!L$1)*((INDIRECT("'"&PARAMS!$D80&"'!C2:C65000")<=PARAMS!M$1))*(OR($C$3="",INDIRECT("'"&PARAMS!$D80&"'!A2:A65000")=$C$3))*(OR($C$4="",INDIRECT("'"&PARAMS!$D80&"'!B2:B65000")=$C$4)),INDIRECT("'"&PARAMS!$D80&"'!D2:D65000"))),IF(OR(PARAMS!M$1="",PARAMS!$D80=""),"",PARAMS!$C80*SUMPRODUCT((INDIRECT("'"&PARAMS!$D80&"'!C2:C65000")>PARAMS!L$1)*((INDIRECT("'"&PARAMS!$D80&"'!C2:C65000")<=PARAMS!M$1))*(INDIRECT("'"&PARAMS!$D80&"'!A2:A65000")=$C$3)*(OR($C$4="",INDIRECT("'"&PARAMS!$D80&"'!B2:B65000")=$C$4)),INDIRECT("'"&PARAMS!$D80&"'!D2:D65000"))))
C90: =IF(ISBLANK($C$3),IF(OR(PARAMS!H$1="",PARAMS!$D81=""),"",PARAMS!$C81*SUMPRODUCT((INDIRECT("'"&PARAMS!$D81&"'!C2:C65000")>PARAMS!G$1)*((INDIRECT("'"&PARAMS!$D81&"'!C2:C65000")<=PARAMS!H$1))*(OR($C$3="",INDIRECT("'"&PARAMS!$D81&"'!A2:A65000")=$C$3))*(OR($C$4="",INDIRECT("'"&PARAMS!$D81&"'!B2:B65000")=$C$4)),INDIRECT("'"&PARAMS!$D81&"'!D2:D65000"))),IF(OR(PARAMS!H$1="",PARAMS!$D81=""),"",PARAMS!$C81*SUMPRODUCT((INDIRECT("'"&PARAMS!$D81&"'!C2:C65000")>PARAMS!G$1)*((INDIRECT("'"&PARAMS!$D81&"'!C2:C65000")<=PARAMS!H$1))*(INDIRECT("'"&PARAMS!$D81&"'!A2:A65000")=$C$3)*(OR($C$4="",INDIRECT("'"&PARAMS!$D81&"'!B2:B65000")=$C$4)),INDIRECT("'"&PARAMS!$D81&"'!D2:D65000")))) | D90: =IF(ISBLANK($C$3),IF(OR(PARAMS!I$1="",PARAMS!$D81=""),"",PARAMS!$C81*SUMPRODUCT((INDIRECT("'"&PARAMS!$D81&"'!C2:C65000")>PARAMS!H$1)*((INDIRECT("'"&PARAMS!$D81&"'!C2:C65000")<=PARAMS!I$1))*(OR($C$3="",INDIRECT("'"&PARAMS!$D81&"'!A2:A65000")=$C$3))*(OR($C$4="",INDIRECT("'"&PARAMS!$D81&"'!B2:B65000")=$C$4)),INDIRECT("'"&PARAMS!$D81&"'!D2:D65000"))),IF(OR(PARAMS!I$1="",PARAMS!$D81=""),"",PARAMS!$C81*SUMPRODUCT((INDIRECT("'"&PARAMS!$D81&"'!C2:C65000")>PARAMS!H$1)*((INDIRECT("'"&PARAMS!$D81&"'!C2:C65000")<=PARAMS!I$1))*(INDIRECT("'"&PARAMS!$D81&"'!A2:A65000")=$C$3)*(OR($C$4="",INDIRECT("'"&PARAMS!$D81&"'!B2:B65000")=$C$4)),INDIRECT("'"&PARAMS!$D81&"'!D2:D65000")))) | E90: =IF(ISBLANK($C$3),IF(OR(PARAMS!J$1="",PARAMS!$D81=""),"",PARAMS!$C81*SUMPRODUCT((INDIRECT("'"&PARAMS!$D81&"'!C2:C65000")>PARAMS!I$1)*((INDIRECT("'"&PARAMS!$D81&"'!C2:C65000")<=PARAMS!J$1))*(OR($C$3="",INDIRECT("'"&PARAMS!$D81&"'!A2:A65000")=$C$3))*(OR($C$4="",INDIRECT("'"&PARAMS!$D81&"'!B2:B65000")=$C$4)),INDIRECT("'"&PARAMS!$D81&"'!D2:D65000"))),IF(OR(PARAMS!J$1="",PARAMS!$D81=""),"",PARAMS!$C81*SUMPRODUCT((INDIRECT("'"&PARAMS!$D81&"'!C2:C65000")>PARAMS!I$1)*((INDIRECT("'"&PARAMS!$D81&"'!C2:C65000")<=PARAMS!J$1))*(INDIRECT("'"&PARAMS!$D81&"'!A2:A65000")=$C$3)*(OR($C$4="",INDIRECT("'"&PARAMS!$D81&"'!B2:B65000")=$C$4)),INDIRECT("'"&PARAMS!$D81&"'!D2:D65000")))) | F90: =IF(ISBLANK($C$3),IF(OR(PARAMS!K$1="",PARAMS!$D81=""),"",PARAMS!$C81*SUMPRODUCT((INDIRECT("'"&PARAMS!$D81&"'!C2:C65000")>PARAMS!J$1)*((INDIRECT("'"&PARAMS!$D81&"'!C2:C65000")<=PARAMS!K$1))*(OR($C$3="",INDIRECT("'"&PARAMS!$D81&"'!A2:A65000")=$C$3))*(OR($C$4="",INDIRECT("'"&PARAMS!$D81&"'!B2:B65000")=$C$4)),INDIRECT("'"&PARAMS!$D81&"'!D2:D65000"))),IF(OR(PARAMS!K$1="",PARAMS!$D81=""),"",PARAMS!$C81*SUMPRODUCT((INDIRECT("'"&PARAMS!$D81&"'!C2:C65000")>PARAMS!J$1)*((INDIRECT("'"&PARAMS!$D81&"'!C2:C65000")<=PARAMS!K$1))*(INDIRECT("'"&PARAMS!$D81&"'!A2:A65000")=$C$3)*(OR($C$4="",INDIRECT("'"&PARAMS!$D81&"'!B2:B65000")=$C$4)),INDIRECT("'"&PARAMS!$D81&"'!D2:D65000")))) | G90: =IF(ISBLANK($C$3),IF(OR(PARAMS!L$1="",PARAMS!$D81=""),"",PARAMS!$C81*SUMPRODUCT((INDIRECT("'"&PARAMS!$D81&"'!C2:C65000")>PARAMS!K$1)*((INDIRECT("'"&PARAMS!$D81&"'!C2:C65000")<=PARAMS!L$1))*(OR($C$3="",INDIRECT("'"&PARAMS!$D81&"'!A2:A65000")=$C$3))*(OR($C$4="",INDIRECT("'"&PARAMS!$D81&"'!B2:B65000")=$C$4)),INDIRECT("'"&PARAMS!$D81&"'!D2:D65000"))),IF(OR(PARAMS!L$1="",PARAMS!$D81=""),"",PARAMS!$C81*SUMPRODUCT((INDIRECT("'"&PARAMS!$D81&"'!C2:C65000")>PARAMS!K$1)*((INDIRECT("'"&PARAMS!$D81&"'!C2:C65000")<=PARAMS!L$1))*(INDIRECT("'"&PARAMS!$D81&"'!A2:A65000")=$C$3)*(OR($C$4="",INDIRECT("'"&PARAMS!$D81&"'!B2:B65000")=$C$4)),INDIRECT("'"&PARAMS!$D81&"'!D2:D65000")))) | H90: =IF(ISBLANK($C$3),IF(OR(PARAMS!M$1="",PARAMS!$D81=""),"",PARAMS!$C81*SUMPRODUCT((INDIRECT("'"&PARAMS!$D81&"'!C2:C65000")>PARAMS!L$1)*((INDIRECT("'"&PARAMS!$D81&"'!C2:C65000")<=PARAMS!M$1))*(OR($C$3="",INDIRECT("'"&PARAMS!$D81&"'!A2:A65000")=$C$3))*(OR($C$4="",INDIRECT("'"&PARAMS!$D81&"'!B2:B65000")=$C$4)),INDIRECT("'"&PARAMS!$D81&"'!D2:D65000"))),IF(OR(PARAMS!M$1="",PARAMS!$D81=""),"",PARAMS!$C81*SUMPRODUCT((INDIRECT("'"&PARAMS!$D81&"'!C2:C65000")>PARAMS!L$1)*((INDIRECT("'"&PARAMS!$D81&"'!C2:C65000")<=PARAMS!M$1))*(INDIRECT("'"&PARAMS!$D81&"'!A2:A65000")=$C$3)*(OR($C$4="",INDIRECT("'"&PARAMS!$D81&"'!B2:B65000")=$C$4)),INDIRECT("'"&PARAMS!$D81&"'!D2:D65000"))))
C91: =IF(ISBLANK($C$3),IF(OR(PARAMS!H$1="",PARAMS!$D82=""),"",PARAMS!$C82*SUMPRODUCT((INDIRECT("'"&PARAMS!$D82&"'!C2:C65000")>PARAMS!G$1)*((INDIRECT("'"&PARAMS!$D82&"'!C2:C65000")<=PARAMS!H$1))*(OR($C$3="",INDIRECT("'"&PARAMS!$D82&"'!A2:A65000")=$C$3))*(OR($C$4="",INDIRECT("'"&PARAMS!$D82&"'!B2:B65000")=$C$4)),INDIRECT("'"&PARAMS!$D82&"'!D2:D65000"))),IF(OR(PARAMS!H$1="",PARAMS!$D82=""),"",PARAMS!$C82*SUMPRODUCT((INDIRECT("'"&PARAMS!$D82&"'!C2:C65000")>PARAMS!G$1)*((INDIRECT("'"&PARAMS!$D82&"'!C2:C65000")<=PARAMS!H$1))*(INDIRECT("'"&PARAMS!$D82&"'!A2:A65000")=$C$3)*(OR($C$4="",INDIRECT("'"&PARAMS!$D82&"'!B2:B65000")=$C$4)),INDIRECT("'"&PARAMS!$D82&"'!D2:D65000")))) | D91: =IF(ISBLANK($C$3),IF(OR(PARAMS!I$1="",PARAMS!$D82=""),"",PARAMS!$C82*SUMPRODUCT((INDIRECT("'"&PARAMS!$D82&"'!C2:C65000")>PARAMS!H$1)*((INDIRECT("'"&PARAMS!$D82&"'!C2:C65000")<=PARAMS!I$1))*(OR($C$3="",INDIRECT("'"&PARAMS!$D82&"'!A2:A65000")=$C$3))*(OR($C$4="",INDIRECT("'"&PARAMS!$D82&"'!B2:B65000")=$C$4)),INDIRECT("'"&PARAMS!$D82&"'!D2:D65000"))),IF(OR(PARAMS!I$1="",PARAMS!$D82=""),"",PARAMS!$C82*SUMPRODUCT((INDIRECT("'"&PARAMS!$D82&"'!C2:C65000")>PARAMS!H$1)*((INDIRECT("'"&PARAMS!$D82&"'!C2:C65000")<=PARAMS!I$1))*(INDIRECT("'"&PARAMS!$D82&"'!A2:A65000")=$C$3)*(OR($C$4="",INDIRECT("'"&PARAMS!$D82&"'!B2:B65000")=$C$4)),INDIRECT("'"&PARAMS!$D82&"'!D2:D65000")))) | E91: =IF(ISBLANK($C$3),IF(OR(PARAMS!J$1="",PARAMS!$D82=""),"",PARAMS!$C82*SUMPRODUCT((INDIRECT("'"&PARAMS!$D82&"'!C2:C65000")>PARAMS!I$1)*((INDIRECT("'"&PARAMS!$D82&"'!C2:C65000")<=PARAMS!J$1))*(OR($C$3="",INDIRECT("'"&PARAMS!$D82&"'!A2:A65000")=$C$3))*(OR($C$4="",INDIRECT("'"&PARAMS!$D82&"'!B2:B65000")=$C$4)),INDIRECT("'"&PARAMS!$D82&"'!D2:D65000"))),IF(OR(PARAMS!J$1="",PARAMS!$D82=""),"",PARAMS!$C82*SUMPRODUCT((INDIRECT("'"&PARAMS!$D82&"'!C2:C65000")>PARAMS!I$1)*((INDIRECT("'"&PARAMS!$D82&"'!C2:C65000")<=PARAMS!J$1))*(INDIRECT("'"&PARAMS!$D82&"'!A2:A65000")=$C$3)*(OR($C$4="",INDIRECT("'"&PARAMS!$D82&"'!B2:B65000")=$C$4)),INDIRECT("'"&PARAMS!$D82&"'!D2:D65000")))) | F91: =IF(ISBLANK($C$3),IF(OR(PARAMS!K$1="",PARAMS!$D82=""),"",PARAMS!$C82*SUMPRODUCT((INDIRECT("'"&PARAMS!$D82&"'!C2:C65000")>PARAMS!J$1)*((INDIRECT("'"&PARAMS!$D82&"'!C2:C65000")<=PARAMS!K$1))*(OR($C$3="",INDIRECT("'"&PARAMS!$D82&"'!A2:A65000")=$C$3))*(OR($C$4="",INDIRECT("'"&PARAMS!$D82&"'!B2:B65000")=$C$4)),INDIRECT("'"&PARAMS!$D82&"'!D2:D65000"))),IF(OR(PARAMS!K$1="",PARAMS!$D82=""),"",PARAMS!$C82*SUMPRODUCT((INDIRECT("'"&PARAMS!$D82&"'!C2:C65000")>PARAMS!J$1)*((INDIRECT("'"&PARAMS!$D82&"'!C2:C65000")<=PARAMS!K$1))*(INDIRECT("'"&PARAMS!$D82&"'!A2:A65000")=$C$3)*(OR($C$4="",INDIRECT("'"&PARAMS!$D82&"'!B2:B65000")=$C$4)),INDIRECT("'"&PARAMS!$D82&"'!D2:D65000")))) | G91: =IF(ISBLANK($C$3),IF(OR(PARAMS!L$1="",PARAMS!$D82=""),"",PARAMS!$C82*SUMPRODUCT((INDIRECT("'"&PARAMS!$D82&"'!C2:C65000")>PARAMS!K$1)*((INDIRECT("'"&PARAMS!$D82&"'!C2:C65000")<=PARAMS!L$1))*(OR($C$3="",INDIRECT("'"&PARAMS!$D82&"'!A2:A65000")=$C$3))*(OR($C$4="",INDIRECT("'"&PARAMS!$D82&"'!B2:B65000")=$C$4)),INDIRECT("'"&PARAMS!$D82&"'!D2:D65000"))),IF(OR(PARAMS!L$1="",PARAMS!$D82=""),"",PARAMS!$C82*SUMPRODUCT((INDIRECT("'"&PARAMS!$D82&"'!C2:C65000")>PARAMS!K$1)*((INDIRECT("'"&PARAMS!$D82&"'!C2:C65000")<=PARAMS!L$1))*(INDIRECT("'"&PARAMS!$D82&"'!A2:A65000")=$C$3)*(OR($C$4="",INDIRECT("'"&PARAMS!$D82&"'!B2:B65000")=$C$4)),INDIRECT("'"&PARAMS!$D82&"'!D2:D65000")))) | H91: =IF(ISBLANK($C$3),IF(OR(PARAMS!M$1="",PARAMS!$D82=""),"",PARAMS!$C82*SUMPRODUCT((INDIRECT("'"&PARAMS!$D82&"'!C2:C65000")>PARAMS!L$1)*((INDIRECT("'"&PARAMS!$D82&"'!C2:C65000")<=PARAMS!M$1))*(OR($C$3="",INDIRECT("'"&PARAMS!$D82&"'!A2:A65000")=$C$3))*(OR($C$4="",INDIRECT("'"&PARAMS!$D82&"'!B2:B65000")=$C$4)),INDIRECT("'"&PARAMS!$D82&"'!D2:D65000"))),IF(OR(PARAMS!M$1="",PARAMS!$D82=""),"",PARAMS!$C82*SUMPRODUCT((INDIRECT("'"&PARAMS!$D82&"'!C2:C65000")>PARAMS!L$1)*((INDIRECT("'"&PARAMS!$D82&"'!C2:C65000")<=PARAMS!M$1))*(INDIRECT("'"&PARAMS!$D82&"'!A2:A65000")=$C$3)*(OR($C$4="",INDIRECT("'"&PARAMS!$D82&"'!B2:B65000")=$C$4)),INDIRECT("'"&PARAMS!$D82&"'!D2:D65000"))))
... C100: =IF(ISBLANK($C$3),IF(OR(PARAMS!H$1="",PARAMS!$D91=""),"",PARAMS!$C91*SUMPRODUCT((INDIRECT("'"&PARAMS!$D91&"'!C2:C65000")>PARAMS!G$1)*((INDIRECT("'"&PARAMS!$D91&"'!C2:C65000")<=PARAMS!H$1))*(OR($C$3="",INDIRECT("'"&PARAMS!$D91&"'!A2:A65000")=$C$3))*(OR($C$4="",INDIRECT("'"&PARAMS!$D91&"'!B2:B65000")=$C$4)),INDIRECT("'"&PARAMS!$D91&"'!D2:D65000"))),IF(OR(PARAMS!H$1="",PARAMS!$D91=""),"",PARAMS!$C91*SUMPRODUCT((INDIRECT("'"&PARAMS!$D91&"'!C2:C65000")>PARAMS!G$1)*((INDIRECT("'"&PARAMS!$D91&"'!C2:C65000")<=PARAMS!H$1))*(INDIRECT("'"&PARAMS!$D91&"'!A2:A65000")=$C$3)*(OR($C$4="",INDIRECT("'"&PARAMS!$D91&"'!B2:B65000")=$C$4)),INDIRECT("'"&PARAMS!$D91&"'!D2:D65000")))) | D100: =IF(ISBLANK($C$3),IF(OR(PARAMS!I$1="",PARAMS!$D91=""),"",PARAMS!$C91*SUMPRODUCT((INDIRECT("'"&PARAMS!$D91&"'!C2:C65000")>PARAMS!H$1)*((INDIRECT("'"&PARAMS!$D91&"'!C2:C65000")<=PARAMS!I$1))*(OR($C$3="",INDIRECT("'"&PARAMS!$D91&"'!A2:A65000")=$C$3))*(OR($C$4="",INDIRECT("'"&PARAMS!$D91&"'!B2:B65000")=$C$4)),INDIRECT("'"&PARAMS!$D91&"'!D2:D65000"))),IF(OR(PARAMS!I$1="",PARAMS!$D91=""),"",PARAMS!$C91*SUMPRODUCT((INDIRECT("'"&PARAMS!$D91&"'!C2:C65000")>PARAMS!H$1)*((INDIRECT("'"&PARAMS!$D91&"'!C2:C65000")<=PARAMS!I$1))*(INDIRECT("'"&PARAMS!$D91&"'!A2:A65000")=$C$3)*(OR($C$4="",INDIRECT("'"&PARAMS!$D91&"'!B2:B65000")=$C$4)),INDIRECT("'"&PARAMS!$D91&"'!D2:D65000")))) | E100: =IF(ISBLANK($C$3),IF(OR(PARAMS!J$1="",PARAMS!$D91=""),"",PARAMS!$C91*SUMPRODUCT((INDIRECT("'"&PARAMS!$D91&"'!C2:C65000")>PARAMS!I$1)*((INDIRECT("'"&PARAMS!$D91&"'!C2:C65000")<=PARAMS!J$1))*(OR($C$3="",INDIRECT("'"&PARAMS!$D91&"'!A2:A65000")=$C$3))*(OR($C$4="",INDIRECT("'"&PARAMS!$D91&"'!B2:B65000")=$C$4)),INDIRECT("'"&PARAMS!$D91&"'!D2:D65000"))),IF(OR(PARAMS!J$1="",PARAMS!$D91=""),"",PARAMS!$C91*SUMPRODUCT((INDIRECT("'"&PARAMS!$D91&"'!C2:C65000")>PARAMS!I$1)*((INDIRECT("'"&PARAMS!$D91&"'!C2:C65000")<=PARAMS!J$1))*(INDIRECT("'"&PARAMS!$D91&"'!A2:A65000")=$C$3)*(OR($C$4="",INDIRECT("'"&PARAMS!$D91&"'!B2:B65000")=$C$4)),INDIRECT("'"&PARAMS!$D91&"'!D2:D65000")))) | F100: =IF(ISBLANK($C$3),IF(OR(PARAMS!K$1="",PARAMS!$D91=""),"",PARAMS!$C91*SUMPRODUCT((INDIRECT("'"&PARAMS!$D91&"'!C2:C65000")>PARAMS!J$1)*((INDIRECT("'"&PARAMS!$D91&"'!C2:C65000")<=PARAMS!K$1))*(OR($C$3="",INDIRECT("'"&PARAMS!$D91&"'!A2:A65000")=$C$3))*(OR($C$4="",INDIRECT("'"&PARAMS!$D91&"'!B2:B65000")=$C$4)),INDIRECT("'"&PARAMS!$D91&"'!D2:D65000"))),IF(OR(PARAMS!K$1="",PARAMS!$D91=""),"",PARAMS!$C91*SUMPRODUCT((INDIRECT("'"&PARAMS!$D91&"'!C2:C65000")>PARAMS!J$1)*((INDIRECT("'"&PARAMS!$D91&"'!C2:C65000")<=PARAMS!K$1))*(INDIRECT("'"&PARAMS!$D91&"'!A2:A65000")=$C$3)*(OR($C$4="",INDIRECT("'"&PARAMS!$D91&"'!B2:B65000")=$C$4)),INDIRECT("'"&PARAMS!$D91&"'!D2:D65000")))) | G100: =IF(ISBLANK($C$3),IF(OR(PARAMS!L$1="",PARAMS!$D91=""),"",PARAMS!$C91*SUMPRODUCT((INDIRECT("'"&PARAMS!$D91&"'!C2:C65000")>PARAMS!K$1)*((INDIRECT("'"&PARAMS!$D91&"'!C2:C65000")<=PARAMS!L$1))*(OR($C$3="",INDIRECT("'"&PARAMS!$D91&"'!A2:A65000")=$C$3))*(OR($C$4="",INDIRECT("'"&PARAMS!$D91&"'!B2:B65000")=$C$4)),INDIRECT("'"&PARAMS!$D91&"'!D2:D65000"))),IF(OR(PARAMS!L$1="",PARAMS!$D91=""),"",PARAMS!$C91*SUMPRODUCT((INDIRECT("'"&PARAMS!$D91&"'!C2:C65000")>PARAMS!K$1)*((INDIRECT("'"&PARAMS!$D91&"'!C2:C65000")<=PARAMS!L$1))*(INDIRECT("'"&PARAMS!$D91&"'!A2:A65000")=$C$3)*(OR($C$4="",INDIRECT("'"&PARAMS!$D91&"'!B2:B65000")=$C$4)),INDIRECT("'"&PARAMS!$D91&"'!D2:D65000")))) | H100: =IF(ISBLANK($C$3),IF(OR(PARAMS!M$1="",PARAMS!$D91=""),"",PARAMS!$C91*SUMPRODUCT((INDIRECT("'"&PARAMS!$D91&"'!C2:C65000")>PARAMS!L$1)*((INDIRECT("'"&PARAMS!$D91&"'!C2:C65000")<=PARAMS!M$1))*(OR($C$3="",INDIRECT("'"&PARAMS!$D91&"'!A2:A65000")=$C$3))*(OR($C$4="",INDIRECT("'"&PARAMS!$D91&"'!B2:B65000")=$C$4)),INDIRECT("'"&PARAMS!$D91&"'!D2:D65000"))),IF(OR(PARAMS!M$1="",PARAMS!$D91=""),"",PARAMS!$C91*SUMPRODUCT((INDIRECT("'"&PARAMS!$D91&"'!C2:C65000")>PARAMS!L$1)*((INDIRECT("'"&PARAMS!$D91&"'!C2:C65000")<=PARAMS!M$1))*(INDIRECT("'"&PARAMS!$D91&"'!A2:A65000")=$C$3)*(OR($C$4="",INDIRECT("'"&PARAMS!$D91&"'!B2:B65000")=$C$4)),INDIRECT("'"&PARAMS!$D91&"'!D2:D65000"))))
G101: =IF(ISBLANK($C$3),IF(OR(PARAMS!L$1="",PARAMS!$D92=""),"",PARAMS!$C92*SUMPRODUCT((INDIRECT("'"&PARAMS!$D92&"'!C2:C65000")>PARAMS!K$1)*((INDIRECT("'"&PARAMS!$D92&"'!C2:C65000")<=PARAMS!L$1))*(OR($C$3="",INDIRECT("'"&PARAMS!$D92&"'!A2:A65000")=$C$3))*(OR($C$4="",INDIRECT("'"&PARAMS!$D92&"'!B2:B65000")=$C$4)),INDIRECT("'"&PARAMS!$D92&"'!D2:D65000"))),IF(OR(PARAMS!L$1="",PARAMS!$D92=""),"",PARAMS!$C92*SUMPRODUCT((INDIRECT("'"&PARAMS!$D92&"'!C2:C65000")>PARAMS!K$1)*((INDIRECT("'"&PARAMS!$D92&"'!C2:C65000")<=PARAMS!L$1))*(INDIRECT("'"&PARAMS!$D92&"'!A2:A65000")=$C$3)*(OR($C$4="",INDIRECT("'"&PARAMS!$D92&"'!B2:B65000")=$C$4)),INDIRECT("'"&PARAMS!$D92&"'!D2:D65000"))))
B65006: TEST
B65007: TEST 2
B65008: TEST 3

Sheet PARAMS
A1: Banques | B1: Etablissements | C1: Sens | D1: Codes lignes | E1: Libellé lignes | F1: Dates | G1: 2 | H1: 43209 | I1: 43216 | J1: 43223 | K1: 43230 | L1: 43237 | M1: 43239
A2: BP | F2: Soldes
A3: BPMCNE | C3: 1 | D3: CDECLI | E3: Commandes client | F3: 15000
A4: BRA | C4: 1 | D4: CDEFIL1 | E4: Commandes filiales - FI
A5: BRADAILL | C5: 1 | D5: CDEFIL2 | E5: Commandes filiales - FIMP | F5: 5000
A6: CACE | C6: 1 | D6: BLCLI | E6: BL client
A7: CACEGBP | C7: 1 | D7: BLFIL | E7: BL filiales -FI | F7: 120000
A8: CACEUSD | C8: 1 | D8: BLFILMP | E8: BL filiales -FIMP | F8: 2000
A9: CIC | C9: 1 | D9: FACCLI | E9: Factures client non comptabilisées | F9: 1000
A10: HSBC | C10: 1 | D10: FACFIL | E10: Factures filiales non comptabilisées | F10: 35000
F11: 10000
C12: 1 | D12: EFFC10 | E12: Règlt. attendus
C13: 1 | D13: EFFB10 | E13: Règlt. attendus par BO
C14: 1 | D14: EFFN10 | E14: Règlt. attendus par Traite NA
C15: 1 | D15: EFFT10 | E15: Règlt. attendus par Traite A
C16: 1 | D16: EFFV10 | E16: Règlt. attendus par Virement
C17: 1 | D17: EFFWAR | E17: Acomptes reçus
C18: 1 | D18: EFFFIL | E18: Règlt. attendus filiales - FI
C19: 1 | D19: EFFFILMP | E19: Règlt. attendus filiales - FIMP
C20: 1 | D20: EFFFILW | E20: Acomptes reçus filiales - FI
C21: 1 | D21: EFFFIMPW | E21: Acomptes reçus filiales - FIMP
C22: 1 | D22: EFFC30 | E22: Règlt. Chèques en portefeuille
C23: 1 | D23: EFFT30 | E23: Règlt. Traites en portefeuille
... C70: -1 | D70: DAILLY1 | E70: CESSION

Sheet CDECLI
A1: Compte bancaire | B1: Etablissement | C1: Échéance | D1: Montant TTC | E1: Référence | F1: Complément Réf.
A2: BP | B2: - | C2: 43185 | E2: 71168 | F2: C
A3: CACE | B3: - | C3: 43165 | D3: -3500 | E3: 70857 | F3: C

Sheet CDEFIL1
A1: Compte bancaire | B1: Etablissement | C1: Échéance | D1: Montant TTC | E1: Référence | F1: Complément Réf. | G1: Code tiers | H1: Nom tiers
H2: =IF(NOT(ISBLANK(G2)),(VLOOKUP(G2,PARAMS!I:J,2,TRUE)),"")
H3: =IF(NOT(ISBLANK(G3)),(VLOOKUP(G3,PARAMS!I:J,2,TRUE)),"")
H4: =IF(NOT(ISBLANK(G4)),(VLOOKUP(G4,PARAMS!I:J,2,TRUE)),"")
H5: =IF(NOT(ISBLANK(G5)),(VLOOKUP(G5,PARAMS!I:J,2,TRUE)),"")
H6: =IF(NOT(ISBLANK(G6)),(VLOOKUP(G6,PARAMS!I:J,2,TRUE)),"")
H7: =IF(NOT(ISBLANK(G7)),(VLOOKUP(G7,PARAMS!I:J,2,TRUE)),"")
H8: =IF(NOT(ISBLANK(G8)),(VLOOKUP(G8,PARAMS!I:J,2,TRUE)),"")
H9: =IF(NOT(ISBLANK(G9)),(VLOOKUP(G9,PARAMS!I:J,2,TRUE)),"")
H10: =IF(NOT(ISBLANK(G10)),(VLOOKUP(G10,PARAMS!I:J,2,TRUE)),"")
H11: =IF(NOT(ISBLANK(G11)),(VLOOKUP(G11,PARAMS!I:J,2,TRUE)),"")
H12: =IF(NOT(ISBLANK(G12)),(VLOOKUP(G12,PARAMS!I:J,2,TRUE)),"")
H13: =IF(NOT(ISBLANK(G13)),(VLOOKUP(G13,PARAMS!I:J,2,TRUE)),"")
... H308: =IF(NOT(ISBLANK(G308)),(VLOOKUP(G308,PARAMS!I:J,2,TRUE)),"")

Sheet CDEFIL2
A1: Compte bancaire | B1: Etablissement | C1: Échéance | D1: Montant TTC | E1: Référence | F1: Complément Réf. | G1: Code tiers | H1: Nom tiers
H2: =IF(NOT(ISBLANK(G2)),(VLOOKUP(G2,PARAMS!I:J,2,TRUE)),"")
H3: =IF(NOT(ISBLANK(G3)),(VLOOKUP(G3,PARAMS!I:J,2,TRUE)),"")
H4: =IF(NOT(ISBLANK(G4)),(VLOOKUP(G4,PARAMS!I:J,2,TRUE)),"")
H5: =IF(NOT(ISBLANK(G5)),(VLOOKUP(G5,PARAMS!I:J,2,TRUE)),"")
H6: =IF(NOT(ISBLANK(G6)),(VLOOKUP(G6,PARAMS!I:J,2,TRUE)),"")
H7: =IF(NOT(ISBLANK(G7)),(VLOOKUP(G7,PARAMS!I:J,2,TRUE)),"")
H8: =IF(NOT(ISBLANK(G8)),(VLOOKUP(G8,PARAMS!I:J,2,TRUE)),"")
H9: =IF(NOT(ISBLANK(G9)),(VLOOKUP(G9,PARAMS!I:J,2,TRUE)),"")
H10: =IF(NOT(ISBLANK(G10)),(VLOOKUP(G10,PARAMS!I:J,2,TRUE)),"")
H11: =IF(NOT(ISBLANK(G11)),(VLOOKUP(G11,PARAMS!I:J,2,TRUE)),"")
H12: =IF(NOT(ISBLANK(G12)),(VLOOKUP(G12,PARAMS!I:J,2,TRUE)),"")
H13: =IF(NOT(ISBLANK(G13)),(VLOOKUP(G13,PARAMS!I:J,2,TRUE)),"")
... H308: =IF(NOT(ISBLANK(G308)),(VLOOKUP(G308,PARAMS!I:J,2,TRUE)),"")

Sheet BLCLI
A1: Compte bancaire | B1: Etablissement | C1: Échéance | D1: Montant TTC | E1: Référence | F1: Complément Réf.
B2: - | C2: 43131 | E2: 77173 | F2: C
A3: BP | B3: - | C3: 43115 | E3: 76957 | F3: C
A4: CACE | B4: - | C4: 43115 | E4: 77101 | F4: C
A5: CACE | B5: - | C5: 43135 | E5: 77204 | F5: C
A6: CACE | B6: - | C6: 43189 | E6: 77760 | F6: C
A7: HSBC | B7: - | C7: 43207 | D7: 6000 | E7: 78647 | F7: C
A8: HSBC | B8: - | C8: 43207 | D8: 4000 | E8: 78648 | F8: C
A9: CACE | B9: - | C9: 43216 | D9: 21000 | E9: 78636 | F9: C
A10: CACE | B10: - | C10: 43216 | D10: 11000 | E10: 78651 | F10: C
A11: CIC | B11: - | C11: 43218 | D11: 1444 | E11: 78671 | F11: C
B12: - | C12: 43230 | E12: 78663 | F12: C
A13: CACE | B13: - | C13: 43230 | D13: 54420 | E13: 78581 | F13: C
A14: HSBC | B14: - | C14: 43237 | D14: 4254 | E14: 78640 | F14: C
A15: CACE | B15: - | C15: 43238 | D15: 4521 | E15: 78657 | F15: C
A16: CACE | B16: - | C16: 43239 | D16: 45312 | E16: 78626 | F16: C
A17: HSBC | B17: - | C17: 43239 | D17: 4141 | E17: 78650 | F17: C
A18: HSBC | B18: - | C18: 43239 | D18: 12.3 | E18: 78669 | F18: C

Sheet BLFIL
A1: Compte bancaire | B1: Etablissement | C1: Échéance | D1: Montant TTC | E1: Référence | F1: Complément Réf. | G1: Code tiers | H1: Nom tiers
H2: =IF(NOT(ISBLANK(G2)),(VLOOKUP(G2,PARAMS!I:J,2,TRUE)),"")
H3: =IF(NOT(ISBLANK(G3)),(VLOOKUP(G3,PARAMS!I:J,2,TRUE)),"")
H4: =IF(NOT(ISBLANK(G4)),(VLOOKUP(G4,PARAMS!I:J,2,TRUE)),"")
H5: =IF(NOT(ISBLANK(G5)),(VLOOKUP(G5,PARAMS!I:J,2,TRUE)),"")
H6: =IF(NOT(ISBLANK(G6)),(VLOOKUP(G6,PARAMS!I:J,2,TRUE)),"")
H7: =IF(NOT(ISBLANK(G7)),(VLOOKUP(G7,PARAMS!I:J,2,TRUE)),"")
H8: =IF(NOT(ISBLANK(G8)),(VLOOKUP(G8,PARAMS!I:J,2,TRUE)),"")
H9: =IF(NOT(ISBLANK(G9)),(VLOOKUP(G9,PARAMS!I:J,2,TRUE)),"")
H10: =IF(NOT(ISBLANK(G10)),(VLOOKUP(G10,PARAMS!I:J,2,TRUE)),"")
H11: =IF(NOT(ISBLANK(G11)),(VLOOKUP(G11,PARAMS!I:J,2,TRUE)),"")
H12: =IF(NOT(ISBLANK(G12)),(VLOOKUP(G12,PARAMS!I:J,2,TRUE)),"")
H13: =IF(NOT(ISBLANK(G13)),(VLOOKUP(G13,PARAMS!I:J,2,TRUE)),"")
... H308: =IF(NOT(ISBLANK(G308)),(VLOOKUP(G308,PARAMS!I:J,2,TRUE)),"")

Sheet BLFILMP
A1: Compte bancaire | B1: Etablissement | C1: Échéance | D1: Montant TTC | E1: Référence | F1: Complément Réf. | G1: Code tiers | H1: Nom tiers
H2: =IF(NOT(ISBLANK(G2)),(VLOOKUP(G2,PARAMS!I:J,2,TRUE)),"")
H3: =IF(NOT(ISBLANK(G3)),(VLOOKUP(G3,PARAMS!I:J,2,TRUE)),"")
H4: =IF(NOT(ISBLANK(G4)),(VLOOKUP(G4,PARAMS!I:J,2,TRUE)),"")
H5: =IF(NOT(ISBLANK(G5)),(VLOOKUP(G5,PARAMS!I:J,2,TRUE)),"")
H6: =IF(NOT(ISBLANK(G6)),(VLOOKUP(G6,PARAMS!I:J,2,TRUE)),"")
H7: =IF(NOT(ISBLANK(G7)),(VLOOKUP(G7,PARAMS!I:J,2,TRUE)),"")
H8: =IF(NOT(ISBLANK(G8)),(VLOOKUP(G8,PARAMS!I:J,2,TRUE)),"")
H9: =IF(NOT(ISBLANK(G9)),(VLOOKUP(G9,PARAMS!I:J,2,TRUE)),"")
H10: =IF(NOT(ISBLANK(G10)),(VLOOKUP(G10,PARAMS!I:J,2,TRUE)),"")
H11: =IF(NOT(ISBLANK(G11)),(VLOOKUP(G11,PARAMS!I:J,2,TRUE)),"")
H12: =IF(NOT(ISBLANK(G12)),(VLOOKUP(G12,PARAMS!I:J,2,TRUE)),"")
H13: =IF(NOT(ISBLANK(G13)),(VLOOKUP(G13,PARAMS!I:J,2,TRUE)),"")
... H308: =IF(NOT(ISBLANK(G308)),(VLOOKUP(G308,PARAMS!I:J,2,TRUE)),"")

Sheet FACCLI
A1: Compte bancaire | B1: Etablissement | C1: Échéance | D1: Montant TTC | E1: Référence | F1: Complément Réf. | G1: Code tiers | H1: Nom tiers
H2: =IF(NOT(ISBLANK(G2)),(VLOOKUP(G2,PARAMS!I:J,2,TRUE)),"")
H3: =IF(NOT(ISBLANK(G3)),(VLOOKUP(G3,PARAMS!I:J,2,TRUE)),"")
H4: =IF(NOT(ISBLANK(G4)),(VLOOKUP(G4,PARAMS!I:J,2,TRUE)),"")
H5: =IF(NOT(ISBLANK(G5)),(VLOOKUP(G5,PARAMS!I:J,2,TRUE)),"")
H6: =IF(NOT(ISBLANK(G6)),(VLOOKUP(G6,PARAMS!I:J,2,TRUE)),"")
H7: =IF(NOT(ISBLANK(G7)),(VLOOKUP(G7,PARAMS!I:J,2,TRUE)),"")
H8: =IF(NOT(ISBLANK(G8)),(VLOOKUP(G8,PARAMS!I:J,2,TRUE)),"")
H9: =IF(NOT(ISBLANK(G9)),(VLOOKUP(G9,PARAMS!I:J,2,TRUE)),"")
H10: =IF(NOT(ISBLANK(G10)),(VLOOKUP(G10,PARAMS!I:J,2,TRUE)),"")
H11: =IF(NOT(ISBLANK(G11)),(VLOOKUP(G11,PARAMS!I:J,2,TRUE)),"")
H12: =IF(NOT(ISBLANK(G12)),(VLOOKUP(G12,PARAMS!I:J,2,TRUE)),"")
H13: =IF(NOT(ISBLANK(G13)),(VLOOKUP(G13,PARAMS!I:J,2,TRUE)),"")
... H308: =IF(NOT(ISBLANK(G308)),(VLOOKUP(G308,PARAMS!I:J,2,TRUE)),"")

Sheet FACFIL
A1: Compte bancaire | B1: Etablissement | C1: Échéance | D1: Montant TTC | E1: Référence | F1: Complément Réf. | G1: Code tiers | H1: Nom tiers
H2: =IF(NOT(ISBLANK(G2)),(VLOOKUP(G2,PARAMS!I:J,2,TRUE)),"")
H3: =IF(NOT(ISBLANK(G3)),(VLOOKUP(G3,PARAMS!I:J,2,TRUE)),"")
H4: =IF(NOT(ISBLANK(G4)),(VLOOKUP(G4,PARAMS!I:J,2,TRUE)),"")
H5: =IF(NOT(ISBLANK(G5)),(VLOOKUP(G5,PARAMS!I:J,2,TRUE)),"")
H6: =IF(NOT(ISBLANK(G6)),(VLOOKUP(G6,PARAMS!I:J,2,TRUE)),"")
H7: =IF(NOT(ISBLANK(G7)),(VLOOKUP(G7,PARAMS!I:J,2,TRUE)),"")
H8: =IF(NOT(ISBLANK(G8)),(VLOOKUP(G8,PARAMS!I:J,2,TRUE)),"")
H9: =IF(NOT(ISBLANK(G9)),(VLOOKUP(G9,PARAMS!I:J,2,TRUE)),"")
H10: =IF(NOT(ISBLANK(G10)),(VLOOKUP(G10,PARAMS!I:J,2,TRUE)),"")
H11: =IF(NOT(ISBLANK(G11)),(VLOOKUP(G11,PARAMS!I:J,2,TRUE)),"")
H12: =IF(NOT(ISBLANK(G12)),(VLOOKUP(G12,PARAMS!I:J,2,TRUE)),"")
H13: =IF(NOT(ISBLANK(G13)),(VLOOKUP(G13,PARAMS!I:J,2,TRUE)),"")
... H308: =IF(NOT(ISBLANK(G308)),(VLOOKUP(G308,PARAMS!I:J,2,TRUE)),"")

Sheet EFFC10
A1: Compte bancaire | B1: Etablissement | C1: Échéance | D1: Montant TTC | E1: Référence | F1: Complément Réf.
B2: - | C2: 43145 | D2: 250 | E2: 122005
B3: - | C3: 43159 | D3: 3500 | E3: 120416
B4: - | C4: 43168 | D4: 574 | E4: 122945
B5: - | C5: 43211 | D5: 35786 | E5: 123791
B6: - | C6: 43220 | D6: 7867 | E6: 123132
B7: - | C7: 43220 | D7: 3129.58 | E7: 123844
B8: - | C8: 43226 | D8: 54645 | E8: 123537
B9: - | C9: 43235 | D9: 4564 | E9: 123982
A10: CACE | B10: - | C10: 43235 | D10: 42323 | E10: 123771

Sheet EFFB10
A1: Compte bancaire | B1: Etablissement | C1: Échéance | D1: Montant TTC | E1: Référence | F1: Complément Réf. | G1: Code tiers | H1: Nom tiers
H2: =IF(NOT(ISBLANK(G2)),(VLOOKUP(G2,PARAMS!I:J,2,TRUE)),"")
H3: =IF(NOT(ISBLANK(G3)),(VLOOKUP(G3,PARAMS!I:J,2,TRUE)),"")
H4: =IF(NOT(ISBLANK(G4)),(VLOOKUP(G4,PARAMS!I:J,2,TRUE)),"")
H5: =IF(NOT(ISBLANK(G5)),(VLOOKUP(G5,PARAMS!I:J,2,TRUE)),"")
H6: =IF(NOT(ISBLANK(G6)),(VLOOKUP(G6,PARAMS!I:J,2,TRUE)),"")
H7: =IF(NOT(ISBLANK(G7)),(VLOOKUP(G7,PARAMS!I:J,2,TRUE)),"")
H8: =IF(NOT(ISBLANK(G8)),(VLOOKUP(G8,PARAMS!I:J,2,TRUE)),"")
H9: =IF(NOT(ISBLANK(G9)),(VLOOKUP(G9,PARAMS!I:J,2,TRUE)),"")
H10: =IF(NOT(ISBLANK(G10)),(VLOOKUP(G10,PARAMS!I:J,2,TRUE)),"")
H11: =IF(NOT(ISBLANK(G11)),(VLOOKUP(G11,PARAMS!I:J,2,TRUE)),"")
H12: =IF(NOT(ISBLANK(G12)),(VLOOKUP(G12,PARAMS!I:J,2,TRUE)),"")
H13: =IF(NOT(ISBLANK(G13)),(VLOOKUP(G13,PARAMS!I:J,2,TRUE)),"")
... H308: =IF(NOT(ISBLANK(G308)),(VLOOKUP(G308,PARAMS!I:J,2,TRUE)),"")

Sheet EFFN10
A1: Compte bancaire | B1: Etablissement | C1: Échéance | D1: Montant TTC | E1: Référence | F1: Complément Réf. | G1: Code tiers | H1: Nom tiers
B2: - | C2: 43205 | D2: 4564 | E2: 121960 | G2: C0054894 | H2: =IF(NOT(ISBLANK(G2)),(VLOOKUP(G2,PARAMS!I:J,2,TRUE)),"") -> #N/A
B3: - | C3: 43232 | D3: 4566 | E3: 123795 | G3: C0056060 | H3: =IF(NOT(ISBLANK(G3)),(VLOOKUP(G3,PARAMS!I:J,2,TRUE)),"") -> #N/A
H4: =IF(NOT(ISBLANK(G4)),(VLOOKUP(G4,PARAMS!I:J,2,TRUE)),"")
H5: =IF(NOT(ISBLANK(G5)),(VLOOKUP(G5,PARAMS!I:J,2,TRUE)),"")
H6: =IF(NOT(ISBLANK(G6)),(VLOOKUP(G6,PARAMS!I:J,2,TRUE)),"")
H7: =IF(NOT(ISBLANK(G7)),(VLOOKUP(G7,PARAMS!I:J,2,TRUE)),"")
H8: =IF(NOT(ISBLANK(G8)),(VLOOKUP(G8,PARAMS!I:J,2,TRUE)),"")
H9: =IF(NOT(ISBLANK(G9)),(VLOOKUP(G9,PARAMS!I:J,2,TRUE)),"")
H10: =IF(NOT(ISBLANK(G10)),(VLOOKUP(G10,PARAMS!I:J,2,TRUE)),"")
H11: =IF(NOT(ISBLANK(G11)),(VLOOKUP(G11,PARAMS!I:J,2,TRUE)),"")
H12: =IF(NOT(ISBLANK(G12)),(VLOOKUP(G12,PARAMS!I:J,2,TRUE)),"")
H13: =IF(NOT(ISBLANK(G13)),(VLOOKUP(G13,PARAMS!I:J,2,TRUE)),"")
H14: =IF(NOT(ISBLANK(G14)),(VLOOKUP(G14,PARAMS!I:J,2,TRUE)),"")
H15: =IF(NOT(ISBLANK(G15)),(VLOOKUP(G15,PARAMS!I:J,2,TRUE)),"")
... H308: =IF(NOT(ISBLANK(G308)),(VLOOKUP(G308,PARAMS!I:J,2,TRUE)),"")

Sheet EFFT10
A1: Compte bancaire | B1: Etablissement | C1: Échéance | D1: Montant TTC | E1: Référence | F1: Complément Réf. | G1: Code tiers | H1: Nom tiers
H2: =IF(NOT(ISBLANK(G2)),(VLOOKUP(G2,PARAMS!I:J,2,TRUE)),"")
H3: =IF(NOT(ISBLANK(G3)),(VLOOKUP(G3,PARAMS!I:J,2,TRUE)),"")
H4: =IF(NOT(ISBLANK(G4)),(VLOOKUP(G4,PARAMS!I:J,2,TRUE)),"")
H5: =IF(NOT(ISBLANK(G5)),(VLOOKUP(G5,PARAMS!I:J,2,TRUE)),"")
H6: =IF(NOT(ISBLANK(G6)),(VLOOKUP(G6,PARAMS!I:J,2,TRUE)),"")
H7: =IF(NOT(ISBLANK(G7)),(VLOOKUP(G7,PARAMS!I:J,2,TRUE)),"")
H8: =IF(NOT(ISBLANK(G8)),(VLOOKUP(G8,PARAMS!I:J,2,TRUE)),"")
H9: =IF(NOT(ISBLANK(G9)),(VLOOKUP(G9,PARAMS!I:J,2,TRUE)),"")
H10: =IF(NOT(ISBLANK(G10)),(VLOOKUP(G10,PARAMS!I:J,2,TRUE)),"")
H11: =IF(NOT(ISBLANK(G11)),(VLOOKUP(G11,PARAMS!I:J,2,TRUE)),"")
H12: =IF(NOT(ISBLANK(G12)),(VLOOKUP(G12,PARAMS!I:J,2,TRUE)),"")
H13: =IF(NOT(ISBLANK(G13)),(VLOOKUP(G13,PARAMS!I:J,2,TRUE)),"")
... H308: =IF(NOT(ISBLANK(G308)),(VLOOKUP(G308,PARAMS!I:J,2,TRUE)),"")

Sheet EFFV10
A1: Compte bancaire | B1: Etablissement | C1: Échéance | D1: Montant TTC | E1: Référence | F1: Complément Réf.
A2: BP | B2: - | C2: 43199 | D2: 456 | E2: 123659
A3: BP | B3: - | C3: 43205 | D3: 7879 | E3: 120909
A4: BPMCNE | B4: - | C4: 43184 | D4: 7897 | E4: 120415
A5: BPMCNE | B5: - | C5: 43206 | D5: 7899 | E5: 121499
A6: BPMCNE | B6: - | C6: 43206 | D6: 978 | E6: 121500
A7: BRADAILL | B7: - | C7: 43205 | D7: 789 | E7: 120980
A8: BRADAILL | B8: - | C8: 43205 | D8: 7989 | E8: 121043
A9: BRADAILL | B9: - | C9: 43205 | D9: 56 | E9: 121764
A10: BRADAILL | B10: - | C10: 43205 | D10: 7889 | E10: 121787
A11: CACE | B11: - | C11: 43153 | D11: 789 | E11: 121675
A12: CACE | B12: - | C12: 43153 | D12: 7899 | E12: 121676
A13: CACE | B13: - | C13: 43173 | D13: 354 | E13: 121323
... A42: HSBC | B42: - | C42: 43211 | D42: 4754 | E42: 122894
B43: - | C43: 43220 | D43: 786 | E43: 122169
A44: BP | B44: - | C44: 43218 | D44: 4567 | E44: 123133
A45: BP | B45: - | C45: 43220 | D45: 456 | E45: 122216
A46: BP | B46: - | C46: 43220 | D46: 456 | E46: 122535
A47: BP | B47: - | C47: 43222 | D47: 145 | E47: 122038
A48: BRA | B48: - | C48: 43217 | D48: 12647 | E48: 121774
A49: BRA | B49: - | C49: 43217 | D49: 7 | E49: 123110
A50: BRADAILL | B50: - | C50: 43217 | D50: 786 | E50: 121777
A51: BRADAILL | B51: - | C51: 43217 | D51: 5678 | E51: 121779
A52: BRADAILL | B52: - | C52: 43217 | D52: 7869 | E52: 121789
A53: BRADAILL | B53: - | C53: 43220 | D53: 768 | E53: 121597
A54: BRADAILL | B54: - | C54: 43220 | D54: 7896 | E54: 121790
A55: BRADAILL | B55: - | C55: 43220 | D55: 69 | E55: 121791
... A173: CACE | B173: - | C173: 43239 | D173: 786 | E173: 123399

Sheet EFFWAR
A1: Compte bancaire | B1: Etablissement | C1: Échéance | D1: Montant TTC | E1: Référence | F1: Complément Réf.
B2: - | C2: 43166 | D2: 4789 | E2: 122149
B3: - | C3: 43172 | D3: 459 | E3: 122426
B4: - | C4: 43173 | D4: 459 | E4: 122509
B5: - | C5: 43180 | D5: 4597 | E5: 122855
B6: - | C6: 43196 | D6: 459 | E6: 123490
B7: - | C7: 43201 | D7: 789 | E7: 123762
B8: - | C8: 43207 | D8: 798 | E8: 124014

Sheet EFFFIL
A1: Compte bancaire | B1: Etablissement | C1: Échéance | D1: Montant TTC | E1: Référence | F1: Complément Réf.
A2: CACE | B2: - | C2: 43220 | D2: 78957 | E2: 122491
B3: - | C3: 43230 | D3: 7597 | E3: 122049
B4: - | C4: 43230 | D4: 789 | E4: 122534
B5: - | C5: 43230 | D5: 789 | E5: 122998
A6: CACE | B6: - | C6: 43230 | D6: 789 | E6: 122537
A7: CACE | B7: - | C7: 43230 | D7: 78965 | E7: 122958
A8: HSBC | B8: - | C8: 43230 | D8: 4596 | E8: 122842
A9: HSBC | B9: - | C9: 43230 | D9: 4597 | E9: 123370

Sheet EFFFILMP
A1: Compte bancaire | B1: Etablissement | C1: Échéance | D1: Montant TTC | E1: Référence | F1: Complément Réf.
A2: CACE | B2: - | C2: 43190 | D2: 7896 | E2: 120948
A3: CACE | B3: - | C3: 43190 | D3: 11241 | E3: 121636
A4: CACEUSD | B4: - | C4: 43146 | D4: 4596 | E4: 118354
A5: CACEUSD | B5: - | C5: 43146 | D5: 7896 | E5: 118355
A6: CACEUSD | B6: - | C6: 43146 | D6: 11241 | E6: 118371
A7: CACEUSD | B7: - | C7: 43146 | D7: 4596 | E7: 118373
A8: CACEUSD | B8: - | C8: 43146 | D8: 7027.16 | E8: 118374
A9: CACEUSD | B9: - | C9: 43146 | D9: 7896 | E9: 118376
A10: CACEUSD | B10: - | C10: 43146 | D10: 11241 | E10: 118713
A11: CACEUSD | B11: - | C11: 43146 | D11: 4596 | E11: 119449
A12: CACEUSD | B12: - | C12: 43174 | D12: 21099.68 | E12: 119627
A13: CACEUSD | B13: - | C13: 43174 | D13: 24926.92 | E13: 120310
... A22: CACEUSD | B22: - | C22: 43205 | D22: 11241 | E22: 121946
B23: - | C23: 43230 | D23: 4596 | E23: 120979
A24: CACEUSD | B24: - | C24: 43235 | D24: 11241 | E24: 122183
A25: CACEUSD | B25: - | C25: 43235 | D25: 4596 | E25: 122224
A26: CACEUSD | B26: - | C26: 43235 | D26: 27496.56 | E26: 122527
A27: CACEUSD | B27: - | C27: 43235 | D27: 7896 | E27: 122767
A28: CACEUSD | B28: - | C28: 43235 | D28: 11241 | E28: 123025
A29: CACEUSD | B29: - | C29: 43235 | D29: 4596 | E29: 123124
A30: CACEUSD | B30: - | C30: 43235 | D30: -5298 | E30: 123129
A31: CACEUSD | B31: - | C31: 43235 | D31: 7896 | E31: 123130

Sheet EFFFILW
A1: Compte bancaire | B1: Etablissement | C1: Échéance | D1: Montant TTC | E1: Référence | F1: Complément Réf. | G1: Code tiers | H1: Nom tiers
H2: =IF(NOT(ISBLANK(G2)),(VLOOKUP(G2,PARAMS!I:J,2,TRUE)),"")
H3: =IF(NOT(ISBLANK(G3)),(VLOOKUP(G3,PARAMS!I:J,2,TRUE)),"")
H4: =IF(NOT(ISBLANK(G4)),(VLOOKUP(G4,PARAMS!I:J,2,TRUE)),"")
H5: =IF(NOT(ISBLANK(G5)),(VLOOKUP(G5,PARAMS!I:J,2,TRUE)),"")
H6: =IF(NOT(ISBLANK(G6)),(VLOOKUP(G6,PARAMS!I:J,2,TRUE)),"")
H7: =IF(NOT(ISBLANK(G7)),(VLOOKUP(G7,PARAMS!I:J,2,TRUE)),"")
H8: =IF(NOT(ISBLANK(G8)),(VLOOKUP(G8,PARAMS!I:J,2,TRUE)),"")
H9: =IF(NOT(ISBLANK(G9)),(VLOOKUP(G9,PARAMS!I:J,2,TRUE)),"")
H10: =IF(NOT(ISBLANK(G10)),(VLOOKUP(G10,PARAMS!I:J,2,TRUE)),"")
H11: =IF(NOT(ISBLANK(G11)),(VLOOKUP(G11,PARAMS!I:J,2,TRUE)),"")
H12: =IF(NOT(ISBLANK(G12)),(VLOOKUP(G12,PARAMS!I:J,2,TRUE)),"")
H13: =IF(NOT(ISBLANK(G13)),(VLOOKUP(G13,PARAMS!I:J,2,TRUE)),"")
... H308: =IF(NOT(ISBLANK(G308)),(VLOOKUP(G308,PARAMS!I:J,2,TRUE)),"")

Sheet EFFFIMPW
A1: Compte bancaire | B1: Etablissement | C1: Échéance | D1: Montant TTC | E1: Référence | F1: Complément Réf.
B2: - | C2: 43131 | D2: 456 | E2: 120585
B3: - | C3: 43207 | D3: 4566 | E3: 124003

Sheet EFFC30
A1: Compte bancaire | B1: Etablissement | C1: Échéance | D1: Montant TTC | E1: Référence | F1: Complément Réf. | G1: Code tiers | H1: Nom tiers
H2: =IF(NOT(ISBLANK(G2)),(VLOOKUP(G2,PARAMS!I:J,2,TRUE)),"")
H3: =IF(NOT(ISBLANK(G3)),(VLOOKUP(G3,PARAMS!I:J,2,TRUE)),"")
H4: =IF(NOT(ISBLANK(G4)),(VLOOKUP(G4,PARAMS!I:J,2,TRUE)),"")
H5: =IF(NOT(ISBLANK(G5)),(VLOOKUP(G5,PARAMS!I:J,2,TRUE)),"")
H6: =IF(NOT(ISBLANK(G6)),(VLOOKUP(G6,PARAMS!I:J,2,TRUE)),"")
H7: =IF(NOT(ISBLANK(G7)),(VLOOKUP(G7,PARAMS!I:J,2,TRUE)),"")
H8: =IF(NOT(ISBLANK(G8)),(VLOOKUP(G8,PARAMS!I:J,2,TRUE)),"")
H9: =IF(NOT(ISBLANK(G9)),(VLOOKUP(G9,PARAMS!I:J,2,TRUE)),"")
H10: =IF(NOT(ISBLANK(G10)),(VLOOKUP(G10,PARAMS!I:J,2,TRUE)),"")
H11: =IF(NOT(ISBLANK(G11)),(VLOOKUP(G11,PARAMS!I:J,2,TRUE)),"")
H12: =IF(NOT(ISBLANK(G12)),(VLOOKUP(G12,PARAMS!I:J,2,TRUE)),"")
H13: =IF(NOT(ISBLANK(G13)),(VLOOKUP(G13,PARAMS!I:J,2,TRUE)),"")
... H308: =IF(NOT(ISBLANK(G308)),(VLOOKUP(G308,PARAMS!I:J,2,TRUE)),"")

Sheet EFFT30
A1: Compte bancaire | B1: Etablissement | C1: Échéance | D1: Montant TTC | E1: Référence | F1: Complément Réf. | G1: Code tiers | H1: Nom tiers
H2: =IF(NOT(ISBLANK(G2)),(VLOOKUP(G2,PARAMS!I:J,2,TRUE)),"")
H3: =IF(NOT(ISBLANK(G3)),(VLOOKUP(G3,PARAMS!I:J,2,TRUE)),"")
H4: =IF(NOT(ISBLANK(G4)),(VLOOKUP(G4,PARAMS!I:J,2,TRUE)),"")
H5: =IF(NOT(ISBLANK(G5)),(VLOOKUP(G5,PARAMS!I:J,2,TRUE)),"")
H6: =IF(NOT(ISBLANK(G6)),(VLOOKUP(G6,PARAMS!I:J,2,TRUE)),"")
H7: =IF(NOT(ISBLANK(G7)),(VLOOKUP(G7,PARAMS!I:J,2,TRUE)),"")
H8: =IF(NOT(ISBLANK(G8)),(VLOOKUP(G8,PARAMS!I:J,2,TRUE)),"")
H9: =IF(NOT(ISBLANK(G9)),(VLOOKUP(G9,PARAMS!I:J,2,TRUE)),"")
H10: =IF(NOT(ISBLANK(G10)),(VLOOKUP(G10,PARAMS!I:J,2,TRUE)),"")
H11: =IF(NOT(ISBLANK(G11)),(VLOOKUP(G11,PARAMS!I:J,2,TRUE)),"")
H12: =IF(NOT(ISBLANK(G12)),(VLOOKUP(G12,PARAMS!I:J,2,TRUE)),"")
H13: =IF(NOT(ISBLANK(G13)),(VLOOKUP(G13,PARAMS!I:J,2,TRUE)),"")
... H308: =IF(NOT(ISBLANK(G308)),(VLOOKUP(G308,PARAMS!I:J,2,TRUE)),"")

Sheet EFFT50
A1: Compte bancaire | B1: Etablissement | C1: Échéance | D1: Montant TTC | E1: Référence | F1: Complément Réf.
A2: CACE | B2: - | C2: 43218 | D2: 7869 | E2: 123645
A3: CACE | B3: - | C3: 43220 | D3: 789 | E3: 123602
A4: CACE | B4: - | C4: 43220 | D4: 45965 | E4: 123606
A5: CACE | B5: - | C5: 43220 | D5: 78979 | E5: 123616
A6: CACE | B6: - | C6: 43220 | D6: 789 | E6: 123618
A7: CACE | B7: - | C7: 43220 | D7: 7899 | E7: 123640
A8: CACE | B8: - | C8: 43220 | D8: 7987 | E8: 123646
A9: CACE | B9: - | C9: 43220 | D9: 497 | E9: 123648
A10: CACE | B10: - | C10: 43220 | D10: 789 | E10: 123649
A11: CACE | B11: - | C11: 43220 | D11: 4569 | E11: 123650

Sheet EFFF50
A1: Compte bancaire | B1: Etablissement | C1: Échéance | D1: Montant TTC | E1: Référence | F1: Complément Réf.
A2: CACEGBP | B2: - | C2: 43200 | D2: 32878.53 | E2: 122312
A3: CACE | B3: - | C3: 43220 | D3: 1587.16 | E3: 123138
A4: CACEGBP | B4: - | C4: 43230 | D4: 30230 | E4: 123769
A5: HSBC | B5: - | C5: 43230 | D5: 10884.86 | E5: 123763

Sheet EFFFMP50
A1: Compte bancaire | B1: Etablissement | C1: Échéance | D1: Montant TTC | E1: Référence | F1: Complément Réf.
A2: CACEUSD | B2: - | C2: 43207 | D2: 789 | E2: 124002

Sheet CDEFOU
A1: Compte bancaire | B1: Etablissement | C1: Échéance | D1: Montant TTC | E1: Référence | F1: Complément Réf.
B2: - | C2: 43131 | E2: 61835 | F2: F
B3: - | C3: 43150 | D3: -421.2 | E3: 63113 | F3: F
B4: - | C4: 43159 | D4: -912.38 | E4: 62253 | F4: F
B5: - | C5: 43164 | D5: -9500 | E5: 63527 | F5: F
B6: - | C6: 43170 | E6: 61978 | F6: F
B7: - | C7: 43174 | D7: -64.37 | E7: 62752 | F7: F
B8: - | C8: 43190 | D8: -4458 | E8: 62961 | F8: F
B9: - | C9: 43190 | D9: -282 | E9: 63435 | F9: F
B10: - | C10: 43195 | D10: -8754 | E10: 63781 | F10: F
B11: - | C11: 43199 | E11: 63216 | F11: F
B12: - | C12: 43199 | D12: -79.08 | E12: 64192 | F12: F
A13: CACE | B13: - | C13: 43190 | D13: -15.6 | E13: 62529 | F13: F
A14: CACE | B14: - | C14: 43205 | D14: -15.6 | E14: 62539 | F14: F
A15: CACE | B15: - | C15: 43205 | D15: -6.19 | E15: 62948 | F15: F
B16: - | C16: 43220 | D16: -6498 | E16: 63082 | F16: F
B17: - | C17: 43220 | D17: -2376 | E17: 63133 | F17: F
B18: - | C18: 43220 | D18: -243 | E18: 63478 | F18: F
B19: - | C19: 43220 | D19: -3356.4 | E19: 63523 | F19: F
B20: - | C20: 43234 | D20: -668.34 | E20: 62360 | F20: F
B21: - | C21: 43235 | D21: -261.96 | E21: 63608 | F21: F
B22: - | C22: 43236 | D22: -3000 | E22: 64181 | F22: F

Sheet CDEFOUF
A1: Compte bancaire | B1: Etablissement | C1: Échéance | D1: Montant TTC | E1: Référence | F1: Complément Réf. | G1: Code tiers | H1: Nom tiers
H2: =IF(NOT(ISBLANK(G2)),(VLOOKUP(G2,PARAMS!I:J,2,TRUE)),"")
H3: =IF(NOT(ISBLANK(G3)),(VLOOKUP(G3,PARAMS!I:J,2,TRUE)),"")
H4: =IF(NOT(ISBLANK(G4)),(VLOOKUP(G4,PARAMS!I:J,2,TRUE)),"")
H5: =IF(NOT(ISBLANK(G5)),(VLOOKUP(G5,PARAMS!I:J,2,TRUE)),"")
H6: =IF(NOT(ISBLANK(G6)),(VLOOKUP(G6,PARAMS!I:J,2,TRUE)),"")
H7: =IF(NOT(ISBLANK(G7)),(VLOOKUP(G7,PARAMS!I:J,2,TRUE)),"")
H8: =IF(NOT(ISBLANK(G8)),(VLOOKUP(G8,PARAMS!I:J,2,TRUE)),"")
H9: =IF(NOT(ISBLANK(G9)),(VLOOKUP(G9,PARAMS!I:J,2,TRUE)),"")
H10: =IF(NOT(ISBLANK(G10)),(VLOOKUP(G10,PARAMS!I:J,2,TRUE)),"")
H11: =IF(NOT(ISBLANK(G11)),(VLOOKUP(G11,PARAMS!I:J,2,TRUE)),"")
H12: =IF(NOT(ISBLANK(G12)),(VLOOKUP(G12,PARAMS!I:J,2,TRUE)),"")
H13: =IF(NOT(ISBLANK(G13)),(VLOOKUP(G13,PARAMS!I:J,2,TRUE)),"")
... H308: =IF(NOT(ISBLANK(G308)),(VLOOKUP(G308,PARAMS!I:J,2,TRUE)),"")

Sheet BLFOU
A1: Compte bancaire | B1: Etablissement | C1: Échéance | D1: Montant TTC | E1: Référence | F1: Complément Réf.
A2: CACE | B2: - | C2: 43235 | D2: 45664 | E2: 67616 | F2: F
A3: CACE | B3: - | C3: 43235 | D3: 456 | E3: 67619 | F3: F
A4: CACE | B4: - | C4: 43235 | D4: 564 | E4: 67620 | F4: F
A5: CACE | B5: - | C5: 43235 | D5: 67877 | E5: 67621 | F5: F
A6: CACE | B6: - | C6: 43235 | D6: 76 | E6: 67740 | F6: F
A7: CACE | B7: - | C7: 43235 | D7: 4567 | E7: 67862 | F7: F

Sheet BLFOUF
A1: Compte bancaire | B1: Etablissement | C1: Échéance | D1: Montant TTC | E1: Référence | F1: Complément Réf.
B2: - | C2: 43110 | E2: 64787 | F2: F
B3: - | C3: 43186 | E3: 67415 | F3: F
B4: - | C4: 43206 | D4: -45645 | E4: 67901 | F4: F

Sheet FACFOU
A1: Compte bancaire | B1: Etablissement | C1: Échéance | D1: Montant TTC | E1: Référence | F1: Complément Réf. | G1: Code tiers | H1: Nom tiers
H2: =IF(NOT(ISBLANK(G2)),(VLOOKUP(G2,PARAMS!I:J,2,TRUE)),"")
H3: =IF(NOT(ISBLANK(G3)),(VLOOKUP(G3,PARAMS!I:J,2,TRUE)),"")
H4: =IF(NOT(ISBLANK(G4)),(VLOOKUP(G4,PARAMS!I:J,2,TRUE)),"")
H5: =IF(NOT(ISBLANK(G5)),(VLOOKUP(G5,PARAMS!I:J,2,TRUE)),"")
H6: =IF(NOT(ISBLANK(G6)),(VLOOKUP(G6,PARAMS!I:J,2,TRUE)),"")
H7: =IF(NOT(ISBLANK(G7)),(VLOOKUP(G7,PARAMS!I:J,2,TRUE)),"")
H8: =IF(NOT(ISBLANK(G8)),(VLOOKUP(G8,PARAMS!I:J,2,TRUE)),"")
H9: =IF(NOT(ISBLANK(G9)),(VLOOKUP(G9,PARAMS!I:J,2,TRUE)),"")
H10: =IF(NOT(ISBLANK(G10)),(VLOOKUP(G10,PARAMS!I:J,2,TRUE)),"")
H11: =IF(NOT(ISBLANK(G11)),(VLOOKUP(G11,PARAMS!I:J,2,TRUE)),"")
H12: =IF(NOT(ISBLANK(G12)),(VLOOKUP(G12,PARAMS!I:J,2,TRUE)),"")
H13: =IF(NOT(ISBLANK(G13)),(VLOOKUP(G13,PARAMS!I:J,2,TRUE)),"")
... H308: =IF(NOT(ISBLANK(G308)),(VLOOKUP(G308,PARAMS!I:J,2,TRUE)),"")

Sheet FACFOUF
A1: Compte bancaire | B1: Etablissement | C1: Échéance | D1: Montant TTC | E1: Référence | F1: Complément Réf. | G1: Code tiers | H1: Nom tiers
H2: =IF(NOT(ISBLANK(G2)),(VLOOKUP(G2,PARAMS!I:J,2,TRUE)),"")
H3: =IF(NOT(ISBLANK(G3)),(VLOOKUP(G3,PARAMS!I:J,2,TRUE)),"")
H4: =IF(NOT(ISBLANK(G4)),(VLOOKUP(G4,PARAMS!I:J,2,TRUE)),"")
H5: =IF(NOT(ISBLANK(G5)),(VLOOKUP(G5,PARAMS!I:J,2,TRUE)),"")
H6: =IF(NOT(ISBLANK(G6)),(VLOOKUP(G6,PARAMS!I:J,2,TRUE)),"")
H7: =IF(NOT(ISBLANK(G7)),(VLOOKUP(G7,PARAMS!I:J,2,TRUE)),"")
H8: =IF(NOT(ISBLANK(G8)),(VLOOKUP(G8,PARAMS!I:J,2,TRUE)),"")
H9: =IF(NOT(ISBLANK(G9)),(VLOOKUP(G9,PARAMS!I:J,2,TRUE)),"")
H10: =IF(NOT(ISBLANK(G10)),(VLOOKUP(G10,PARAMS!I:J,2,TRUE)),"")
H11: =IF(NOT(ISBLANK(G11)),(VLOOKUP(G11,PARAMS!I:J,2,TRUE)),"")
H12: =IF(NOT(ISBLANK(G12)),(VLOOKUP(G12,PARAMS!I:J,2,TRUE)),"")
H13: =IF(NOT(ISBLANK(G13)),(VLOOKUP(G13,PARAMS!I:J,2,TRUE)),"")
... H308: =IF(NOT(ISBLANK(G308)),(VLOOKUP(G308,PARAMS!I:J,2,TRUE)),"")

Sheet EFFFC10
A1: Compte bancaire | B1: Etablissement | C1: Échéance | D1: Montant TTC | E1: Référence | F1: Complément Réf.
B2: - | C2: 43145 | D2: 45 | E2: 122005
B3: - | C3: 43159 | D3: 45676 | E3: 120416
B4: - | C4: 43168 | D4: 456 | E4: 122945
B5: - | C5: 43220 | D5: 123645 | E5: 123844

Sheet EFFFB10
A1: Compte bancaire | B1: Etablissement | C1: Échéance | D1: Montant TTC | E1: Référence | F1: Complément Réf. | G1: Code tiers | H1: Nom tiers
H2: =IF(NOT(ISBLANK(G2)),(VLOOKUP(G2,PARAMS!I:J,2,TRUE)),"")
H3: =IF(NOT(ISBLANK(G3)),(VLOOKUP(G3,PARAMS!I:J,2,TRUE)),"")
H4: =IF(NOT(ISBLANK(G4)),(VLOOKUP(G4,PARAMS!I:J,2,TRUE)),"")
H5: =IF(NOT(ISBLANK(G5)),(VLOOKUP(G5,PARAMS!I:J,2,TRUE)),"")
H6: =IF(NOT(ISBLANK(G6)),(VLOOKUP(G6,PARAMS!I:J,2,TRUE)),"")
H7: =IF(NOT(ISBLANK(G7)),(VLOOKUP(G7,PARAMS!I:J,2,TRUE)),"")
H8: =IF(NOT(ISBLANK(G8)),(VLOOKUP(G8,PARAMS!I:J,2,TRUE)),"")
H9: =IF(NOT(ISBLANK(G9)),(VLOOKUP(G9,PARAMS!I:J,2,TRUE)),"")
H10: =IF(NOT(ISBLANK(G10)),(VLOOKUP(G10,PARAMS!I:J,2,TRUE)),"")
H11: =IF(NOT(ISBLANK(G11)),(VLOOKUP(G11,PARAMS!I:J,2,TRUE)),"")
H12: =IF(NOT(ISBLANK(G12)),(VLOOKUP(G12,PARAMS!I:J,2,TRUE)),"")
H13: =IF(NOT(ISBLANK(G13)),(VLOOKUP(G13,PARAMS!I:J,2,TRUE)),"")
... H308: =IF(NOT(ISBLANK(G308)),(VLOOKUP(G308,PARAMS!I:J,2,TRUE)),"")

Sheet EFFFV10
A1: Compte bancaire | B1: Etablissement | C1: Échéance | D1: Montant TTC | E1: Référence | F1: Complément Réf.
B2: - | C2: 43131 | D2: 4254.29 | E2: 120366
B3: - | C3: 43131 | D3: 5280 | E3: 120996
B4: - | C4: 43159 | D4: 9600 | E4: 122116
A163: CACE | B163: - | C163: 43235 | D163: 753.6 | E163: 124037
A164: CACE | B164: - | C164: 43235 | D164: 1608.4 | E164: 124040
A165: CACE | B165: - | C165: 43235 | D165: 618.24 | E165: 124045
A166: CACE | B166: - | C166: 43235 | D166: 3864 | E166: 124058
A167: CACE | B167: - | C167: 43235 | D167: 3950.86 | E167: 124060
A168: CACE | B168: - | C168: 43235 | D168: 991.45 | E168: 124064
A169: CACE | B169: - | C169: 43235 | D169: 330.48 | E169: 124065
A170: CACE | B170: - | C170: 43235 | D170: 2633.9 | E170: 124066
A171: CACE | B171: - | C171: 43235 | D171: 8691.89 | E171: 124067
A172: CACE | B172: - | C172: 43235 | D172: 8263.92 | E172: 124068
A173: CACE | B173: - | C173: 43235 | D173: 4131.96 | E173: 124069
A174: CACE | B174: - | C174: 43235 | D174: 2752.08 | E174: 124070
... A176: CACE | B176: - | C176: 43235 | D176: 2057.18 | E176: 124072

Sheet EFFFP10
A1: Compte bancaire | B1: Etablissement | C1: Échéance | D1: Montant TTC | E1: Référence | F1: Complément Réf.
B2: - | C2: 43151 | D2: 456 | E2: 121623
B3: - | C3: 43151 | D3: 456456 | E3: 121626
A4: BRA | B4: - | C4: 43159 | D4: 465 | E4: 120795
B5: - | C5: 43220 | D5: 4566 | E5: 122979
B6: - | C6: 43220 | D6: 456456 | E6: 123854
B7: - | C7: 43220 | D7: 45645 | E7: 123855
A8: BRA | B8: - | C8: 43220 | D8: 456 | E8: 122926
A9: BRA | B9: - | C9: 43220 | D9: 456 | E9: 123655

Sheet EFFFCPT
A1: Compte bancaire | B1: Etablissement | C1: Échéance | D1: Montant TTC | E1: Référence | F1: Complément Réf. | G1: Code tiers | H1: Nom tiers
H2: =IF(NOT(ISBLANK(G2)),(VLOOKUP(G2,PARAMS!I:J,2,TRUE)),"")
H3: =IF(NOT(ISBLANK(G3)),(VLOOKUP(G3,PARAMS!I:J,2,TRUE)),"")
H4: =IF(NOT(ISBLANK(G4)),(VLOOKUP(G4,PARAMS!I:J,2,TRUE)),"")
H5: =IF(NOT(ISBLANK(G5)),(VLOOKUP(G5,PARAMS!I:J,2,TRUE)),"")
H6: =IF(NOT(ISBLANK(G6)),(VLOOKUP(G6,PARAMS!I:J,2,TRUE)),"")
H7: =IF(NOT(ISBLANK(G7)),(VLOOKUP(G7,PARAMS!I:J,2,TRUE)),"")
H8: =IF(NOT(ISBLANK(G8)),(VLOOKUP(G8,PARAMS!I:J,2,TRUE)),"")
H9: =IF(NOT(ISBLANK(G9)),(VLOOKUP(G9,PARAMS!I:J,2,TRUE)),"")
H10: =IF(NOT(ISBLANK(G10)),(VLOOKUP(G10,PARAMS!I:J,2,TRUE)),"")
H11: =IF(NOT(ISBLANK(G11)),(VLOOKUP(G11,PARAMS!I:J,2,TRUE)),"")
H12: =IF(NOT(ISBLANK(G12)),(VLOOKUP(G12,PARAMS!I:J,2,TRUE)),"")
H13: =IF(NOT(ISBLANK(G13)),(VLOOKUP(G13,PARAMS!I:J,2,TRUE)),"")
... H308: =IF(NOT(ISBLANK(G308)),(VLOOKUP(G308,PARAMS!I:J,2,TRUE)),"")

Sheet EFFFCPTF
A1: Compte bancaire | B1: Etablissement | C1: Échéance | D1: Montant TTC | E1: Référence | F1: Complément Réf. | G1: Code tiers | H1: Nom tiers
H2: =IF(NOT(ISBLANK(G2)),(VLOOKUP(G2,PARAMS!I:J,2,TRUE)),"")
H3: =IF(NOT(ISBLANK(G3)),(VLOOKUP(G3,PARAMS!I:J,2,TRUE)),"")
H4: =IF(NOT(ISBLANK(G4)),(VLOOKUP(G4,PARAMS!I:J,2,TRUE)),"")
H5: =IF(NOT(ISBLANK(G5)),(VLOOKUP(G5,PARAMS!I:J,2,TRUE)),"")
H6: =IF(NOT(ISBLANK(G6)),(VLOOKUP(G6,PARAMS!I:J,2,TRUE)),"")
H7: =IF(NOT(ISBLANK(G7)),(VLOOKUP(G7,PARAMS!I:J,2,TRUE)),"")
H8: =IF(NOT(ISBLANK(G8)),(VLOOKUP(G8,PARAMS!I:J,2,TRUE)),"")
H9: =IF(NOT(ISBLANK(G9)),(VLOOKUP(G9,PARAMS!I:J,2,TRUE)),"")
H10: =IF(NOT(ISBLANK(G10)),(VLOOKUP(G10,PARAMS!I:J,2,TRUE)),"")
H11: =IF(NOT(ISBLANK(G11)),(VLOOKUP(G11,PARAMS!I:J,2,TRUE)),"")
H12: =IF(NOT(ISBLANK(G12)),(VLOOKUP(G12,PARAMS!I:J,2,TRUE)),"")
H13: =IF(NOT(ISBLANK(G13)),(VLOOKUP(G13,PARAMS!I:J,2,TRUE)),"")
... H308: =IF(NOT(ISBLANK(G308)),(VLOOKUP(G308,PARAMS!I:J,2,TRUE)),"")

Sheet EFFFV30
A1: Compte bancaire | B1: Etablissement | C1: Échéance | D1: Montant TTC | E1: Référence | F1: Complément Réf. | G1: Code tiers | H1: Nom tiers
H2: =IF(NOT(ISBLANK(G2)),(VLOOKUP(G2,PARAMS!I:J,2,TRUE)),"")
H3: =IF(NOT(ISBLANK(G3)),(VLOOKUP(G3,PARAMS!I:J,2,TRUE)),"")
H4: =IF(NOT(ISBLANK(G4)),(VLOOKUP(G4,PARAMS!I:J,2,TRUE)),"")
H5: =IF(NOT(ISBLANK(G5)),(VLOOKUP(G5,PARAMS!I:J,2,TRUE)),"")
H6: =IF(NOT(ISBLANK(G6)),(VLOOKUP(G6,PARAMS!I:J,2,TRUE)),"")
H7: =IF(NOT(ISBLANK(G7)),(VLOOKUP(G7,PARAMS!I:J,2,TRUE)),"")
H8: =IF(NOT(ISBLANK(G8)),(VLOOKUP(G8,PARAMS!I:J,2,TRUE)),"")
H9: =IF(NOT(ISBLANK(G9)),(VLOOKUP(G9,PARAMS!I:J,2,TRUE)),"")
H10: =IF(NOT(ISBLANK(G10)),(VLOOKUP(G10,PARAMS!I:J,2,TRUE)),"")
H11: =IF(NOT(ISBLANK(G11)),(VLOOKUP(G11,PARAMS!I:J,2,TRUE)),"")
H12: =IF(NOT(ISBLANK(G12)),(VLOOKUP(G12,PARAMS!I:J,2,TRUE)),"")
H13: =IF(NOT(ISBLANK(G13)),(VLOOKUP(G13,PARAMS!I:J,2,TRUE)),"")
... H308: =IF(NOT(ISBLANK(G308)),(VLOOKUP(G308,PARAMS!I:J,2,TRUE)),"")

Sheet EFFFFIL
A1: Compte bancaire | B1: Etablissement | C1: Échéance | D1: Montant TTC | E1: Référence | F1: Complément Réf.
B2: - | C2: 43110 | D2: 61274.27 | E2: 118174
B3: - | C3: 43112 | D3: 651.2 | E3: 121316
B4: - | C4: 43141 | D4: 61274.27 | E4: 119543
B5: - | C5: 43159 | D5: 51840 | E5: 122114
B6: - | C6: 43161 | D6: 18552.5 | E6: 123989
B7: - | C7: 43169 | D7: 75615.17 | E7: 121003
B8: - | C8: 43169 | D8: 56337.58 | E8: 121460
B9: - | C9: 43200 | D9: 61274.27 | E9: 122197

Sheet CPTSAL
A1: Compte bancaire | B1: Etablissement | C1: Échéance | D1: Montant TTC | E1: Référence | F1: Complément Réf.
B2: - | C2: 43220 | D2: -150000 | E2: 110623

Sheet CPTURSSA
A1: Compte bancaire | B1: Etablissement | C1: Échéance | D1: Montant TTC | E1: Référence | F1: Complément Réf. | G1: Code tiers | H1: Nom tiers
H2: =IF(NOT(ISBLANK(G2)),(VLOOKUP(G2,PARAMS!I:J,2,TRUE)),"")
H3: =IF(NOT(ISBLANK(G3)),(VLOOKUP(G3,PARAMS!I:J,2,TRUE)),"")
H4: =IF(NOT(ISBLANK(G4)),(VLOOKUP(G4,PARAMS!I:J,2,TRUE)),"")
H5: =IF(NOT(ISBLANK(G5)),(VLOOKUP(G5,PARAMS!I:J,2,TRUE)),"")
H6: =IF(NOT(ISBLANK(G6)),(VLOOKUP(G6,PARAMS!I:J,2,TRUE)),"")
H7: =IF(NOT(ISBLANK(G7)),(VLOOKUP(G7,PARAMS!I:J,2,TRUE)),"")
H8: =IF(NOT(ISBLANK(G8)),(VLOOKUP(G8,PARAMS!I:J,2,TRUE)),"")
H9: =IF(NOT(ISBLANK(G9)),(VLOOKUP(G9,PARAMS!I:J,2,TRUE)),"")
H10: =IF(NOT(ISBLANK(G10)),(VLOOKUP(G10,PARAMS!I:J,2,TRUE)),"")
H11: =IF(NOT(ISBLANK(G11)),(VLOOKUP(G11,PARAMS!I:J,2,TRUE)),"")
H12: =IF(NOT(ISBLANK(G12)),(VLOOKUP(G12,PARAMS!I:J,2,TRUE)),"")
H13: =IF(NOT(ISBLANK(G13)),(VLOOKUP(G13,PARAMS!I:J,2,TRUE)),"")
... H308: =IF(NOT(ISBLANK(G308)),(VLOOKUP(G308,PARAMS!I:J,2,TRUE)),"")

Sheet CPTRETR
A1: Compte bancaire | B1: Etablissement | C1: Échéance | D1: Montant TTC | E1: Référence | F1: Complément Réf.
B2: - | C2: 43220 | D2: 28961 | E2: 109822

Sheet CPTTVA
A1: Compte bancaire | B1: Etablissement | C1: Échéance | D1: Montant TTC | E1: Référence | F1: Complément Réf. | G1: Code tiers | H1: Nom tiers
H2: =IF(NOT(ISBLANK(G2)),(VLOOKUP(G2,PARAMS!I:J,2,TRUE)),"")
H3: =IF(NOT(ISBLANK(G3)),(VLOOKUP(G3,PARAMS!I:J,2,TRUE)),"")
H4: =IF(NOT(ISBLANK(G4)),(VLOOKUP(G4,PARAMS!I:J,2,TRUE)),"")
H5: =IF(NOT(ISBLANK(G5)),(VLOOKUP(G5,PARAMS!I:J,2,TRUE)),"")
H6: =IF(NOT(ISBLANK(G6)),(VLOOKUP(G6,PARAMS!I:J,2,TRUE)),"")
H7: =IF(NOT(ISBLANK(G7)),(VLOOKUP(G7,PARAMS!I:J,2,TRUE)),"")
H8: =IF(NOT(ISBLANK(G8)),(VLOOKUP(G8,PARAMS!I:J,2,TRUE)),"")
H9: =IF(NOT(ISBLANK(G9)),(VLOOKUP(G9,PARAMS!I:J,2,TRUE)),"")
H10: =IF(NOT(ISBLANK(G10)),(VLOOKUP(G10,PARAMS!I:J,2,TRUE)),"")
H11: =IF(NOT(ISBLANK(G11)),(VLOOKUP(G11,PARAMS!I:J,2,TRUE)),"")
H12: =IF(NOT(ISBLANK(G12)),(VLOOKUP(G12,PARAMS!I:J,2,TRUE)),"")
H13: =IF(NOT(ISBLANK(G13)),(VLOOKUP(G13,PARAMS!I:J,2,TRUE)),"")
... H308: =IF(NOT(ISBLANK(G308)),(VLOOKUP(G308,PARAMS!I:J,2,TRUE)),"")

Sheet CPTCFE
A1: Compte bancaire | B1: Etablissement | C1: Échéance | D1: Montant TTC | E1: Référence | F1: Complément Réf. | G1: Code tiers | H1: Nom tiers
H2: =IF(NOT(ISBLANK(G2)),(VLOOKUP(G2,PARAMS!I:J,2,TRUE)),"")
H3: =IF(NOT(ISBLANK(G3)),(VLOOKUP(G3,PARAMS!I:J,2,TRUE)),"")
H4: =IF(NOT(ISBLANK(G4)),(VLOOKUP(G4,PARAMS!I:J,2,TRUE)),"")
H5: =IF(NOT(ISBLANK(G5)),(VLOOKUP(G5,PARAMS!I:J,2,TRUE)),"")
H6: =IF(NOT(ISBLANK(G6)),(VLOOKUP(G6,PARAMS!I:J,2,TRUE)),"")
H7: =IF(NOT(ISBLANK(G7)),(VLOOKUP(G7,PARAMS!I:J,2,TRUE)),"")
H8: =IF(NOT(ISBLANK(G8)),(VLOOKUP(G8,PARAMS!I:J,2,TRUE)),"")
H9: =IF(NOT(ISBLANK(G9)),(VLOOKUP(G9,PARAMS!I:J,2,TRUE)),"")
H10: =IF(NOT(ISBLANK(G10)),(VLOOKUP(G10,PARAMS!I:J,2,TRUE)),"")
H11: =IF(NOT(ISBLANK(G11)),(VLOOKUP(G11,PARAMS!I:J,2,TRUE)),"")
H12: =IF(NOT(ISBLANK(G12)),(VLOOKUP(G12,PARAMS!I:J,2,TRUE)),"")
H13: =IF(NOT(ISBLANK(G13)),(VLOOKUP(G13,PARAMS!I:J,2,TRUE)),"")
... H308: =IF(NOT(ISBLANK(G308)),(VLOOKUP(G308,PARAMS!I:J,2,TRUE)),"")

Sheet CPTIS
A1: Compte bancaire | B1: Etablissement | C1: Échéance | D1: Montant TTC | E1: Référence | F1: Complément Réf. | G1: Code tiers | H1: Nom tiers
H2: =IF(NOT(ISBLANK(G2)),(VLOOKUP(G2,PARAMS!I:J,2,TRUE)),"")
H3: =IF(NOT(ISBLANK(G3)),(VLOOKUP(G3,PARAMS!I:J,2,TRUE)),"")
H4: =IF(NOT(ISBLANK(G4)),(VLOOKUP(G4,PARAMS!I:J,2,TRUE)),"")
H5: =IF(NOT(ISBLANK(G5)),(VLOOKUP(G5,PARAMS!I:J,2,TRUE)),"")
H6: =IF(NOT(ISBLANK(G6)),(VLOOKUP(G6,PARAMS!I:J,2,TRUE)),"")
H7: =IF(NOT(ISBLANK(G7)),(VLOOKUP(G7,PARAMS!I:J,2,TRUE)),"")
H8: =IF(NOT(ISBLANK(G8)),(VLOOKUP(G8,PARAMS!I:J,2,TRUE)),"")
H9: =IF(NOT(ISBLANK(G9)),(VLOOKUP(G9,PARAMS!I:J,2,TRUE)),"")
H10: =IF(NOT(ISBLANK(G10)),(VLOOKUP(G10,PARAMS!I:J,2,TRUE)),"")
H11: =IF(NOT(ISBLANK(G11)),(VLOOKUP(G11,PARAMS!I:J,2,TRUE)),"")
H12: =IF(NOT(ISBLANK(G12)),(VLOOKUP(G12,PARAMS!I:J,2,TRUE)),"")
H13: =IF(NOT(ISBLANK(G13)),(VLOOKUP(G13,PARAMS!I:J,2,TRUE)),"")
... H308: =IF(NOT(ISBLANK(G308)),(VLOOKUP(G308,PARAMS!I:J,2,TRUE)),"")

Sheet CPTTVS
A1: Compte bancaire | B1: Etablissement | C1: Échéance | D1: Montant TTC | E1: Référence | F1: Complément Réf. | G1: Code tiers | H1: Nom tiers
H2: =IF(NOT(ISBLANK(G2)),(VLOOKUP(G2,PARAMS!I:J,2,TRUE)),"")
H3: =IF(NOT(ISBLANK(G3)),(VLOOKUP(G3,PARAMS!I:J,2,TRUE)),"")
H4: =IF(NOT(ISBLANK(G4)),(VLOOKUP(G4,PARAMS!I:J,2,TRUE)),"")
H5: =IF(NOT(ISBLANK(G5)),(VLOOKUP(G5,PARAMS!I:J,2,TRUE)),"")
H6: =IF(NOT(ISBLANK(G6)),(VLOOKUP(G6,PARAMS!I:J,2,TRUE)),"")
H7: =IF(NOT(ISBLANK(G7)),(VLOOKUP(G7,PARAMS!I:J,2,TRUE)),"")
H8: =IF(NOT(ISBLANK(G8)),(VLOOKUP(G8,PARAMS!I:J,2,TRUE)),"")
H9: =IF(NOT(ISBLANK(G9)),(VLOOKUP(G9,PARAMS!I:J,2,TRUE)),"")
H10: =IF(NOT(ISBLANK(G10)),(VLOOKUP(G10,PARAMS!I:J,2,TRUE)),"")
H11: =IF(NOT(ISBLANK(G11)),(VLOOKUP(G11,PARAMS!I:J,2,TRUE)),"")
H12: =IF(NOT(ISBLANK(G12)),(VLOOKUP(G12,PARAMS!I:J,2,TRUE)),"")
H13: =IF(NOT(ISBLANK(G13)),(VLOOKUP(G13,PARAMS!I:J,2,TRUE)),"")
... H308: =IF(NOT(ISBLANK(G308)),(VLOOKUP(G308,PARAMS!I:J,2,TRUE)),"")

Sheet CPTEMPCR
A1: Compte bancaire | B1: Etablissement | C1: Échéance | D1: Montant TTC | E1: Référence | F1: Complément Réf. | G1: Code tiers | H1: Nom tiers
H2: =IF(NOT(ISBLANK(G2)),(VLOOKUP(G2,PARAMS!I:J,2,TRUE)),"")
H3: =IF(NOT(ISBLANK(G3)),(VLOOKUP(G3,PARAMS!I:J,2,TRUE)),"")
H4: =IF(NOT(ISBLANK(G4)),(VLOOKUP(G4,PARAMS!I:J,2,TRUE)),"")
H5: =IF(NOT(ISBLANK(G5)),(VLOOKUP(G5,PARAMS!I:J,2,TRUE)),"")
H6: =IF(NOT(ISBLANK(G6)),(VLOOKUP(G6,PARAMS!I:J,2,TRUE)),"")
H7: =IF(NOT(ISBLANK(G7)),(VLOOKUP(G7,PARAMS!I:J,2,TRUE)),"")
H8: =IF(NOT(ISBLANK(G8)),(VLOOKUP(G8,PARAMS!I:J,2,TRUE)),"")
H9: =IF(NOT(ISBLANK(G9)),(VLOOKUP(G9,PARAMS!I:J,2,TRUE)),"")
H10: =IF(NOT(ISBLANK(G10)),(VLOOKUP(G10,PARAMS!I:J,2,TRUE)),"")
H11: =IF(NOT(ISBLANK(G11)),(VLOOKUP(G11,PARAMS!I:J,2,TRUE)),"")
H12: =IF(NOT(ISBLANK(G12)),(VLOOKUP(G12,PARAMS!I:J,2,TRUE)),"")
H13: =IF(NOT(ISBLANK(G13)),(VLOOKUP(G13,PARAMS!I:J,2,TRUE)),"")
... H308: =IF(NOT(ISBLANK(G308)),(VLOOKUP(G308,PARAMS!I:J,2,TRUE)),"")

Sheet CPTEMPCI
A1: Compte bancaire | B1: Etablissement | C1: Échéance | D1: Montant TTC | E1: Référence | F1: Complément Réf. | G1: Code tiers | H1: Nom tiers
B2: - | C2: 43225 | D2: 4982.2 | E2: 107865 | G2: 16465000 | H2: =IF(NOT(ISBLANK(G2)),(VLOOKUP(G2,PARAMS!I:J,2,TRUE)),"") -> #N/A
H3: =IF(NOT(ISBLANK(G3)),(VLOOKUP(G3,PARAMS!I:J,2,TRUE)),"")
H4: =IF(NOT(ISBLANK(G4)),(VLOOKUP(G4,PARAMS!I:J,2,TRUE)),"")
H5: =IF(NOT(ISBLANK(G5)),(VLOOKUP(G5,PARAMS!I:J,2,TRUE)),"")
H6: =IF(NOT(ISBLANK(G6)),(VLOOKUP(G6,PARAMS!I:J,2,TRUE)),"")
H7: =IF(NOT(ISBLANK(G7)),(VLOOKUP(G7,PARAMS!I:J,2,TRUE)),"")
H8: =IF(NOT(ISBLANK(G8)),(VLOOKUP(G8,PARAMS!I:J,2,TRUE)),"")
H9: =IF(NOT(ISBLANK(G9)),(VLOOKUP(G9,PARAMS!I:J,2,TRUE)),"")
H10: =IF(NOT(ISBLANK(G10)),(VLOOKUP(G10,PARAMS!I:J,2,TRUE)),"")
H11: =IF(NOT(ISBLANK(G11)),(VLOOKUP(G11,PARAMS!I:J,2,TRUE)),"")
H12: =IF(NOT(ISBLANK(G12)),(VLOOKUP(G12,PARAMS!I:J,2,TRUE)),"")
H13: =IF(NOT(ISBLANK(G13)),(VLOOKUP(G13,PARAMS!I:J,2,TRUE)),"")
H14: =IF(NOT(ISBLANK(G14)),(VLOOKUP(G14,PARAMS!I:J,2,TRUE)),"")
... H308: =IF(NOT(ISBLANK(G308)),(VLOOKUP(G308,PARAMS!I:J,2,TRUE)),"")

Sheet CPTEMPBP
A1: Compte bancaire | B1: Etablissement | C1: Échéance | D1: Montant TTC | E1: Référence | F1: Complément Réf.
B2: - | C2: 43230 | D2: 1337.98 | E2: 107869
B3: - | C3: 43237 | D3: 429.23 | E3: 107872

Sheet CPTEMPHS
A1: Compte bancaire | B1: Etablissement | C1: Échéance | D1: Montant TTC | E1: Référence | F1: Complément Réf.
B2: - | C2: 43220 | D2: 18000 | E2: 106080
B3: - | C3: 43225 | D3: 326.21 | E3: 107844
B4: - | C4: 43225 | D4: 940.87 | E4: 107849
B5: - | C5: 43225 | D5: 340.26 | E5: 107852

Sheet CPTEMPBR
A1: Compte bancaire | B1: Etablissement | C1: Échéance | D1: Montant TTC | E1: Référence | F1: Complément Réf. | G1: Code tiers | H1: Nom tiers
B2: - | C2: 43222 | D2: 2521.75 | E2: 107862 | G2: 16489100 | H2: =IF(NOT(ISBLANK(G2)),(VLOOKUP(G2,PARAMS!I:J,2,TRUE)),"") -> #N/A
H3: =IF(NOT(ISBLANK(G3)),(VLOOKUP(G3,PARAMS!I:J,2,TRUE)),"")
H4: =IF(NOT(ISBLANK(G4)),(VLOOKUP(G4,PARAMS!I:J,2,TRUE)),"")
H5: =IF(NOT(ISBLANK(G5)),(VLOOKUP(G5,PARAMS!I:J,2,TRUE)),"")
H6: =IF(NOT(ISBLANK(G6)),(VLOOKUP(G6,PARAMS!I:J,2,TRUE)),"")
H7: =IF(NOT(ISBLANK(G7)),(VLOOKUP(G7,PARAMS!I:J,2,TRUE)),"")
H8: =IF(NOT(ISBLANK(G8)),(VLOOKUP(G8,PARAMS!I:J,2,TRUE)),"")
H9: =IF(NOT(ISBLANK(G9)),(VLOOKUP(G9,PARAMS!I:J,2,TRUE)),"")
H10: =IF(NOT(ISBLANK(G10)),(VLOOKUP(G10,PARAMS!I:J,2,TRUE)),"")
H11: =IF(NOT(ISBLANK(G11)),(VLOOKUP(G11,PARAMS!I:J,2,TRUE)),"")
H12: =IF(NOT(ISBLANK(G12)),(VLOOKUP(G12,PARAMS!I:J,2,TRUE)),"")
H13: =IF(NOT(ISBLANK(G13)),(VLOOKUP(G13,PARAMS!I:J,2,TRUE)),"")
H14: =IF(NOT(ISBLANK(G14)),(VLOOKUP(G14,PARAMS!I:J,2,TRUE)),"")
... H308: =IF(NOT(ISBLANK(G308)),(VLOOKUP(G308,PARAMS!I:J,2,TRUE)),"")

Sheet CPTLOYER
A1: Compte bancaire | B1: Etablissement | C1: Échéance | D1: Montant TTC | E1: Référence | F1: Complément Réf. | G1: Code tiers | H1: Nom tiers
H2: =IF(NOT(ISBLANK(G2)),(VLOOKUP(G2,PARAMS!I:J,2,TRUE)),"")
H3: =IF(NOT(ISBLANK(G3)),(VLOOKUP(G3,PARAMS!I:J,2,TRUE)),"")
H4: =IF(NOT(ISBLANK(G4)),(VLOOKUP(G4,PARAMS!I:J,2,TRUE)),"")
H5: =IF(NOT(ISBLANK(G5)),(VLOOKUP(G5,PARAMS!I:J,2,TRUE)),"")
H6: =IF(NOT(ISBLANK(G6)),(VLOOKUP(G6,PARAMS!I:J,2,TRUE)),"")
H7: =IF(NOT(ISBLANK(G7)),(VLOOKUP(G7,PARAMS!I:J,2,TRUE)),"")
H8: =IF(NOT(ISBLANK(G8)),(VLOOKUP(G8,PARAMS!I:J,2,TRUE)),"")
H9: =IF(NOT(ISBLANK(G9)),(VLOOKUP(G9,PARAMS!I:J,2,TRUE)),"")
H10: =IF(NOT(ISBLANK(G10)),(VLOOKUP(G10,PARAMS!I:J,2,TRUE)),"")
H11: =IF(NOT(ISBLANK(G11)),(VLOOKUP(G11,PARAMS!I:J,2,TRUE)),"")
H12: =IF(NOT(ISBLANK(G12)),(VLOOKUP(G12,PARAMS!I:J,2,TRUE)),"")
H13: =IF(NOT(ISBLANK(G13)),(VLOOKUP(G13,PARAMS!I:J,2,TRUE)),"")
... H308: =IF(NOT(ISBLANK(G308)),(VLOOKUP(G308,PARAMS!I:J,2,TRUE)),"")

Sheet CPTPCF
A1: Compte bancaire | B1: Etablissement | C1: Échéance | D1: Montant TTC | E1: Référence | F1: Complément Réf. | G1: Code tiers | H1: Nom tiers
H2: =IF(NOT(ISBLANK(G2)),(VLOOKUP(G2,PARAMS!I:J,2,TRUE)),"")
H3: =IF(NOT(ISBLANK(G3)),(VLOOKUP(G3,PARAMS!I:J,2,TRUE)),"")
H4: =IF(NOT(ISBLANK(G4)),(VLOOKUP(G4,PARAMS!I:J,2,TRUE)),"")
H5: =IF(NOT(ISBLANK(G5)),(VLOOKUP(G5,PARAMS!I:J,2,TRUE)),"")
H6: =IF(NOT(ISBLANK(G6)),(VLOOKUP(G6,PARAMS!I:J,2,TRUE)),"")
H7: =IF(NOT(ISBLANK(G7)),(VLOOKUP(G7,PARAMS!I:J,2,TRUE)),"")
H8: =IF(NOT(ISBLANK(G8)),(VLOOKUP(G8,PARAMS!I:J,2,TRUE)),"")
H9: =IF(NOT(ISBLANK(G9)),(VLOOKUP(G9,PARAMS!I:J,2,TRUE)),"")
H10: =IF(NOT(ISBLANK(G10)),(VLOOKUP(G10,PARAMS!I:J,2,TRUE)),"")
H11: =IF(NOT(ISBLANK(G11)),(VLOOKUP(G11,PARAMS!I:J,2,TRUE)),"")
H12: =IF(NOT(ISBLANK(G12)),(VLOOKUP(G12,PARAMS!I:J,2,TRUE)),"")
H13: =IF(NOT(ISBLANK(G13)),(VLOOKUP(G13,PARAMS!I:J,2,TRUE)),"")
... H308: =IF(NOT(ISBLANK(G308)),(VLOOKUP(G308,PARAMS!I:J,2,TRUE)),"")

Sheet CPTCB
A1: Compte bancaire | B1: Etablissement | C1: Échéance | D1: Montant TTC | E1: Référence | F1: Complément Réf. | G1: Code tiers | H1: Nom tiers
H2: =IF(NOT(ISBLANK(G2)),(VLOOKUP(G2,PARAMS!I:J,2,TRUE)),"")
H3: =IF(NOT(ISBLANK(G3)),(VLOOKUP(G3,PARAMS!I:J,2,TRUE)),"")
H4: =IF(NOT(ISBLANK(G4)),(VLOOKUP(G4,PARAMS!I:J,2,TRUE)),"")
H5: =IF(NOT(ISBLANK(G5)),(VLOOKUP(G5,PARAMS!I:J,2,TRUE)),"")
H6: =IF(NOT(ISBLANK(G6)),(VLOOKUP(G6,PARAMS!I:J,2,TRUE)),"")
H7: =IF(NOT(ISBLANK(G7)),(VLOOKUP(G7,PARAMS!I:J,2,TRUE)),"")
H8: =IF(NOT(ISBLANK(G8)),(VLOOKUP(G8,PARAMS!I:J,2,TRUE)),"")
H9: =IF(NOT(ISBLANK(G9)),(VLOOKUP(G9,PARAMS!I:J,2,TRUE)),"")
H10: =IF(NOT(ISBLANK(G10)),(VLOOKUP(G10,PARAMS!I:J,2,TRUE)),"")
H11: =IF(NOT(ISBLANK(G11)),(VLOOKUP(G11,PARAMS!I:J,2,TRUE)),"")
H12: =IF(NOT(ISBLANK(G12)),(VLOOKUP(G12,PARAMS!I:J,2,TRUE)),"")
H13: =IF(NOT(ISBLANK(G13)),(VLOOKUP(G13,PARAMS!I:J,2,TRUE)),"")
... H308: =IF(NOT(ISBLANK(G308)),(VLOOKUP(G308,PARAMS!I:J,2,TRUE)),"")

Sheet CPTCE
A1: Compte bancaire | B1: Etablissement | C1: Échéance | D1: Montant TTC | E1: Référence | F1: Complément Réf. | G1: Code tiers | H1: Nom tiers
H2: =IF(NOT(ISBLANK(G2)),(VLOOKUP(G2,PARAMS!I:J,2,TRUE)),"")
H3: =IF(NOT(ISBLANK(G3)),(VLOOKUP(G3,PARAMS!I:J,2,TRUE)),"")
H4: =IF(NOT(ISBLANK(G4)),(VLOOKUP(G4,PARAMS!I:J,2,TRUE)),"")
H5: =IF(NOT(ISBLANK(G5)),(VLOOKUP(G5,PARAMS!I:J,2,TRUE)),"")
H6: =IF(NOT(ISBLANK(G6)),(VLOOKUP(G6,PARAMS!I:J,2,TRUE)),"")
H7: =IF(NOT(ISBLANK(G7)),(VLOOKUP(G7,PARAMS!I:J,2,TRUE)),"")
H8: =IF(NOT(ISBLANK(G8)),(VLOOKUP(G8,PARAMS!I:J,2,TRUE)),"")
H9: =IF(NOT(ISBLANK(G9)),(VLOOKUP(G9,PARAMS!I:J,2,TRUE)),"")
H10: =IF(NOT(ISBLANK(G10)),(VLOOKUP(G10,PARAMS!I:J,2,TRUE)),"")
H11: =IF(NOT(ISBLANK(G11)),(VLOOKUP(G11,PARAMS!I:J,2,TRUE)),"")
H12: =IF(NOT(ISBLANK(G12)),(VLOOKUP(G12,PARAMS!I:J,2,TRUE)),"")
H13: =IF(NOT(ISBLANK(G13)),(VLOOKUP(G13,PARAMS!I:J,2,TRUE)),"")
... H308: =IF(NOT(ISBLANK(G308)),(VLOOKUP(G308,PARAMS!I:J,2,TRUE)),"")

Sheet CPTACTFO
A1: Compte bancaire | B1: Etablissement | C1: Échéance | D1: Montant TTC | E1: Référence | F1: Complément Réf. | G1: Code tiers | H1: Nom tiers
H2: =IF(NOT(ISBLANK(G2)),(VLOOKUP(G2,PARAMS!I:J,2,TRUE)),"")
H3: =IF(NOT(ISBLANK(G3)),(VLOOKUP(G3,PARAMS!I:J,2,TRUE)),"")
H4: =IF(NOT(ISBLANK(G4)),(VLOOKUP(G4,PARAMS!I:J,2,TRUE)),"")
H5: =IF(NOT(ISBLANK(G5)),(VLOOKUP(G5,PARAMS!I:J,2,TRUE)),"")
H6: =IF(NOT(ISBLANK(G6)),(VLOOKUP(G6,PARAMS!I:J,2,TRUE)),"")
H7: =IF(NOT(ISBLANK(G7)),(VLOOKUP(G7,PARAMS!I:J,2,TRUE)),"")
H8: =IF(NOT(ISBLANK(G8)),(VLOOKUP(G8,PARAMS!I:J,2,TRUE)),"")
H9: =IF(NOT(ISBLANK(G9)),(VLOOKUP(G9,PARAMS!I:J,2,TRUE)),"")
H10: =IF(NOT(ISBLANK(G10)),(VLOOKUP(G10,PARAMS!I:J,2,TRUE)),"")
H11: =IF(NOT(ISBLANK(G11)),(VLOOKUP(G11,PARAMS!I:J,2,TRUE)),"")
H12: =IF(NOT(ISBLANK(G12)),(VLOOKUP(G12,PARAMS!I:J,2,TRUE)),"")
H13: =IF(NOT(ISBLANK(G13)),(VLOOKUP(G13,PARAMS!I:J,2,TRUE)),"")
... H308: =IF(NOT(ISBLANK(G308)),(VLOOKUP(G308,PARAMS!I:J,2,TRUE)),"")

Sheet CPTEDF
A1: Compte bancaire | B1: Etablissement | C1: Échéance | D1: Montant TTC | E1: Référence | F1: Complément Réf. | G1: Code tiers | H1: Nom tiers
H2: =IF(NOT(ISBLANK(G2)),(VLOOKUP(G2,PARAMS!I:J,2,TRUE)),"")
H3: =IF(NOT(ISBLANK(G3)),(VLOOKUP(G3,PARAMS!I:J,2,TRUE)),"")
H4: =IF(NOT(ISBLANK(G4)),(VLOOKUP(G4,PARAMS!I:J,2,TRUE)),"")
H5: =IF(NOT(ISBLANK(G5)),(VLOOKUP(G5,PARAMS!I:J,2,TRUE)),"")
H6: =IF(NOT(ISBLANK(G6)),(VLOOKUP(G6,PARAMS!I:J,2,TRUE)),"")
H7: =IF(NOT(ISBLANK(G7)),(VLOOKUP(G7,PARAMS!I:J,2,TRUE)),"")
H8: =IF(NOT(ISBLANK(G8)),(VLOOKUP(G8,PARAMS!I:J,2,TRUE)),"")
H9: =IF(NOT(ISBLANK(G9)),(VLOOKUP(G9,PARAMS!I:J,2,TRUE)),"")
H10: =IF(NOT(ISBLANK(G10)),(VLOOKUP(G10,PARAMS!I:J,2,TRUE)),"")
H11: =IF(NOT(ISBLANK(G11)),(VLOOKUP(G11,PARAMS!I:J,2,TRUE)),"")
H12: =IF(NOT(ISBLANK(G12)),(VLOOKUP(G12,PARAMS!I:J,2,TRUE)),"")
H13: =IF(NOT(ISBLANK(G13)),(VLOOKUP(G13,PARAMS!I:J,2,TRUE)),"")
... H308: =IF(NOT(ISBLANK(G308)),(VLOOKUP(G308,PARAMS!I:J,2,TRUE)),"")

Sheet CPTLAPOS
A1: Compte bancaire | B1: Etablissement | C1: Échéance | D1: Montant TTC | E1: Référence | F1: Complément Réf. | G1: Code tiers | H1: Nom tiers
H2: =IF(NOT(ISBLANK(G2)),(VLOOKUP(G2,PARAMS!I:J,2,TRUE)),"")
H3: =IF(NOT(ISBLANK(G3)),(VLOOKUP(G3,PARAMS!I:J,2,TRUE)),"")
H4: =IF(NOT(ISBLANK(G4)),(VLOOKUP(G4,PARAMS!I:J,2,TRUE)),"")
H5: =IF(NOT(ISBLANK(G5)),(VLOOKUP(G5,PARAMS!I:J,2,TRUE)),"")
H6: =IF(NOT(ISBLANK(G6)),(VLOOKUP(G6,PARAMS!I:J,2,TRUE)),"")
H7: =IF(NOT(ISBLANK(G7)),(VLOOKUP(G7,PARAMS!I:J,2,TRUE)),"")
H8: =IF(NOT(ISBLANK(G8)),(VLOOKUP(G8,PARAMS!I:J,2,TRUE)),"")
H9: =IF(NOT(ISBLANK(G9)),(VLOOKUP(G9,PARAMS!I:J,2,TRUE)),"")
H10: =IF(NOT(ISBLANK(G10)),(VLOOKUP(G10,PARAMS!I:J,2,TRUE)),"")
H11: =IF(NOT(ISBLANK(G11)),(VLOOKUP(G11,PARAMS!I:J,2,TRUE)),"")
H12: =IF(NOT(ISBLANK(G12)),(VLOOKUP(G12,PARAMS!I:J,2,TRUE)),"")
H13: =IF(NOT(ISBLANK(G13)),(VLOOKUP(G13,PARAMS!I:J,2,TRUE)),"")
... H308: =IF(NOT(ISBLANK(G308)),(VLOOKUP(G308,PARAMS!I:J,2,TRUE)),"")

Sheet CPTEULER
A1: Compte bancaire | B1: Etablissement | C1: Échéance | D1: Montant TTC | E1: Référence | F1: Complément Réf. | G1: Code tiers | H1: Nom tiers
H2: =IF(NOT(ISBLANK(G2)),(VLOOKUP(G2,PARAMS!I:J,2,TRUE)),"")
H3: =IF(NOT(ISBLANK(G3)),(VLOOKUP(G3,PARAMS!I:J,2,TRUE)),"")
H4: =IF(NOT(ISBLANK(G4)),(VLOOKUP(G4,PARAMS!I:J,2,TRUE)),"")
H5: =IF(NOT(ISBLANK(G5)),(VLOOKUP(G5,PARAMS!I:J,2,TRUE)),"")
H6: =IF(NOT(ISBLANK(G6)),(VLOOKUP(G6,PARAMS!I:J,2,TRUE)),"")
H7: =IF(NOT(ISBLANK(G7)),(VLOOKUP(G7,PARAMS!I:J,2,TRUE)),"")
H8: =IF(NOT(ISBLANK(G8)),(VLOOKUP(G8,PARAMS!I:J,2,TRUE)),"")
H9: =IF(NOT(ISBLANK(G9)),(VLOOKUP(G9,PARAMS!I:J,2,TRUE)),"")
H10: =IF(NOT(ISBLANK(G10)),(VLOOKUP(G10,PARAMS!I:J,2,TRUE)),"")
H11: =IF(NOT(ISBLANK(G11)),(VLOOKUP(G11,PARAMS!I:J,2,TRUE)),"")
H12: =IF(NOT(ISBLANK(G12)),(VLOOKUP(G12,PARAMS!I:J,2,TRUE)),"")
H13: =IF(NOT(ISBLANK(G13)),(VLOOKUP(G13,PARAMS!I:J,2,TRUE)),"")
... H308: =IF(NOT(ISBLANK(G308)),(VLOOKUP(G308,PARAMS!I:J,2,TRUE)),"")

Sheet CPTCBAIL
A1: Compte bancaire | B1: Etablissement | C1: Échéance | D1: Montant TTC | E1: Référence | F1: Complément Réf. | G1: Code tiers | H1: Nom tiers
H2: =IF(NOT(ISBLANK(G2)),(VLOOKUP(G2,PARAMS!I:J,2,TRUE)),"")
H3: =IF(NOT(ISBLANK(G3)),(VLOOKUP(G3,PARAMS!I:J,2,TRUE)),"")
H4: =IF(NOT(ISBLANK(G4)),(VLOOKUP(G4,PARAMS!I:J,2,TRUE)),"")
H5: =IF(NOT(ISBLANK(G5)),(VLOOKUP(G5,PARAMS!I:J,2,TRUE)),"")
H6: =IF(NOT(ISBLANK(G6)),(VLOOKUP(G6,PARAMS!I:J,2,TRUE)),"")
H7: =IF(NOT(ISBLANK(G7)),(VLOOKUP(G7,PARAMS!I:J,2,TRUE)),"")
H8: =IF(NOT(ISBLANK(G8)),(VLOOKUP(G8,PARAMS!I:J,2,TRUE)),"")
H9: =IF(NOT(ISBLANK(G9)),(VLOOKUP(G9,PARAMS!I:J,2,TRUE)),"")
H10: =IF(NOT(ISBLANK(G10)),(VLOOKUP(G10,PARAMS!I:J,2,TRUE)),"")
H11: =IF(NOT(ISBLANK(G11)),(VLOOKUP(G11,PARAMS!I:J,2,TRUE)),"")
H12: =IF(NOT(ISBLANK(G12)),(VLOOKUP(G12,PARAMS!I:J,2,TRUE)),"")
H13: =IF(NOT(ISBLANK(G13)),(VLOOKUP(G13,PARAMS!I:J,2,TRUE)),"")
... H308: =IF(NOT(ISBLANK(G308)),(VLOOKUP(G308,PARAMS!I:J,2,TRUE)),"")

Sheet Feuil1

Sheet CPTBRESI
A1: Compte bancaire | B1: Etablissement | C1: Échéance | D1: Montant TTC | E1: Référence | F1: Complément Réf. | G1: Code tiers | H1: Nom tiers
H2: =IF(NOT(ISBLANK(G2)),(VLOOKUP(G2,PARAMS!I:J,2,TRUE)),"")
H3: =IF(NOT(ISBLANK(G3)),(VLOOKUP(G3,PARAMS!I:J,2,TRUE)),"")
H4: =IF(NOT(ISBLANK(G4)),(VLOOKUP(G4,PARAMS!I:J,2,TRUE)),"")
H5: =IF(NOT(ISBLANK(G5)),(VLOOKUP(G5,PARAMS!I:J,2,TRUE)),"")
H6: =IF(NOT(ISBLANK(G6)),(VLOOKUP(G6,PARAMS!I:J,2,TRUE)),"")
H7: =IF(NOT(ISBLANK(G7)),(VLOOKUP(G7,PARAMS!I:J,2,TRUE)),"")
H8: =IF(NOT(ISBLANK(G8)),(VLOOKUP(G8,PARAMS!I:J,2,TRUE)),"")
H9: =IF(NOT(ISBLANK(G9)),(VLOOKUP(G9,PARAMS!I:J,2,TRUE)),"")
H10: =IF(NOT(ISBLANK(G10)),(VLOOKUP(G10,PARAMS!I:J,2,TRUE)),"")
H11: =IF(NOT(ISBLANK(G11)),(VLOOKUP(G11,PARAMS!I:J,2,TRUE)),"")
H12: =IF(NOT(ISBLANK(G12)),(VLOOKUP(G12,PARAMS!I:J,2,TRUE)),"")
H13: =IF(NOT(ISBLANK(G13)),(VLOOKUP(G13,PARAMS!I:J,2,TRUE)),"")
... H308: =IF(NOT(ISBLANK(G308)),(VLOOKUP(G308,PARAMS!I:J,2,TRUE)),"")

Sheet CPTCHINE
A1: Compte bancaire | B1: Etablissement | C1: Échéance | D1: Montant TTC | E1: Référence | F1: Complément Réf. | G1: Code tiers | H1: Nom tiers
H2: =IF(NOT(ISBLANK(G2)),(VLOOKUP(G2,PARAMS!I:J,2,TRUE)),"")
H3: =IF(NOT(ISBLANK(G3)),(VLOOKUP(G3,PARAMS!I:J,2,TRUE)),"")
H4: =IF(NOT(ISBLANK(G4)),(VLOOKUP(G4,PARAMS!I:J,2,TRUE)),"")
H5: =IF(NOT(ISBLANK(G5)),(VLOOKUP(G5,PARAMS!I:J,2,TRUE)),"")
H6: =IF(NOT(ISBLANK(G6)),(VLOOKUP(G6,PARAMS!I:J,2,TRUE)),"")
H7: =IF(NOT(ISBLANK(G7)),(VLOOKUP(G7,PARAMS!I:J,2,TRUE)),"")
H8: =IF(NOT(ISBLANK(G8)),(VLOOKUP(G8,PARAMS!I:J,2,TRUE)),"")
H9: =IF(NOT(ISBLANK(G9)),(VLOOKUP(G9,PARAMS!I:J,2,TRUE)),"")
H10: =IF(NOT(ISBLANK(G10)),(VLOOKUP(G10,PARAMS!I:J,2,TRUE)),"")
H11: =IF(NOT(ISBLANK(G11)),(VLOOKUP(G11,PARAMS!I:J,2,TRUE)),"")
H12: =IF(NOT(ISBLANK(G12)),(VLOOKUP(G12,PARAMS!I:J,2,TRUE)),"")
H13: =IF(NOT(ISBLANK(G13)),(VLOOKUP(G13,PARAMS!I:J,2,TRUE)),"")
... H308: =IF(NOT(ISBLANK(G308)),(VLOOKUP(G308,PARAMS!I:J,2,TRUE)),"")

Sheet CPTINDE
A1: Compte bancaire | B1: Etablissement | C1: Échéance | D1: Montant TTC | E1: Référence | F1: Complément Réf. | G1: Code tiers | H1: Nom tiers
H2: =IF(NOT(ISBLANK(G2)),(VLOOKUP(G2,PARAMS!I:J,2,TRUE)),"")
H3: =IF(NOT(ISBLANK(G3)),(VLOOKUP(G3,PARAMS!I:J,2,TRUE)),"")
H4: =IF(NOT(ISBLANK(G4)),(VLOOKUP(G4,PARAMS!I:J,2,TRUE)),"")
H5: =IF(NOT(ISBLANK(G5)),(VLOOKUP(G5,PARAMS!I:J,2,TRUE)),"")
H6: =IF(NOT(ISBLANK(G6)),(VLOOKUP(G6,PARAMS!I:J,2,TRUE)),"")
H7: =IF(NOT(ISBLANK(G7)),(VLOOKUP(G7,PARAMS!I:J,2,TRUE)),"")
H8: =IF(NOT(ISBLANK(G8)),(VLOOKUP(G8,PARAMS!I:J,2,TRUE)),"")
H9: =IF(NOT(ISBLANK(G9)),(VLOOKUP(G9,PARAMS!I:J,2,TRUE)),"")
H10: =IF(NOT(ISBLANK(G10)),(VLOOKUP(G10,PARAMS!I:J,2,TRUE)),"")
H11: =IF(NOT(ISBLANK(G11)),(VLOOKUP(G11,PARAMS!I:J,2,TRUE)),"")
H12: =IF(NOT(ISBLANK(G12)),(VLOOKUP(G12,PARAMS!I:J,2,TRUE)),"")
H13: =IF(NOT(ISBLANK(G13)),(VLOOKUP(G13,PARAMS!I:J,2,TRUE)),"")
... H308: =IF(NOT(ISBLANK(G308)),(VLOOKUP(G308,PARAMS!I:J,2,TRUE)),"")

Sheet DAILLY1
A1: Compte bancaire | B1: Etablissement | C1: Échéance | D1: Montant TTC | E1: Référence | F1: Complément Réf.
A2: BPMCNE | B2: - | C2: 43184 | D2: 19626.72 | E2: 120415
A3: BPMCNE | B3: - | C3: 43206 | D3: 13352 | E3: 121499
A4: BPMCNE | B4: - | C4: 43206 | D4: 5842 | E4: 121500
A5: BRADAILL | B5: - | C5: 43205 | D5: 20884 | E5: 121787
A6: BRADAILL | B6: - | C6: 43210 | D6: 13651.2 | E6: 121788
A7: BRADAILL | B7: - | C7: 43217 | D7: 10314 | E7: 121789
A8: BRADAILL | B8: - | C8: 43220 | D8: 17755.2 | E8: 121790
A9: BRADAILL | B9: - | C9: 43220 | D9: 18477.29 | E9: 121791
A10: BRADAILL | B10: - | C10: 43220 | D10: 25003.2 | E10: 123168
A11: BRADAILL | B11: - | C11: 43220 | D11: 11427.84 | E11: 123169
A12: BRADAILL | B12: - | C12: 43220 | D12: 24122.4 | E12: 123170
A13: CACE | B13: - | C13: 43220 | D13: 20651 | E13: 121992
... A38: CIC | B38: - | C38: 43235 | D38: 19123.2 | E38: 123189
